Workbook

Sheet Context
A1: Context
A3: entity
A4: identifier | B4: entityCode
A5: scheme | B5: http://www.idx.co.id/xbrl
A7: period
A8: startDate | B8: 40544
A9: endDate | B9: 40816
A10: instant | B10: 40816
A11: startDate | B11: 40179
A12: endDate | B12: 40543
A13: instant | B13: 40543
A14: startDate | B14: 40179
A15: endDate | B15: 40451
A16: instant | B16: 40451
A17: instant | B17: 40178
A19: CurrentYearDuration
A20: entity
A21: identifier | B21: entityCode
A22: scheme | B22: http://www.idx.co.id/xbrl
A23: period
A24: startDate | B24: 40544
A25: endDate | B25: 40816
A27: CurrentYearInstant
A28: entity
A29: identifier | B29: entityCode
A30: scheme | B30: http://www.idx.co.id/xbrl
A31: period
A32: instant | B32: 40816
A34: PriorEndYearDuration
A35: entity
A36: identifier | B36: entityCode
A37: scheme | B37: http://www.idx.co.id/xbrl
A38: period
A39: startDate | B39: 40179
A40: endDate | B40: 40543
A42: PriorEndYearInstant
A43: entity
A44: identifier | B44: entityCode
A45: scheme | B45: http://www.idx.co.id/xbrl
A46: period
A47: instant | B47: 40543
A49: PriorYearDuration
A50: entity
A51: identifier | B51: entityCode
A52: scheme | B52: http://www.idx.co.id/xbrl
A53: period
A54: startDate | B54: 40179
A55: endDate | B55: 40451
A57: PriorYearInstant
A58: entity
A59: identifier | B59: entityCode
A60: scheme | B60: http://www.idx.co.id/xbrl
A61: period
A62: instant | B62: 40451
A64: Prior2YearsInstant
A65: entity
A66: identifier | B66: entityCode
A67: scheme | B67: http://www.idx.co.id/xbrl
A68: period
A69: instant | B69: 40178

Sheet InlineXBRL
A1: Inline XBRL file names | B1: Worksheet names
A2: 1000000.html | B2: 1000000

Sheet GENERAL INFO
A1: Informasi umum
A3: Period | C3: 2026-03-31 | D3: 2026-06-30
A4: Informasi umum
A5: Nama entitas | C5: PT Super Bank Indonesia Tbk | D5: PT Super Bank Indonesia Tbk
A6: Penjelasan perubahan nama dari akhir periode laporan sebelumnya
A7: Kode entitas | C7: SUPA | D7: SUPA
A8: Nomor identifikasi entitas | C8: AB303 | D8: AB303
A9: Industri utama entitas | C9: Keuangan dan Syariah / Financial and Sharia | D9: Keuangan dan Syariah / Financial and Sharia
A10: Standar akutansi yang dipilih | C10: PSAK | D10: PSAK
A11: Sektor | C11: G. Financials | D11: G. Financials
A12: Subsektor | C12: G1. Banks | D12: G1. Banks
A13: Industri | C13: G11. Banks | D13: G11. Banks
A14: Subindustri | C14: G111. Banks | D14: G111. Banks
A15: Informasi pemegang saham pengendali | C15: National and Foreign Corporation | D15: National Corporation
A16: Jenis entitas | C16: Local Company - Indonesia Jurisdiction | D16: Local Company - Indonesia Jurisdiction
A17: Jenis efek yang dicatatkan | C17: Saham / Stock | D17: Saham / Stock
A18: Jenis papan perdagangan tempat entitas tercatat | C18: Pengembangan / Development | D18: Pengembangan / Development
... A20: Periode penyampaian laporan keuangan | C20: Kuartal I / First Quarter | D20: Kuartal II / Second Quarter
A21: Tanggal Surat Pernyataan Direksi | D21: 2026-07-28
A22: Tanggal awal periode berjalan | C22: 2026-01-01 | D22: 2026-01-01
A23: Tanggal akhir periode berjalan | C23: 2026-03-31 | D23: 2026-06-30
A24: Tanggal akhir tahun sebelumnya | C24: 2025-12-31 | D24: 2025-12-31
A25: Tanggal awal periode sebelumnya | C25: 2025-01-01 | D25: 2025-01-01
A26: Tanggal akhir periode sebelumnya | C26: 2025-03-31 | D26: 2025-06-30
A27: Tanggal akhir 2 tahun sebelumnya | C27: 2024-12-31 | D27: 2024-12-31
A28: Mata uang pelaporan | C28: Rupiah / IDR | D28: Rupiah / IDR
A29: Kurs konversi pada tanggal pelaporan jika mata uang penyajian selain rupiah
A30: Pembulatan yang digunakan dalam penyajian jumlah dalam laporan keuangan | C30: Jutaan / In Million | D30: Jutaan / In Million
A31: Jenis laporan atas laporan keuangan | C31: Tidak Diaudit / Unaudit | D31: Tidak Diaudit / Unaudit
A32: Jenis opini auditor
A33: Hal yang diungkapkan dalam paragraf pendapat untuk penekanan atas suatu masalah atau paragraf penjelasan lainnya, jika ada
A34: Hasil penugasan review
A35: Opini Hal Audit Utama
A36: Jumlah Hal Audit Utama
A37: Paragraf Hal Audit Utama
A38: Tanggal laporan audit atau hasil laporan review
A39: Auditor tahun berjalan
A40: Nama partner audit tahun berjalan
A41: Lama tahun penugasan partner yang menandatangani
A42: Auditor tahun sebelumnya
A43: Nama partner audit tahun sebelumnya
A44: Kepatuhan terhadap pemenuhan peraturan OJK Nomor: 75/POJK.04/2017 tentang Tanggung Jawab Direksi Atas Laporan Keuangan | C44: Ya / Yes | D44: Ya / Yes
A45: Kepatuhan terhadap pemenuhan independensi akuntan yang memberikan jasa audit di pasar modal sesuai dengan POJK Nomor 13/POJK.03/2017 tentang Penggunaan Jasa Akuntan Publik dalam Kegiatan Jasa Keuangan | C45: Ya / Yes | D45: Ya / Yes

Sheet BALANCE SHEET
A1: Laporan posisi keuangan
A3: Period | C3: 2025-03-31 | D3: 2025-06-30 | E3: 2026-03-31 | F3: 2026-06-30
A4: Laporan posisi keuangan
A5: Aset
A6: Kas | C6: 0.217 | D6: 0.217 | E6: 0.222 | F6: 0.102
A7: Dana yang dibatasi penggunaannya | C7: 0 | D7: 0 | E7: 0
A8: Giro pada Bank Indonesia | C8: 389.295 | D8: 389.295 | E8: 1025.36 | F8: 867.754
A9: Giro pada bank lain | C9: =C10+C11-C12 | D9: =D10+D11-D12 | E9: =E10+E11-E12 | F9: =F10+F11-F12 | G9: =G10+G11-G12 | H9: =H10+H11-H12 | I9: =I10+I11-I12 | J9: =J10+J11-J12 | ... AM9: =AM10+AM11-AM12
A10: Giro pada bank lain pihak ketiga | C10: 59.644 | D10: 59.644 | E10: 45.998 | F10: 47.379
A11: Giro pada bank lain pihak berelasi | C11: 0 | D11: 0 | E11: 0
A12: Cadangan kerugian penurunan nilai pada giro pada bank lain | C12: 0 | D12: 0 | E12: 0
A13: Penempatan pada Bank Indonesia dan bank lain | C13: =C14+C15-C16 | D13: =D14+D15-D16 | E13: =E14+E15-E16 | F13: =F14+F15-F16 | G13: =G14+G15-G16 | H13: =H14+H15-H16 | I13: =I14+I15-I16 | J13: =J14+J15-J16 | ... AM13: =AM14+AM15-AM16
A14: Penempatan pada Bank Indonesia dan bank lain pihak ketiga | C14: 1808.594 | D14: 1808.594 | E14: 158.587 | F14: 900
A15: Penempatan pada Bank Indonesia dan bank lain pihak berelasi | C15: 0 | D15: 0 | E15: 0
A16: Cadangan kerugian penurunan nilai pada penempatan pada bank lain | C16: 0 | D16: 0 | E16: 0
A17: Total Cash | C17: =C6+C8+C9+C13 | D17: =D6+D8+D9+D13 | E17: =E6+E8+E9+E13 | F17: =F6+F8+F9+F13 | G17: =G6+G8+G9+G13 | H17: =H6+H8+H9+H13 | I17: =I6+I8+I9+I13 | J17: =J6+J8+J9+J13 | ... AM17: =AM6+AM8+AM9+AM13
A18: Expense from IS | C18: =IFERROR(HLOOKUP(C3,'INCOME STATEMENT'!$C$3:$AH$256, 82, FALSE), 0) + IFERROR(HLOOKUP(C3,'INCOME STATEMENT'!$C$3:$AH$256, 84, FALSE), 0) + IFERROR(HLOOKUP(C3,'INCOME STATEMENT'!$C$3:$AH$256, 85, FALSE), 0) + IFERROR(HLOOKUP(C3,'INCOME STATEMENT'!$C$3:$AH$256, 86, FALSE), 0) + IFERROR(HLOOKUP(C3,'INCOME STATEMENT'!$C$3:$AH$256, 75, FALSE), 0) | D18: =IFERROR(HLOOKUP(D3,'INCOME STATEMENT'!$C$3:$AH$256, 82, FALSE), 0) + IFERROR(HLOOKUP(D3,'INCOME STATEMENT'!$C$3:$AH$256, 84, FALSE), 0) + IFERROR(HLOOKUP(D3,'INCOME STATEMENT'!$C$3:$AH$256, 85, FALSE), 0) + IFERROR(HLOOKUP(D3,'INCOME STATEMENT'!$C$3:$AH$256, 86, FALSE), 0) + IFERROR(HLOOKUP(D3,'INCOME STATEMENT'!$C$3:$AH$256, 75, FALSE), 0) | E18: =IFERROR(HLOOKUP(E3,'INCOME STATEMENT'!$C$3:$AH$256, 82, FALSE), 0) + IFERROR(HLOOKUP(E3,'INCOME STATEMENT'!$C$3:$AH$256, 84, FALSE), 0) + IFERROR(HLOOKUP(E3,'INCOME STATEMENT'!$C$3:$AH$256, 85, FALSE), 0) + IFERROR(HLOOKUP(E3,'INCOME STATEMENT'!$C$3:$AH$256, 86, FALSE), 0) + IFERROR(HLOOKUP(E3,'INCOME STATEMENT'!$C$3:$AH$256, 75, FALSE), 0) | F18: =IFERROR(HLOOKUP(F3,'INCOME STATEMENT'!$C$3:$AH$256, 82, FALSE), 0) + IFERROR(HLOOKUP(F3,'INCOME STATEMENT'!$C$3:$AH$256, 84, FALSE), 0) + IFERROR(HLOOKUP(F3,'INCOME STATEMENT'!$C$3:$AH$256, 85, FALSE), 0) + IFERROR(HLOOKUP(F3,'INCOME STATEMENT'!$C$3:$AH$256, 86, FALSE), 0) + IFERROR(HLOOKUP(F3,'INCOME STATEMENT'!$C$3:$AH$256, 75, FALSE), 0) | G18: =IFERROR(HLOOKUP(G3,'INCOME STATEMENT'!$C$3:$AH$256, 82, FALSE), 0) + IFERROR(HLOOKUP(G3,'INCOME STATEMENT'!$C$3:$AH$256, 84, FALSE), 0) + IFERROR(HLOOKUP(G3,'INCOME STATEMENT'!$C$3:$AH$256, 85, FALSE), 0) + IFERROR(HLOOKUP(G3,'INCOME STATEMENT'!$C$3:$AH$256, 86, FALSE), 0) + IFERROR(HLOOKUP(G3,'INCOME STATEMENT'!$C$3:$AH$256, 75, FALSE), 0) | H18: =IFERROR(HLOOKUP(H3,'INCOME STATEMENT'!$C$3:$AH$256, 82, FALSE), 0) + IFERROR(HLOOKUP(H3,'INCOME STATEMENT'!$C$3:$AH$256, 84, FALSE), 0) + IFERROR(HLOOKUP(H3,'INCOME STATEMENT'!$C$3:$AH$256, 85, FALSE), 0) + IFERROR(HLOOKUP(H3,'INCOME STATEMENT'!$C$3:$AH$256, 86, FALSE), 0) + IFERROR(HLOOKUP(H3,'INCOME STATEMENT'!$C$3:$AH$256, 75, FALSE), 0) | I18: =IFERROR(HLOOKUP(I3,'INCOME STATEMENT'!$C$3:$AH$256, 82, FALSE), 0) + IFERROR(HLOOKUP(I3,'INCOME STATEMENT'!$C$3:$AH$256, 84, FALSE), 0) + IFERROR(HLOOKUP(I3,'INCOME STATEMENT'!$C$3:$AH$256, 85, FALSE), 0) + IFERROR(HLOOKUP(I3,'INCOME STATEMENT'!$C$3:$AH$256, 86, FALSE), 0) + IFERROR(HLOOKUP(I3,'INCOME STATEMENT'!$C$3:$AH$256, 75, FALSE), 0) | J18: =IFERROR(HLOOKUP(J3,'INCOME STATEMENT'!$C$3:$AH$256, 82, FALSE), 0) + IFERROR(HLOOKUP(J3,'INCOME STATEMENT'!$C$3:$AH$256, 84, FALSE), 0) + IFERROR(HLOOKUP(J3,'INCOME STATEMENT'!$C$3:$AH$256, 85, FALSE), 0) + IFERROR(HLOOKUP(J3,'INCOME STATEMENT'!$C$3:$AH$256, 86, FALSE), 0) + IFERROR(HLOOKUP(J3,'INCOME STATEMENT'!$C$3:$AH$256, 75, FALSE), 0) | ... AM18: =IFERROR(HLOOKUP(AM3,'INCOME STATEMENT'!$C$3:$AH$256, 82, FALSE), 0) + IFERROR(HLOOKUP(AM3,'INCOME STATEMENT'!$C$3:$AH$256, 84, FALSE), 0) + IFERROR(HLOOKUP(AM3,'INCOME STATEMENT'!$C$3:$AH$256, 85, FALSE), 0) + IFERROR(HLOOKUP(AM3,'INCOME STATEMENT'!$C$3:$AH$256, 86, FALSE), 0) + IFERROR(HLOOKUP(AM3,'INCOME STATEMENT'!$C$3:$AH$256, 75, FALSE), 0)
A19: Cash Buffer (Days) | C19: =IFERROR(C17/((C18/365)), 0) | D19: =IFERROR(D17/((D18/365)), 0) | E19: =IFERROR(E17/((E18/365)), 0) | F19: =IFERROR(F17/((F18/365)), 0) | G19: =IFERROR(G17/((G18/365)), 0) | H19: =IFERROR(H17/((H18/365)), 0) | I19: =IFERROR(I17/((I18/365)), 0) | J19: =IFERROR(J17/((J18/365)), 0) | ... AM19: =IFERROR(AM17/((AM18/365)), 0)
A20: Cash to Deposit (%) | C20: =IFERROR(C17/C135, 0) | D20: =IFERROR(D17/D135, 0) | E20: =IFERROR(E17/E135, 0) | F20: =IFERROR(F17/F135, 0) | G20: =IFERROR(G17/G135, 0) | H20: =IFERROR(H17/H135, 0) | I20: =IFERROR(I17/I135, 0) | J20: =IFERROR(J17/J135, 0) | ... AM20: =IFERROR(AM17/AM135, 0)
A21: Piutang asuransi | C21: =C22+C23-C24 | D21: =D22+D23-D24 | E21: =E22+E23-E24 | F21: =F22+F23-F24 | G21: =G22+G23-G24 | H21: =H22+H23-H24 | I21: =I22+I23-I24 | J21: =J22+J23-J24 | ... AM21: =AM22+AM23-AM24
A22: Piutang asuransi pihak ketiga | C22: 0 | D22: 0 | E22: 0
A23: Piutang asuransi pihak berelasi | C23: 0 | D23: 0 | E23: 0
A24: Cadangan kerugian penurunan nilai pada piutang asuransi | C24: 0 | D24: 0 | E24: 0
A25: Biaya akuisisi tangguhan | C25: 0 | D25: 0 | E25: 0
A26: Deposito pada lembaga kliring dan penjaminan | C26: 0 | D26: 0 | E26: 0
A27: Efek-efek yang diperdagangkan | C27: =C28+C29-C30 | D27: =D28+D29-D30 | E27: =E28+E29-E30 | F27: =F28+F29-F30 | G27: =G28+G29-G30 | H27: =H28+H29-H30 | I27: =I28+I29-I30 | J27: =J28+J29-J30 | ... AM27: =AM28+AM29-AM30
A28: Efek-efek yang diperdagangkan pihak ketiga | C28: 782.586 | D28: 782.586 | E28: 1504.513 | F28: 3376.095
A29: Efek-efek yang diperdagangkan pihak berelasi | C29: 0 | D29: 0 | E29: 0
A30: Cadangan kerugian penurunan nilai pada efek-efek yang diperdagangkan | C30: 0 | D30: 0 | E30: 0
A31: Investasi pemegang polis pada kontrak unit-linked | C31: 0 | D31: 0 | E31: 0
A32: Efek yang dibeli dengan janji dijual kembali | C32: 420.351 | D32: 420.351 | E32: 501.543 | F32: 162.624
A33: Wesel ekspor dan tagihan lainnya | C33: =C34+C35-C36 | D33: =D34+D35-D36 | E33: =E34+E35-E36 | F33: =F34+F35-F36 | G33: =G34+G35-G36 | H33: =H34+H35-H36 | I33: =I34+I35-I36 | J33: =J34+J35-J36 | ... AM33: =AM34+AM35-AM36
A34: Wesel ekspor dan tagihan lainnya pihak ketiga | C34: 0 | D34: 0 | E34: 0
A35: Wesel ekspor dan tagihan lainnya pihak berelasi | C35: 0 | D35: 0 | E35: 0
A36: Cadangan kerugian penurunan nilai pada wesel ekspor dan tagihan lainnya | C36: 0 | D36: 0 | E36: 0
A37: Tagihan akseptasi | C37: =C38+C39-C40 | D37: =D38+D39-D40 | E37: =E38+E39-E40 | F37: =F38+F39-F40 | G37: =G38+G39-G40 | H37: =H38+H39-H40 | I37: =I38+I39-I40 | J37: =J38+J39-J40 | ... AM37: =AM38+AM39-AM40
A38: Tagihan akseptasi pihak ketiga | C38: 0 | D38: 0 | E38: 0
A39: Tagihan akseptasi pihak berelasi | C39: 0 | D39: 0 | E39: 0
A40: Cadangan kerugian penurunan nilai pada tagihan akseptasi | C40: 0 | D40: 0 | E40: 0
A41: Tagihan derivatif | C41: =C42+C43 | D41: =D42+D43 | E41: =E42+E43 | F41: =F42+F43 | G41: =G42+G43 | H41: =H42+H43 | I41: =I42+I43 | J41: =J42+J43 | ... AM41: =AM42+AM43
A42: Tagihan derivatif pihak ketiga | C42: 0 | D42: 0 | E42: 0
A43: Tagihan derivatif pihak berelasi | C43: 0 | D43: 0 | E43: 0
A44: Total Credit | C44: =C47+C52+C56+C60+C64+C68+C72+C76+C80+C84+C96 | D44: =D47+D52+D56+D60+D64+D68+D72+D76+D80+D84+D96 | E44: =E47+E52+E56+E60+E64+E68+E72+E76+E80+E84+E96 | F44: =F47+F52+F56+F60+F64+F68+F72+F76+F80+F84+F96 | G44: =G47+G52+G56+G60+G64+G68+G72+G76+G80+G84+G96 | H44: =H47+H52+H56+H60+H64+H68+H72+H76+H80+H84+H96 | I44: =I47+I52+I56+I60+I64+I68+I72+I76+I80+I84+I96 | J44: =J47+J52+J56+J60+J64+J68+J72+J76+J80+J84+J96 | ... AM44: =AM47+AM52+AM56+AM60+AM64+AM68+AM72+AM76+AM80+AM84+AM96
A45: Credit Growth (%) | C45: =IFERROR(IF(((C44-B44)/B44)=-1, "", (C44-B44)/B44), "") | D45: =IFERROR(IF(((D44-C44)/C44)=-1, "", (D44-C44)/C44), "") | E45: =IFERROR(IF(((E44-D44)/D44)=-1, "", (E44-D44)/D44), "") | F45: =IFERROR(IF(((F44-E44)/E44)=-1, "", (F44-E44)/E44), "") | G45: =IFERROR(IF(((G44-F44)/F44)=-1, "", (G44-F44)/F44), "") | H45: =IFERROR(IF(((H44-G44)/G44)=-1, "", (H44-G44)/G44), "") | I45: =IFERROR(IF(((I44-H44)/H44)=-1, "", (I44-H44)/H44), "") | J45: =IFERROR(IF(((J44-I44)/I44)=-1, "", (J44-I44)/I44), "") | ... AM45: =IFERROR(IF(((AM44-AL44)/AL44)=-1, "", (AM44-AL44)/AL44), "")
A46: Credit to Asset (%) | C46: =IFERROR(C44/C125, 0) | D46: =IFERROR(D44/D125, 0) | E46: =IFERROR(E44/E125, 0) | F46: =IFERROR(F44/F125, 0) | G46: =IFERROR(G44/G125, 0) | H46: =IFERROR(H44/H125, 0) | I46: =IFERROR(I44/I125, 0) | J46: =IFERROR(J44/J125, 0) | ... AM46: =IFERROR(AM44/AM125, 0)
A47: Pinjaman yang diberikan | C47: =C48+C49-C50 | D47: =D48+D49-D50 | E47: =E48+E49-E50 | F47: =F48+F49-F50 | G47: =G48+G49-G50 | H47: =H48+H49-H50 | I47: =I48+I49-I50 | J47: =J48+J49-J50 | ... AM47: =AM48+AM49-AM50
A48: Pinjaman yang diberikan pihak ketiga | C48: 9541.864 | D48: 9541.864 | E48: 11307.638 | F48: 13344.888
A49: Pinjaman yang diberikan pihak berelasi | C49: 76.395 | D49: 76.395 | E49: 119.119 | F49: 91.28
A50: Cadangan kerugian penurunan nilai pada pinjaman yang diberikan | C50: 418.681 | D50: 418.681 | E50: 431.705 | F50: 454.346
A51: Piutang dari lembaga kliring dan penjaminan | C51: 0 | D51: 0 | E51: 0
A52: Piutang nasabah | C52: =C53+C54-C55 | D52: =D53+D54-D55 | E52: =E53+E54-E55 | F52: =F53+F54-F55 | G52: =G53+G54-G55 | H52: =H53+H54-H55 | I52: =I53+I54-I55 | J52: =J53+J54-J55 | ... AM52: =AM53+AM54-AM55
A53: Piutang nasabah pihak ketiga | C53: 0 | D53: 0 | E53: 0
A54: Piutang nasabah pihak berelasi | C54: 0 | D54: 0 | E54: 0
A55: Cadangan kerugian penurunan nilai pada piutang nasabah | C55: 0 | D55: 0 | E55: 0
A56: Piutang murabahah | C56: =C57+C58-C59 | D56: =D57+D58-D59 | E56: =E57+E58-E59 | F56: =F57+F58-F59 | G56: =G57+G58-G59 | H56: =H57+H58-H59 | I56: =I57+I58-I59 | J56: =J57+J58-J59 | ... AM56: =AM57+AM58-AM59
A57: Piutang murabahah pihak ketiga | C57: 0 | D57: 0 | E57: 0
A58: Piutang murabahah pihak berelasi | C58: 0 | D58: 0 | E58: 0
A59: Cadangan kerugian penurunan nilai pada piutang murabahah | C59: 0 | D59: 0 | E59: 0
A60: Piutang istishna | C60: =C61+C62-C63 | D60: =D61+D62-D63 | E60: =E61+E62-E63 | F60: =F61+F62-F63 | G60: =G61+G62-G63 | H60: =H61+H62-H63 | I60: =I61+I62-I63 | J60: =J61+J62-J63 | ... AM60: =AM61+AM62-AM63
A61: Piutang istishna pihak ketiga | C61: 0 | D61: 0 | E61: 0
A62: Piutang istishna pihak berelasi | C62: 0 | D62: 0 | E62: 0
A63: Cadangan kerugian penurunan nilai pada piutang istishna | C63: 0 | D63: 0 | E63: 0
A64: Piutang ijarah | C64: =C65+C66-C67 | D64: =D65+D66-D67 | E64: =E65+E66-E67 | F64: =F65+F66-F67 | G64: =G65+G66-G67 | H64: =H65+H66-H67 | I64: =I65+I66-I67 | J64: =J65+J66-J67 | ... AM64: =AM65+AM66-AM67
A65: Piutang ijarah pihak ketiga | C65: 0 | D65: 0 | E65: 0
A66: Piutang ijarah pihak berelasi | C66: 0 | D66: 0 | E66: 0
A67: Cadangan kerugian penurunan nilai pada piutang ijarah | C67: 0 | D67: 0 | E67: 0
A68: Piutang pembiayaan konsumen | C68: =C69+C70-C71 | D68: =D69+D70-D71 | E68: =E69+E70-E71 | F68: =F69+F70-F71 | G68: =G69+G70-G71 | H68: =H69+H70-H71 | I68: =I69+I70-I71 | J68: =J69+J70-J71 | ... AM68: =AM69+AM70-AM71
A69: Piutang pembiayaan konsumen pihak ketiga | C69: 0 | D69: 0 | E69: 0
A70: Piutang pembiayaan konsumen pihak berelasi | C70: 0 | D70: 0 | E70: 0
A71: Cadangan kerugian penurunan nilai pada piutang pembiayaan konsumen | C71: 0 | D71: 0 | E71: 0
A72: Pinjaman qardh | C72: =C73+C74-C75 | D72: =D73+D74-D75 | E72: =E73+E74-E75 | F72: =F73+F74-F75 | G72: =G73+G74-G75 | H72: =H73+H74-H75 | I72: =I73+I74-I75 | J72: =J73+J74-J75 | ... AM72: =AM73+AM74-AM75
A73: Pinjaman qardh pihak ketiga | C73: 0 | D73: 0 | E73: 0
A74: Pinjaman qardh pihak berelasi | C74: 0 | D74: 0 | E74: 0
A75: Cadangan kerugian penurunan nilai pada pinjaman qardh | C75: 0 | D75: 0 | E75: 0
A76: Pembiayaan mudharabah | C76: =C77+C78-C79 | D76: =D77+D78-D79 | E76: =E77+E78-E79 | F76: =F77+F78-F79 | G76: =G77+G78-G79 | H76: =H77+H78-H79 | I76: =I77+I78-I79 | J76: =J77+J78-J79 | ... AM76: =AM77+AM78-AM79
A77: Pembiayaan mudharabah pihak ketiga | C77: 0 | D77: 0 | E77: 0
A78: Pembiayaan mudharabah pihak berelasi | C78: 0 | D78: 0 | E78: 0
A79: Cadangan kerugian penurunan nilai pada pembiayaan mudharabah | C79: 0 | D79: 0 | E79: 0
A80: Pembiayaan musyarakah | C80: =C81+C82-C83 | D80: =D81+D82-D83 | E80: =E81+E82-E83 | F80: =F81+F82-F83 | G80: =G81+G82-G83 | H80: =H81+H82-H83 | I80: =I81+I82-I83 | J80: =J81+J82-J83 | ... AM80: =AM81+AM82-AM83
A81: Pembiayaan musyarakah pihak ketiga | C81: 0 | D81: 0 | E81: 0
A82: Pembiayaan musyarakah pihak berelasi | C82: 0 | D82: 0 | E82: 0
A83: Cadangan kerugian penurunan nilai pada pembiayaan musyarakah | C83: 0 | D83: 0 | E83: 0
A84: Investasi sewa | C84: =C85+C86+C87+C88+C89-C90 | D84: =D85+D86+D87+D88+D89-D90 | E84: =E85+E86+E87+E88+E89-E90 | F84: =F85+F86+F87+F88+F89-F90 | G84: =G85+G86+G87+G88+G89-G90 | H84: =H85+H86+H87+H88+H89-H90 | I84: =I85+I86+I87+I88+I89-I90 | J84: =J85+J86+J87+J88+J89-J90 | ... AM84: =AM85+AM86+AM87+AM88+AM89-AM90
A85: Investasi sewa pihak ketiga | C85: 0 | D85: 0 | E85: 0
A86: Investasi sewa pihak berelasi | C86: 0 | D86: 0 | E86: 0
A87: Investasi sewa nilai residu yang terjamin | C87: 0 | D87: 0 | E87: 0
A88: Investasi sewa pendapatan pembiayaan tangguhan | C88: 0 | D88: 0 | E88: 0
A89: Investasi sewa simpanan jaminan | C89: 0 | D89: 0 | E89: 0
A90: Cadangan kerugian penurunan nilai pada investasi sewa | C90: 0 | D90: 0 | E90: 0
A91: Tagihan anjak piutang | C91: =C92+C93+C94-C95 | D91: =D92+D93+D94-D95 | E91: =E92+E93+E94-E95 | F91: =F92+F93+F94-F95 | G91: =G92+G93+G94-G95 | H91: =H92+H93+H94-H95 | I91: =I92+I93+I94-I95 | J91: =J92+J93+J94-J95 | ... AM91: =AM92+AM93+AM94-AM95
A92: Tagihan anjak piutang pihak ketiga | C92: 0 | D92: 0 | E92: 0
A93: Tagihan anjak piutang pihak berelasi | C93: 0 | D93: 0 | E93: 0
A94: Tagihan anjak piutang pada pendapatan anjak piutang tangguhan | C94: 0 | D94: 0 | E94: 0
A95: Cadangan kerugian penurunan nilai pada tagihan anjak piutang | C95: 0 | D95: 0 | E95: 0
A96: Piutang lainnya | C96: =C97+C98-C99 | D96: =D97+D98-D99 | E96: =E97+E98-E99 | F96: =F97+F98-F99 | G96: =G97+G98-G99 | H96: =H97+H98-H99 | I96: =I97+I98-I99 | J96: =J97+J98-J99 | ... AM96: =AM97+AM98-AM99
A97: Piutang lainnya pihak ketiga | C97: 0 | D97: 0 | E97: 0
A98: Piutang lainnya pihak berelasi | C98: 0 | D98: 0 | E98: 0
A99: Cadangan kerugian penurunan nilai pada piutang lainnya | C99: 0 | D99: 0 | E99: 0
A100: Aset keuangan lainnya | C100: 0 | D100: 0 | E100: 0
A101: Obligasi pemerintah | C101: 7070.308 | D101: 7070.308 | E101: 8504.27 | F101: 7122.708
...

Sheet Asset Composition
A1: Asset Composition
C3: ='BALANCE SHEET'!C3 | D3: ='BALANCE SHEET'!D3 | E3: ='BALANCE SHEET'!E3 | F3: ='BALANCE SHEET'!F3 | G3: ='BALANCE SHEET'!G3 | H3: ='BALANCE SHEET'!H3 | I3: ='BALANCE SHEET'!I3 | J3: ='BALANCE SHEET'!J3 | ... AM3: ='BALANCE SHEET'!AM3
A4: Absolute
A5: Cash | C5: =IFERROR(HLOOKUP(C3,'BALANCE SHEET'!$C$3:$AM$258, 15, FALSE), 0) | D5: =IFERROR(HLOOKUP(D3,'BALANCE SHEET'!$C$3:$AM$258, 15, FALSE), 0) | E5: =IFERROR(HLOOKUP(E3,'BALANCE SHEET'!$C$3:$AM$258, 15, FALSE), 0) | F5: =IFERROR(HLOOKUP(F3,'BALANCE SHEET'!$C$3:$AM$258, 15, FALSE), 0) | G5: =IFERROR(HLOOKUP(G3,'BALANCE SHEET'!$C$3:$AM$258, 15, FALSE), 0) | H5: =IFERROR(HLOOKUP(H3,'BALANCE SHEET'!$C$3:$AM$258, 15, FALSE), 0) | I5: =IFERROR(HLOOKUP(I3,'BALANCE SHEET'!$C$3:$AM$258, 15, FALSE), 0) | J5: =IFERROR(HLOOKUP(J3,'BALANCE SHEET'!$C$3:$AM$258, 15, FALSE), 0) | ... AM5: =IFERROR(HLOOKUP(AM3,'BALANCE SHEET'!$C$3:$AM$258, 15, FALSE), 0)
A6: Credit | C6: =IFERROR(HLOOKUP(C3,'BALANCE SHEET'!$C$3:$AM$258, 42, FALSE), 0) | D6: =IFERROR(HLOOKUP(D3,'BALANCE SHEET'!$C$3:$AM$258, 42, FALSE), 0) | E6: =IFERROR(HLOOKUP(E3,'BALANCE SHEET'!$C$3:$AM$258, 42, FALSE), 0) | F6: =IFERROR(HLOOKUP(F3,'BALANCE SHEET'!$C$3:$AM$258, 42, FALSE), 0) | G6: =IFERROR(HLOOKUP(G3,'BALANCE SHEET'!$C$3:$AM$258, 42, FALSE), 0) | H6: =IFERROR(HLOOKUP(H3,'BALANCE SHEET'!$C$3:$AM$258, 42, FALSE), 0) | I6: =IFERROR(HLOOKUP(I3,'BALANCE SHEET'!$C$3:$AM$258, 42, FALSE), 0) | J6: =IFERROR(HLOOKUP(J3,'BALANCE SHEET'!$C$3:$AM$258, 42, FALSE), 0) | ... AM6: =IFERROR(HLOOKUP(AM3,'BALANCE SHEET'!$C$3:$AM$258, 42, FALSE), 0)
A7: PPE | C7: =IFERROR(HLOOKUP(C3,'BALANCE SHEET'!$C$3:$AM$258, 116, FALSE) + HLOOKUP(C3,'BALANCE SHEET'!$C$3:$AM$258, 118, FALSE) + HLOOKUP(C3,'BALANCE SHEET'!$C$3:$AM$258, 119, FALSE), 0) | D7: =IFERROR(HLOOKUP(D3,'BALANCE SHEET'!$C$3:$AM$258, 116, FALSE) + HLOOKUP(D3,'BALANCE SHEET'!$C$3:$AM$258, 118, FALSE) + HLOOKUP(D3,'BALANCE SHEET'!$C$3:$AM$258, 119, FALSE), 0) | E7: =IFERROR(HLOOKUP(E3,'BALANCE SHEET'!$C$3:$AM$258, 116, FALSE) + HLOOKUP(E3,'BALANCE SHEET'!$C$3:$AM$258, 118, FALSE) + HLOOKUP(E3,'BALANCE SHEET'!$C$3:$AM$258, 119, FALSE), 0) | F7: =IFERROR(HLOOKUP(F3,'BALANCE SHEET'!$C$3:$AM$258, 116, FALSE) + HLOOKUP(F3,'BALANCE SHEET'!$C$3:$AM$258, 118, FALSE) + HLOOKUP(F3,'BALANCE SHEET'!$C$3:$AM$258, 119, FALSE), 0) | G7: =IFERROR(HLOOKUP(G3,'BALANCE SHEET'!$C$3:$AM$258, 116, FALSE) + HLOOKUP(G3,'BALANCE SHEET'!$C$3:$AM$258, 118, FALSE) + HLOOKUP(G3,'BALANCE SHEET'!$C$3:$AM$258, 119, FALSE), 0) | H7: =IFERROR(HLOOKUP(H3,'BALANCE SHEET'!$C$3:$AM$258, 116, FALSE) + HLOOKUP(H3,'BALANCE SHEET'!$C$3:$AM$258, 118, FALSE) + HLOOKUP(H3,'BALANCE SHEET'!$C$3:$AM$258, 119, FALSE), 0) | I7: =IFERROR(HLOOKUP(I3,'BALANCE SHEET'!$C$3:$AM$258, 116, FALSE) + HLOOKUP(I3,'BALANCE SHEET'!$C$3:$AM$258, 118, FALSE) + HLOOKUP(I3,'BALANCE SHEET'!$C$3:$AM$258, 119, FALSE), 0) | J7: =IFERROR(HLOOKUP(J3,'BALANCE SHEET'!$C$3:$AM$258, 116, FALSE) + HLOOKUP(J3,'BALANCE SHEET'!$C$3:$AM$258, 118, FALSE) + HLOOKUP(J3,'BALANCE SHEET'!$C$3:$AM$258, 119, FALSE), 0) | ... AM7: =IFERROR(HLOOKUP(AM3,'BALANCE SHEET'!$C$3:$AM$258, 116, FALSE) + HLOOKUP(AM3,'BALANCE SHEET'!$C$3:$AM$258, 118, FALSE) + HLOOKUP(AM3,'BALANCE SHEET'!$C$3:$AM$258, 119, FALSE), 0)
A8: Investment | C8: =IFERROR(HLOOKUP(C3,'BALANCE SHEET'!$C$3:$AM$258, 25, FALSE) + HLOOKUP(C3,'BALANCE SHEET'!$C$3:$AM$258, 30, FALSE) + HLOOKUP(C3,'BALANCE SHEET'!$C$3:$AM$258, 99, FALSE) + HLOOKUP(C3,'BALANCE SHEET'!$C$3:$AM$258, 108, FALSE) + HLOOKUP(C3,'BALANCE SHEET'!$C$3:$AM$258, 109, FALSE), 0) | D8: =IFERROR(HLOOKUP(D3,'BALANCE SHEET'!$C$3:$AM$258, 25, FALSE) + HLOOKUP(D3,'BALANCE SHEET'!$C$3:$AM$258, 30, FALSE) + HLOOKUP(D3,'BALANCE SHEET'!$C$3:$AM$258, 99, FALSE) + HLOOKUP(D3,'BALANCE SHEET'!$C$3:$AM$258, 108, FALSE) + + HLOOKUP(D3,'BALANCE SHEET'!$C$3:$AM$258, 109, FALSE), 0) | E8: =IFERROR(HLOOKUP(E3,'BALANCE SHEET'!$C$3:$AM$258, 25, FALSE) + HLOOKUP(E3,'BALANCE SHEET'!$C$3:$AM$258, 30, FALSE) + HLOOKUP(E3,'BALANCE SHEET'!$C$3:$AM$258, 99, FALSE) + HLOOKUP(E3,'BALANCE SHEET'!$C$3:$AM$258, 108, FALSE) + + HLOOKUP(E3,'BALANCE SHEET'!$C$3:$AM$258, 109, FALSE), 0) | F8: =IFERROR(HLOOKUP(F3,'BALANCE SHEET'!$C$3:$AM$258, 25, FALSE) + HLOOKUP(F3,'BALANCE SHEET'!$C$3:$AM$258, 30, FALSE) + HLOOKUP(F3,'BALANCE SHEET'!$C$3:$AM$258, 99, FALSE) + HLOOKUP(F3,'BALANCE SHEET'!$C$3:$AM$258, 108, FALSE) + + HLOOKUP(F3,'BALANCE SHEET'!$C$3:$AM$258, 109, FALSE), 0) | G8: =IFERROR(HLOOKUP(G3,'BALANCE SHEET'!$C$3:$AM$258, 25, FALSE) + HLOOKUP(G3,'BALANCE SHEET'!$C$3:$AM$258, 30, FALSE) + HLOOKUP(G3,'BALANCE SHEET'!$C$3:$AM$258, 99, FALSE) + HLOOKUP(G3,'BALANCE SHEET'!$C$3:$AM$258, 108, FALSE) + + HLOOKUP(G3,'BALANCE SHEET'!$C$3:$AM$258, 109, FALSE), 0) | H8: =IFERROR(HLOOKUP(H3,'BALANCE SHEET'!$C$3:$AM$258, 25, FALSE) + HLOOKUP(H3,'BALANCE SHEET'!$C$3:$AM$258, 30, FALSE) + HLOOKUP(H3,'BALANCE SHEET'!$C$3:$AM$258, 99, FALSE) + HLOOKUP(H3,'BALANCE SHEET'!$C$3:$AM$258, 108, FALSE) + + HLOOKUP(H3,'BALANCE SHEET'!$C$3:$AM$258, 109, FALSE), 0) | I8: =IFERROR(HLOOKUP(I3,'BALANCE SHEET'!$C$3:$AM$258, 25, FALSE) + HLOOKUP(I3,'BALANCE SHEET'!$C$3:$AM$258, 30, FALSE) + HLOOKUP(I3,'BALANCE SHEET'!$C$3:$AM$258, 99, FALSE) + HLOOKUP(I3,'BALANCE SHEET'!$C$3:$AM$258, 108, FALSE) + + HLOOKUP(I3,'BALANCE SHEET'!$C$3:$AM$258, 109, FALSE), 0) | J8: =IFERROR(HLOOKUP(J3,'BALANCE SHEET'!$C$3:$AM$258, 25, FALSE) + HLOOKUP(J3,'BALANCE SHEET'!$C$3:$AM$258, 30, FALSE) + HLOOKUP(J3,'BALANCE SHEET'!$C$3:$AM$258, 99, FALSE) + HLOOKUP(J3,'BALANCE SHEET'!$C$3:$AM$258, 108, FALSE) + + HLOOKUP(J3,'BALANCE SHEET'!$C$3:$AM$258, 109, FALSE), 0) | K8: =IFERROR(HLOOKUP(K3,'BALANCE SHEET'!$C$3:$AM$258, 25, FALSE) + HLOOKUP(K3,'BALANCE SHEET'!$C$3:$AM$258, 30, FALSE) + HLOOKUP(K3,'BALANCE SHEET'!$C$3:$AM$258, 99, FALSE) + HLOOKUP(K3,'BALANCE SHEET'!$C$3:$AM$258, 108, FALSE) + + HLOOKUP(K3,'BALANCE SHEET'!$C$3:$AM$258, 109, FALSE), 0) | ... AM8: =IFERROR(HLOOKUP(AM3,'BALANCE SHEET'!$C$3:$AM$258, 25, FALSE) + HLOOKUP(AM3,'BALANCE SHEET'!$C$3:$AM$258, 30, FALSE) + HLOOKUP(AM3,'BALANCE SHEET'!$C$3:$AM$258, 99, FALSE) + HLOOKUP(AM3,'BALANCE SHEET'!$C$3:$AM$258, 108, FALSE) + + HLOOKUP(AM3,'BALANCE SHEET'!$C$3:$AM$258, 109, FALSE), 0)
A9: Others | C9: =IFERROR(HLOOKUP(C3,'BALANCE SHEET'!$C$3:$AM$258, 5, FALSE) + HLOOKUP(C3,'BALANCE SHEET'!$C$3:$AM$258, 19, FALSE) + HLOOKUP(C3,'BALANCE SHEET'!$C$3:$AM$258, 23, FALSE) + HLOOKUP(C3,'BALANCE SHEET'!$C$3:$AM$258, 24, FALSE) + HLOOKUP(C3,'BALANCE SHEET'!$C$3:$AM$258, 29, FALSE) + HLOOKUP(C3,'BALANCE SHEET'!$C$3:$AM$258, 31, FALSE) + HLOOKUP(C3,'BALANCE SHEET'!$C$3:$AM$258, 35, FALSE)+ HLOOKUP(C3,'BALANCE SHEET'!$C$3:$AM$258, 39, FALSE) + HLOOKUP(C3,'BALANCE SHEET'!$C$3:$AM$258, 49, FALSE) + HLOOKUP(C3,'BALANCE SHEET'!$C$3:$AM$258, 89, FALSE) + HLOOKUP(C3,'BALANCE SHEET'!$C$3:$AM$258, 98, FALSE) + HLOOKUP(C3,'BALANCE SHEET'!$C$3:$AM$258, 100, FALSE)+ HLOOKUP(C3,'BALANCE SHEET'!$C$3:$AM$258, 101, FALSE)+ HLOOKUP(C3,'BALANCE SHEET'!$C$3:$AM$258, 102, FALSE)+ HLOOKUP(C3,'BALANCE SHEET'!$C$3:$AM$258, 103, FALSE)+ HLOOKUP(C3,'BALANCE SHEET'!$C$3:$AM$258, 104, FALSE)+ HLOOKUP(C3,'BALANCE SHEET'!$C$3:$AM$258, 105, FALSE)+ HLOOKUP(C3,'BALANCE SHEET'!$C$3:$AM$258, 106, FALSE) + + HLOOKUP(C3,'BALANCE SHEET'!$C$3:$AM$258, 107, FALSE) + HLOOKUP(C3,'BALANCE SHEET'!$C$3:$AM$258, 112, FALSE)+ HLOOKUP(C3,'BALANCE SHEET'!$C$3:$AM$258, 113, FALSE)+ HLOOKUP(C3,'BALANCE SHEET'!$C$3:$AM$258, 114, FALSE)+ HLOOKUP(C3,'BALANCE SHEET'!$C$3:$AM$258, 115, FALSE)+ HLOOKUP(C3,'BALANCE SHEET'!$C$3:$AM$258, 117, FALSE)+ HLOOKUP(C3,'BALANCE SHEET'!$C$3:$AM$258, 120, FALSE)+ HLOOKUP(C3,'BALANCE SHEET'!$C$3:$AM$258, 121, FALSE)+ HLOOKUP(C3,'BALANCE SHEET'!$C$3:$AM$258, 122, FALSE), 0) | D9: =IFERROR(HLOOKUP(D3,'BALANCE SHEET'!$C$3:$AM$258, 5, FALSE) + HLOOKUP(D3,'BALANCE SHEET'!$C$3:$AM$258, 19, FALSE) + HLOOKUP(D3,'BALANCE SHEET'!$C$3:$AM$258, 23, FALSE) + HLOOKUP(D3,'BALANCE SHEET'!$C$3:$AM$258, 24, FALSE) + HLOOKUP(D3,'BALANCE SHEET'!$C$3:$AM$258, 29, FALSE) + HLOOKUP(D3,'BALANCE SHEET'!$C$3:$AM$258, 31, FALSE) + HLOOKUP(D3,'BALANCE SHEET'!$C$3:$AM$258, 35, FALSE)+ HLOOKUP(D3,'BALANCE SHEET'!$C$3:$AM$258, 39, FALSE) + HLOOKUP(D3,'BALANCE SHEET'!$C$3:$AM$258, 49, FALSE) + HLOOKUP(D3,'BALANCE SHEET'!$C$3:$AM$258, 89, FALSE) + HLOOKUP(D3,'BALANCE SHEET'!$C$3:$AM$258, 98, FALSE) + HLOOKUP(D3,'BALANCE SHEET'!$C$3:$AM$258, 100, FALSE)+ HLOOKUP(D3,'BALANCE SHEET'!$C$3:$AM$258, 101, FALSE)+ HLOOKUP(D3,'BALANCE SHEET'!$C$3:$AM$258, 102, FALSE)+ HLOOKUP(D3,'BALANCE SHEET'!$C$3:$AM$258, 103, FALSE)+ HLOOKUP(D3,'BALANCE SHEET'!$C$3:$AM$258, 104, FALSE)+ HLOOKUP(D3,'BALANCE SHEET'!$C$3:$AM$258, 105, FALSE)+ HLOOKUP(D3,'BALANCE SHEET'!$C$3:$AM$258, 106, FALSE) + + HLOOKUP(D3,'BALANCE SHEET'!$C$3:$AM$258, 107, FALSE) + HLOOKUP(D3,'BALANCE SHEET'!$C$3:$AM$258, 112, FALSE)+ HLOOKUP(D3,'BALANCE SHEET'!$C$3:$AM$258, 113, FALSE)+ HLOOKUP(D3,'BALANCE SHEET'!$C$3:$AM$258, 114, FALSE)+ HLOOKUP(D3,'BALANCE SHEET'!$C$3:$AM$258, 115, FALSE)+ HLOOKUP(D3,'BALANCE SHEET'!$C$3:$AM$258, 117, FALSE)+ HLOOKUP(D3,'BALANCE SHEET'!$C$3:$AM$258, 120, FALSE)+ HLOOKUP(D3,'BALANCE SHEET'!$C$3:$AM$258, 121, FALSE)+ HLOOKUP(D3,'BALANCE SHEET'!$C$3:$AM$258, 122, FALSE), 0) | E9: =IFERROR(HLOOKUP(E3,'BALANCE SHEET'!$C$3:$AM$258, 5, FALSE) + HLOOKUP(E3,'BALANCE SHEET'!$C$3:$AM$258, 19, FALSE) + HLOOKUP(E3,'BALANCE SHEET'!$C$3:$AM$258, 23, FALSE) + HLOOKUP(E3,'BALANCE SHEET'!$C$3:$AM$258, 24, FALSE) + HLOOKUP(E3,'BALANCE SHEET'!$C$3:$AM$258, 29, FALSE) + HLOOKUP(E3,'BALANCE SHEET'!$C$3:$AM$258, 31, FALSE) + HLOOKUP(E3,'BALANCE SHEET'!$C$3:$AM$258, 35, FALSE)+ HLOOKUP(E3,'BALANCE SHEET'!$C$3:$AM$258, 39, FALSE) + HLOOKUP(E3,'BALANCE SHEET'!$C$3:$AM$258, 49, FALSE) + HLOOKUP(E3,'BALANCE SHEET'!$C$3:$AM$258, 89, FALSE) + HLOOKUP(E3,'BALANCE SHEET'!$C$3:$AM$258, 98, FALSE) + HLOOKUP(E3,'BALANCE SHEET'!$C$3:$AM$258, 100, FALSE)+ HLOOKUP(E3,'BALANCE SHEET'!$C$3:$AM$258, 101, FALSE)+ HLOOKUP(E3,'BALANCE SHEET'!$C$3:$AM$258, 102, FALSE)+ HLOOKUP(E3,'BALANCE SHEET'!$C$3:$AM$258, 103, FALSE)+ HLOOKUP(E3,'BALANCE SHEET'!$C$3:$AM$258, 104, FALSE)+ HLOOKUP(E3,'BALANCE SHEET'!$C$3:$AM$258, 105, FALSE)+ HLOOKUP(E3,'BALANCE SHEET'!$C$3:$AM$258, 106, FALSE) + + HLOOKUP(E3,'BALANCE SHEET'!$C$3:$AM$258, 107, FALSE) + HLOOKUP(E3,'BALANCE SHEET'!$C$3:$AM$258, 112, FALSE)+ HLOOKUP(E3,'BALANCE SHEET'!$C$3:$AM$258, 113, FALSE)+ HLOOKUP(E3,'BALANCE SHEET'!$C$3:$AM$258, 114, FALSE)+ HLOOKUP(E3,'BALANCE SHEET'!$C$3:$AM$258, 115, FALSE)+ HLOOKUP(E3,'BALANCE SHEET'!$C$3:$AM$258, 117, FALSE)+ HLOOKUP(E3,'BALANCE SHEET'!$C$3:$AM$258, 120, FALSE)+ HLOOKUP(E3,'BALANCE SHEET'!$C$3:$AM$258, 121, FALSE)+ HLOOKUP(E3,'BALANCE SHEET'!$C$3:$AM$258, 122, FALSE), 0) | F9: =IFERROR(HLOOKUP(F3,'BALANCE SHEET'!$C$3:$AM$258, 5, FALSE) + HLOOKUP(F3,'BALANCE SHEET'!$C$3:$AM$258, 19, FALSE) + HLOOKUP(F3,'BALANCE SHEET'!$C$3:$AM$258, 23, FALSE) + HLOOKUP(F3,'BALANCE SHEET'!$C$3:$AM$258, 24, FALSE) + HLOOKUP(F3,'BALANCE SHEET'!$C$3:$AM$258, 29, FALSE) + HLOOKUP(F3,'BALANCE SHEET'!$C$3:$AM$258, 31, FALSE) + HLOOKUP(F3,'BALANCE SHEET'!$C$3:$AM$258, 35, FALSE)+ HLOOKUP(F3,'BALANCE SHEET'!$C$3:$AM$258, 39, FALSE) + HLOOKUP(F3,'BALANCE SHEET'!$C$3:$AM$258, 49, FALSE) + HLOOKUP(F3,'BALANCE SHEET'!$C$3:$AM$258, 89, FALSE) + HLOOKUP(F3,'BALANCE SHEET'!$C$3:$AM$258, 98, FALSE) + HLOOKUP(F3,'BALANCE SHEET'!$C$3:$AM$258, 100, FALSE)+ HLOOKUP(F3,'BALANCE SHEET'!$C$3:$AM$258, 101, FALSE)+ HLOOKUP(F3,'BALANCE SHEET'!$C$3:$AM$258, 102, FALSE)+ HLOOKUP(F3,'BALANCE SHEET'!$C$3:$AM$258, 103, FALSE)+ HLOOKUP(F3,'BALANCE SHEET'!$C$3:$AM$258, 104, FALSE)+ HLOOKUP(F3,'BALANCE SHEET'!$C$3:$AM$258, 105, FALSE)+ HLOOKUP(F3,'BALANCE SHEET'!$C$3:$AM$258, 106, FALSE) + + HLOOKUP(F3,'BALANCE SHEET'!$C$3:$AM$258, 107, FALSE) + HLOOKUP(F3,'BALANCE SHEET'!$C$3:$AM$258, 112, FALSE)+ HLOOKUP(F3,'BALANCE SHEET'!$C$3:$AM$258, 113, FALSE)+ HLOOKUP(F3,'BALANCE SHEET'!$C$3:$AM$258, 114, FALSE)+ HLOOKUP(F3,'BALANCE SHEET'!$C$3:$AM$258, 115, FALSE)+ HLOOKUP(F3,'BALANCE SHEET'!$C$3:$AM$258, 117, FALSE)+ HLOOKUP(F3,'BALANCE SHEET'!$C$3:$AM$258, 120, FALSE)+ HLOOKUP(F3,'BALANCE SHEET'!$C$3:$AM$258, 121, FALSE)+ HLOOKUP(F3,'BALANCE SHEET'!$C$3:$AM$258, 122, FALSE), 0) | G9: =IFERROR(HLOOKUP(G3,'BALANCE SHEET'!$C$3:$AM$258, 5, FALSE) + HLOOKUP(G3,'BALANCE SHEET'!$C$3:$AM$258, 19, FALSE) + HLOOKUP(G3,'BALANCE SHEET'!$C$3:$AM$258, 23, FALSE) + HLOOKUP(G3,'BALANCE SHEET'!$C$3:$AM$258, 24, FALSE) + HLOOKUP(G3,'BALANCE SHEET'!$C$3:$AM$258, 29, FALSE) + HLOOKUP(G3,'BALANCE SHEET'!$C$3:$AM$258, 31, FALSE) + HLOOKUP(G3,'BALANCE SHEET'!$C$3:$AM$258, 35, FALSE)+ HLOOKUP(G3,'BALANCE SHEET'!$C$3:$AM$258, 39, FALSE) + HLOOKUP(G3,'BALANCE SHEET'!$C$3:$AM$258, 49, FALSE) + HLOOKUP(G3,'BALANCE SHEET'!$C$3:$AM$258, 89, FALSE) + HLOOKUP(G3,'BALANCE SHEET'!$C$3:$AM$258, 98, FALSE) + HLOOKUP(G3,'BALANCE SHEET'!$C$3:$AM$258, 100, FALSE)+ HLOOKUP(G3,'BALANCE SHEET'!$C$3:$AM$258, 101, FALSE)+ HLOOKUP(G3,'BALANCE SHEET'!$C$3:$AM$258, 102, FALSE)+ HLOOKUP(G3,'BALANCE SHEET'!$C$3:$AM$258, 103, FALSE)+ HLOOKUP(G3,'BALANCE SHEET'!$C$3:$AM$258, 104, FALSE)+ HLOOKUP(G3,'BALANCE SHEET'!$C$3:$AM$258, 105, FALSE)+ HLOOKUP(G3,'BALANCE SHEET'!$C$3:$AM$258, 106, FALSE) + + HLOOKUP(G3,'BALANCE SHEET'!$C$3:$AM$258, 107, FALSE) + HLOOKUP(G3,'BALANCE SHEET'!$C$3:$AM$258, 112, FALSE)+ HLOOKUP(G3,'BALANCE SHEET'!$C$3:$AM$258, 113, FALSE)+ HLOOKUP(G3,'BALANCE SHEET'!$C$3:$AM$258, 114, FALSE)+ HLOOKUP(G3,'BALANCE SHEET'!$C$3:$AM$258, 115, FALSE)+ HLOOKUP(G3,'BALANCE SHEET'!$C$3:$AM$258, 117, FALSE)+ HLOOKUP(G3,'BALANCE SHEET'!$C$3:$AM$258, 120, FALSE)+ HLOOKUP(G3,'BALANCE SHEET'!$C$3:$AM$258, 121, FALSE)+ HLOOKUP(G3,'BALANCE SHEET'!$C$3:$AM$258, 122, FALSE), 0) | H9: =IFERROR(HLOOKUP(H3,'BALANCE SHEET'!$C$3:$AM$258, 5, FALSE) + HLOOKUP(H3,'BALANCE SHEET'!$C$3:$AM$258, 19, FALSE) + HLOOKUP(H3,'BALANCE SHEET'!$C$3:$AM$258, 23, FALSE) + HLOOKUP(H3,'BALANCE SHEET'!$C$3:$AM$258, 24, FALSE) + HLOOKUP(H3,'BALANCE SHEET'!$C$3:$AM$258, 29, FALSE) + HLOOKUP(H3,'BALANCE SHEET'!$C$3:$AM$258, 31, FALSE) + HLOOKUP(H3,'BALANCE SHEET'!$C$3:$AM$258, 35, FALSE)+ HLOOKUP(H3,'BALANCE SHEET'!$C$3:$AM$258, 39, FALSE) + HLOOKUP(H3,'BALANCE SHEET'!$C$3:$AM$258, 49, FALSE) + HLOOKUP(H3,'BALANCE SHEET'!$C$3:$AM$258, 89, FALSE) + HLOOKUP(H3,'BALANCE SHEET'!$C$3:$AM$258, 98, FALSE) + HLOOKUP(H3,'BALANCE SHEET'!$C$3:$AM$258, 100, FALSE)+ HLOOKUP(H3,'BALANCE SHEET'!$C$3:$AM$258, 101, FALSE)+ HLOOKUP(H3,'BALANCE SHEET'!$C$3:$AM$258, 102, FALSE)+ HLOOKUP(H3,'BALANCE SHEET'!$C$3:$AM$258, 103, FALSE)+ HLOOKUP(H3,'BALANCE SHEET'!$C$3:$AM$258, 104, FALSE)+ HLOOKUP(H3,'BALANCE SHEET'!$C$3:$AM$258, 105, FALSE)+ HLOOKUP(H3,'BALANCE SHEET'!$C$3:$AM$258, 106, FALSE) + + HLOOKUP(H3,'BALANCE SHEET'!$C$3:$AM$258, 107, FALSE) + HLOOKUP(H3,'BALANCE SHEET'!$C$3:$AM$258, 112, FALSE)+ HLOOKUP(H3,'BALANCE SHEET'!$C$3:$AM$258, 113, FALSE)+ HLOOKUP(H3,'BALANCE SHEET'!$C$3:$AM$258, 114, FALSE)+ HLOOKUP(H3,'BALANCE SHEET'!$C$3:$AM$258, 115, FALSE)+ HLOOKUP(H3,'BALANCE SHEET'!$C$3:$AM$258, 117, FALSE)+ HLOOKUP(H3,'BALANCE SHEET'!$C$3:$AM$258, 120, FALSE)+ HLOOKUP(H3,'BALANCE SHEET'!$C$3:$AM$258, 121, FALSE)+ HLOOKUP(H3,'BALANCE SHEET'!$C$3:$AM$258, 122, FALSE), 0) | I9: =IFERROR(HLOOKUP(I3,'BALANCE SHEET'!$C$3:$AM$258, 5, FALSE) + HLOOKUP(I3,'BALANCE SHEET'!$C$3:$AM$258, 19, FALSE) + HLOOKUP(I3,'BALANCE SHEET'!$C$3:$AM$258, 23, FALSE) + HLOOKUP(I3,'BALANCE SHEET'!$C$3:$AM$258, 24, FALSE) + HLOOKUP(I3,'BALANCE SHEET'!$C$3:$AM$258, 29, FALSE) + HLOOKUP(I3,'BALANCE SHEET'!$C$3:$AM$258, 31, FALSE) + HLOOKUP(I3,'BALANCE SHEET'!$C$3:$AM$258, 35, FALSE)+ HLOOKUP(I3,'BALANCE SHEET'!$C$3:$AM$258, 39, FALSE) + HLOOKUP(I3,'BALANCE SHEET'!$C$3:$AM$258, 49, FALSE) + HLOOKUP(I3,'BALANCE SHEET'!$C$3:$AM$258, 89, FALSE) + HLOOKUP(I3,'BALANCE SHEET'!$C$3:$AM$258, 98, FALSE) + HLOOKUP(I3,'BALANCE SHEET'!$C$3:$AM$258, 100, FALSE)+ HLOOKUP(I3,'BALANCE SHEET'!$C$3:$AM$258, 101, FALSE)+ HLOOKUP(I3,'BALANCE SHEET'!$C$3:$AM$258, 102, FALSE)+ HLOOKUP(I3,'BALANCE SHEET'!$C$3:$AM$258, 103, FALSE)+ HLOOKUP(I3,'BALANCE SHEET'!$C$3:$AM$258, 104, FALSE)+ HLOOKUP(I3,'BALANCE SHEET'!$C$3:$AM$258, 105, FALSE)+ HLOOKUP(I3,'BALANCE SHEET'!$C$3:$AM$258, 106, FALSE) + + HLOOKUP(I3,'BALANCE SHEET'!$C$3:$AM$258, 107, FALSE) + HLOOKUP(I3,'BALANCE SHEET'!$C$3:$AM$258, 112, FALSE)+ HLOOKUP(I3,'BALANCE SHEET'!$C$3:$AM$258, 113, FALSE)+ HLOOKUP(I3,'BALANCE SHEET'!$C$3:$AM$258, 114, FALSE)+ HLOOKUP(I3,'BALANCE SHEET'!$C$3:$AM$258, 115, FALSE)+ HLOOKUP(I3,'BALANCE SHEET'!$C$3:$AM$258, 117, FALSE)+ HLOOKUP(I3,'BALANCE SHEET'!$C$3:$AM$258, 120, FALSE)+ HLOOKUP(I3,'BALANCE SHEET'!$C$3:$AM$258, 121, FALSE)+ HLOOKUP(I3,'BALANCE SHEET'!$C$3:$AM$258, 122, FALSE), 0) | J9: =IFERROR(HLOOKUP(J3,'BALANCE SHEET'!$C$3:$AM$258, 5, FALSE) + HLOOKUP(J3,'BALANCE SHEET'!$C$3:$AM$258, 19, FALSE) + HLOOKUP(J3,'BALANCE SHEET'!$C$3:$AM$258, 23, FALSE) + HLOOKUP(J3,'BALANCE SHEET'!$C$3:$AM$258, 24, FALSE) + HLOOKUP(J3,'BALANCE SHEET'!$C$3:$AM$258, 29, FALSE) + HLOOKUP(J3,'BALANCE SHEET'!$C$3:$AM$258, 31, FALSE) + HLOOKUP(J3,'BALANCE SHEET'!$C$3:$AM$258, 35, FALSE)+ HLOOKUP(J3,'BALANCE SHEET'!$C$3:$AM$258, 39, FALSE) + HLOOKUP(J3,'BALANCE SHEET'!$C$3:$AM$258, 49, FALSE) + HLOOKUP(J3,'BALANCE SHEET'!$C$3:$AM$258, 89, FALSE) + HLOOKUP(J3,'BALANCE SHEET'!$C$3:$AM$258, 98, FALSE) + HLOOKUP(J3,'BALANCE SHEET'!$C$3:$AM$258, 100, FALSE)+ HLOOKUP(J3,'BALANCE SHEET'!$C$3:$AM$258, 101, FALSE)+ HLOOKUP(J3,'BALANCE SHEET'!$C$3:$AM$258, 102, FALSE)+ HLOOKUP(J3,'BALANCE SHEET'!$C$3:$AM$258, 103, FALSE)+ HLOOKUP(J3,'BALANCE SHEET'!$C$3:$AM$258, 104, FALSE)+ HLOOKUP(J3,'BALANCE SHEET'!$C$3:$AM$258, 105, FALSE)+ HLOOKUP(J3,'BALANCE SHEET'!$C$3:$AM$258, 106, FALSE) + + HLOOKUP(J3,'BALANCE SHEET'!$C$3:$AM$258, 107, FALSE) + HLOOKUP(J3,'BALANCE SHEET'!$C$3:$AM$258, 112, FALSE)+ HLOOKUP(J3,'BALANCE SHEET'!$C$3:$AM$258, 113, FALSE)+ HLOOKUP(J3,'BALANCE SHEET'!$C$3:$AM$258, 114, FALSE)+ HLOOKUP(J3,'BALANCE SHEET'!$C$3:$AM$258, 115, FALSE)+ HLOOKUP(J3,'BALANCE SHEET'!$C$3:$AM$258, 117, FALSE)+ HLOOKUP(J3,'BALANCE SHEET'!$C$3:$AM$258, 120, FALSE)+ HLOOKUP(J3,'BALANCE SHEET'!$C$3:$AM$258, 121, FALSE)+ HLOOKUP(J3,'BALANCE SHEET'!$C$3:$AM$258, 122, FALSE), 0) | ... AM9: =IFERROR(HLOOKUP(AM3,'BALANCE SHEET'!$C$3:$AM$258, 5, FALSE) + HLOOKUP(AM3,'BALANCE SHEET'!$C$3:$AM$258, 19, FALSE) + HLOOKUP(AM3,'BALANCE SHEET'!$C$3:$AM$258, 23, FALSE) + HLOOKUP(AM3,'BALANCE SHEET'!$C$3:$AM$258, 24, FALSE) + HLOOKUP(AM3,'BALANCE SHEET'!$C$3:$AM$258, 29, FALSE) + HLOOKUP(AM3,'BALANCE SHEET'!$C$3:$AM$258, 31, FALSE) + HLOOKUP(AM3,'BALANCE SHEET'!$C$3:$AM$258, 35, FALSE)+ HLOOKUP(AM3,'BALANCE SHEET'!$C$3:$AM$258, 39, FALSE) + HLOOKUP(AM3,'BALANCE SHEET'!$C$3:$AM$258, 49, FALSE) + HLOOKUP(AM3,'BALANCE SHEET'!$C$3:$AM$258, 89, FALSE) + HLOOKUP(AM3,'BALANCE SHEET'!$C$3:$AM$258, 98, FALSE) + HLOOKUP(AM3,'BALANCE SHEET'!$C$3:$AM$258, 100, FALSE)+ HLOOKUP(AM3,'BALANCE SHEET'!$C$3:$AM$258, 101, FALSE)+ HLOOKUP(AM3,'BALANCE SHEET'!$C$3:$AM$258, 102, FALSE)+ HLOOKUP(AM3,'BALANCE SHEET'!$C$3:$AM$258, 103, FALSE)+ HLOOKUP(AM3,'BALANCE SHEET'!$C$3:$AM$258, 104, FALSE)+ HLOOKUP(AM3,'BALANCE SHEET'!$C$3:$AM$258, 105, FALSE)+ HLOOKUP(AM3,'BALANCE SHEET'!$C$3:$AM$258, 106, FALSE) + + HLOOKUP(AM3,'BALANCE SHEET'!$C$3:$AM$258, 107, FALSE) + HLOOKUP(AM3,'BALANCE SHEET'!$C$3:$AM$258, 112, FALSE)+ HLOOKUP(AM3,'BALANCE SHEET'!$C$3:$AM$258, 113, FALSE)+ HLOOKUP(AM3,'BALANCE SHEET'!$C$3:$AM$258, 114, FALSE)+ HLOOKUP(AM3,'BALANCE SHEET'!$C$3:$AM$258, 115, FALSE)+ HLOOKUP(AM3,'BALANCE SHEET'!$C$3:$AM$258, 117, FALSE)+ HLOOKUP(AM3,'BALANCE SHEET'!$C$3:$AM$258, 120, FALSE)+ HLOOKUP(AM3,'BALANCE SHEET'!$C$3:$AM$258, 121, FALSE)+ HLOOKUP(AM3,'BALANCE SHEET'!$C$3:$AM$258, 122, FALSE), 0)
A10: Total Asset Sum | C10: =SUM(C5:C9) | D10: =SUM(D5:D9) | E10: =SUM(E5:E9) | F10: =SUM(F5:F9) | G10: =SUM(G5:G9) | H10: =SUM(H5:H9) | I10: =SUM(I5:I9) | J10: =SUM(J5:J9) | ... AM10: =SUM(AM5:AM9)
A11: Total Asset Check | C11: =IFERROR(HLOOKUP(C3,'BALANCE SHEET'!$C$3:$AM$258, 123, FALSE), 0) | D11: =IFERROR(HLOOKUP(D3,'BALANCE SHEET'!$C$3:$AM$258, 123, FALSE), 0) | E11: =IFERROR(HLOOKUP(E3,'BALANCE SHEET'!$C$3:$AM$258, 123, FALSE), 0) | F11: =IFERROR(HLOOKUP(F3,'BALANCE SHEET'!$C$3:$AM$258, 123, FALSE), 0) | G11: =IFERROR(HLOOKUP(G3,'BALANCE SHEET'!$C$3:$AM$258, 123, FALSE), 0) | H11: =IFERROR(HLOOKUP(H3,'BALANCE SHEET'!$C$3:$AM$258, 123, FALSE), 0) | I11: =IFERROR(HLOOKUP(I3,'BALANCE SHEET'!$C$3:$AM$258, 123, FALSE), 0) | J11: =IFERROR(HLOOKUP(J3,'BALANCE SHEET'!$C$3:$AM$258, 123, FALSE), 0) | ... AM11: =IFERROR(HLOOKUP(AM3,'BALANCE SHEET'!$C$3:$AM$258, 123, FALSE), 0)
A12: Percentage
A13: Cash | C13: =IFERROR(C5/C$10, 0) | D13: =IFERROR(D5/D$10, 0) | E13: =IFERROR(E5/E$10, 0) | F13: =IFERROR(F5/F$10, 0) | G13: =IFERROR(G5/G$10, 0) | H13: =IFERROR(H5/H$10, 0) | I13: =IFERROR(I5/I$10, 0) | J13: =IFERROR(J5/J$10, 0) | ... AM13: =IFERROR(AM5/AM$10, 0)
A14: Credit | C14: =IFERROR(C6/C$10, 0) | D14: =IFERROR(D6/D$10, 0) | E14: =IFERROR(E6/E$10, 0) | F14: =IFERROR(F6/F$10, 0) | G14: =IFERROR(G6/G$10, 0) | H14: =IFERROR(H6/H$10, 0) | I14: =IFERROR(I6/I$10, 0) | J14: =IFERROR(J6/J$10, 0) | ... AM14: =IFERROR(AM6/AM$10, 0)
A15: PPE | C15: =IFERROR(C7/C$10, 0) | D15: =IFERROR(D7/D$10, 0) | E15: =IFERROR(E7/E$10, 0) | F15: =IFERROR(F7/F$10, 0) | G15: =IFERROR(G7/G$10, 0) | H15: =IFERROR(H7/H$10, 0) | I15: =IFERROR(I7/I$10, 0) | J15: =IFERROR(J7/J$10, 0) | ... AM15: =IFERROR(AM7/AM$10, 0)
A16: Investment | C16: =IFERROR(C8/C$10, 0) | D16: =IFERROR(D8/D$10, 0) | E16: =IFERROR(E8/E$10, 0) | F16: =IFERROR(F8/F$10, 0) | G16: =IFERROR(G8/G$10, 0) | H16: =IFERROR(H8/H$10, 0) | I16: =IFERROR(I8/I$10, 0) | J16: =IFERROR(J8/J$10, 0) | ... AM16: =IFERROR(AM8/AM$10, 0)
A17: Others | C17: =IFERROR(C9/C$10, 0) | D17: =IFERROR(D9/D$10, 0) | E17: =IFERROR(E9/E$10, 0) | F17: =IFERROR(F9/F$10, 0) | G17: =IFERROR(G9/G$10, 0) | H17: =IFERROR(H9/H$10, 0) | I17: =IFERROR(I9/I$10, 0) | J17: =IFERROR(J9/J$10, 0) | ... AM17: =IFERROR(AM9/AM$10, 0)
A18: Total Percentage Sum | C18: =SUM(C13:C17) | D18: =SUM(D13:D17) | E18: =SUM(E13:E17) | F18: =SUM(F13:F17) | G18: =SUM(G13:G17) | H18: =SUM(H13:H17) | I18: =SUM(I13:I17) | J18: =SUM(J13:J17) | ... AM18: =SUM(AM13:AM17)

Sheet INCOME STATEMENT
A1: Laporan laba rugi dan penghasilan komprehensif lain
A3: Period | C3: 2025-03-31 | D3: 2025-06-30 | E3: 2026-03-31 | F3: 2026-06-30
A4: Laporan laba rugi dan penghasilan komprehensif lain
A5: Gross Operating Revenue (without recoveries, change in fair value, & one off) | C5: =C11+C19+C20+C28+C29+C30+C22+C25+C27+C33+C34+C38+C47+C48+C49+C50+C61+C52+C53+C54+C55+C56+C57+C60+C63+C62+C64+C69 | D5: =D11+D19+D20+D28+D29+D30+D22+D25+D27+D33+D34+D38+D47+D48+D49+D50+D61+D52+D53+D54+D55+D56+D57+D60+D63+D62+D64+D69 | E5: =E11+E19+E20+E28+E29+E30+E22+E25+E27+E33+E34+E38+E47+E48+E49+E50+E61+E52+E53+E54+E55+E56+E57+E60+E63+E62+E64+E69 | F5: =F11+F19+F20+F28+F29+F30+F22+F25+F27+F33+F34+F38+F47+F48+F49+F50+F61+F52+F53+F54+F55+F56+F57+F60+F63+F62+F64+F69 | G5: =G11+G19+G20+G28+G29+G30+G22+G25+G27+G33+G34+G38+G47+G48+G49+G50+G61+G52+G53+G54+G55+G56+G57+G60+G63+G62+G64+G69 | H5: =H11+H19+H20+H28+H29+H30+H22+H25+H27+H33+H34+H38+H47+H48+H49+H50+H61+H52+H53+H54+H55+H56+H57+H60+H63+H62+H64+H69 | I5: =I11+I19+I20+I28+I29+I30+I22+I25+I27+I33+I34+I38+I47+I48+I49+I50+I61+I52+I53+I54+I55+I56+I57+I60+I63+I62+I64+I69 | J5: =J11+J19+J20+J28+J29+J30+J22+J25+J27+J33+J34+J38+J47+J48+J49+J50+J61+J52+J53+J54+J55+J56+J57+J60+J63+J62+J64+J69 | ... AL5: =AL11+AL19+AL20+AL28+AL29+AL30+AL22+AL25+AL27+AL33+AL34+AL38+AL47+AL48+AL49+AL50+AL61+AL52+AL53+AL54+AL55+AL56+AL57+AL60+AL63+AL62+AL64+AL69
A6: Gross Operating Revenue Growth (%) | C6: =IFERROR(IF(((C5-B5)/B5)=-1, "", (C5-B5)/B5), "") | D6: =IFERROR(IF(((D5-C5)/C5)=-1, "", (D5-C5)/C5), "") | E6: =IFERROR(IF(((E5-D5)/D5)=-1, "", (E5-D5)/D5), "") | F6: =IFERROR(IF(((F5-E5)/E5)=-1, "", (F5-E5)/E5), "") | G6: =IFERROR(IF(((G5-F5)/F5)=-1, "", (G5-F5)/F5), "") | H6: =IFERROR(IF(((H5-G5)/G5)=-1, "", (H5-G5)/G5), "") | I6: =IFERROR(IF(((I5-H5)/H5)=-1, "", (I5-H5)/H5), "") | J6: =IFERROR(IF(((J5-I5)/I5)=-1, "", (J5-I5)/I5), "") | ... AL6: =IFERROR(IF(((AL5-AK5)/AK5)=-1, "", (AL5-AK5)/AK5), "")
A7: Net Operating Revenue (without recoveries, change in fair value, & one off) | C7: =C5 - (C14+C23+C24+C26+C32+C35+C36+C37+C39+C40+C41+C42+C43+C77) | D7: =D5 - (D14+D23+D24+D26+D32+D35+D36+D37+D39+D40+D41+D42+D43+D77) | E7: =E5 - (E14+E23+E24+E26+E32+E35+E36+E37+E39+E40+E41+E42+E43+E77) | F7: =F5 - (F14+F23+F24+F26+F32+F35+F36+F37+F39+F40+F41+F42+F43+F77) | G7: =G5 - (G14+G23+G24+G26+G32+G35+G36+G37+G39+G40+G41+G42+G43+G77) | H7: =H5 - (H14+H23+H24+H26+H32+H35+H36+H37+H39+H40+H41+H42+H43+H77) | I7: =I5 - (I14+I23+I24+I26+I32+I35+I36+I37+I39+I40+I41+I42+I43+I77) | J7: =J5 - (J14+J23+J24+J26+J32+J35+J36+J37+J39+J40+J41+J42+J43+J77) | ... AL7: =AL5 - (AL14+AL23+AL24+AL26+AL32+AL35+AL36+AL37+AL39+AL40+AL41+AL42+AL43+AL77)
A8: Net Operating Revenue Growth (%) | C8: =IFERROR(IF(((C7-B7)/B7)=-1, "", (C7-B7)/B7), "") | D8: =IFERROR(IF(((D7-C7)/C7)=-1, "", (D7-C7)/C7), "") | E8: =IFERROR(IF(((E7-D7)/D7)=-1, "", (E7-D7)/D7), "") | F8: =IFERROR(IF(((F7-E7)/E7)=-1, "", (F7-E7)/E7), "") | G8: =IFERROR(IF(((G7-F7)/F7)=-1, "", (G7-F7)/F7), "") | H8: =IFERROR(IF(((H7-G7)/G7)=-1, "", (H7-G7)/G7), "") | I8: =IFERROR(IF(((I7-H7)/H7)=-1, "", (I7-H7)/H7), "") | J8: =IFERROR(IF(((J7-I7)/I7)=-1, "", (J7-I7)/I7), "") | ... AL8: =IFERROR(IF(((AL7-AK7)/AK7)=-1, "", (AL7-AK7)/AK7), "")
A9: Total Asset Turnover Ratio (TATO) (%) | C9: =IFERROR(C7/HLOOKUP(C3,'BALANCE SHEET'!$C$3:$AH$258, 123, FALSE), "") | D9: =IFERROR(D7/HLOOKUP(D3,'BALANCE SHEET'!$C$3:$AH$258, 123, FALSE), "") | E9: =IFERROR(E7/HLOOKUP(E3,'BALANCE SHEET'!$C$3:$AH$258, 123, FALSE), "") | F9: =IFERROR(F7/HLOOKUP(F3,'BALANCE SHEET'!$C$3:$AH$258, 123, FALSE), "") | G9: =IFERROR(G7/HLOOKUP(G3,'BALANCE SHEET'!$C$3:$AH$258, 123, FALSE), "") | H9: =IFERROR(H7/HLOOKUP(H3,'BALANCE SHEET'!$C$3:$AH$258, 123, FALSE), "") | I9: =IFERROR(I7/HLOOKUP(I3,'BALANCE SHEET'!$C$3:$AH$258, 123, FALSE), "") | J9: =IFERROR(J7/HLOOKUP(J3,'BALANCE SHEET'!$C$3:$AH$258, 123, FALSE), "") | ... AL9: =IFERROR(AL7/HLOOKUP(AL3,'BALANCE SHEET'!$C$3:$AH$258, 123, FALSE), "")
A10: Pendapatan dan beban operasional
A11: Pendapatan bunga | C11: 366.45 | D11: 904.492 | E11: 724.646 | F11: 1499.672
A12: Gross Interest Income Growth (%) | C12: =IFERROR(IF(((C11-B11)/B11)=-1, "", (C11-B11)/B11), "") | D12: =IFERROR(IF(((D11-C11)/C11)=-1, "", (D11-C11)/C11), "") | E12: =IFERROR(IF(((E11-D11)/D11)=-1, "", (E11-D11)/D11), "") | F12: =IFERROR(IF(((F11-E11)/E11)=-1, "", (F11-E11)/E11), "") | G12: =IFERROR(IF(((G11-F11)/F11)=-1, "", (G11-F11)/F11), "") | H12: =IFERROR(IF(((H11-G11)/G11)=-1, "", (H11-G11)/G11), "") | I12: =IFERROR(IF(((I11-H11)/H11)=-1, "", (I11-H11)/H11), "") | J12: =IFERROR(IF(((J11-I11)/I11)=-1, "", (J11-I11)/I11), "") | ... AL12: =IFERROR(IF(((AL11-AK11)/AK11)=-1, "", (AL11-AK11)/AK11), "")
A13: Gross Interest Margin (GIM) (%) | C13: =IFERROR(C11/HLOOKUP(C3,'BALANCE SHEET'!$C$3:$AH$258, 125, FALSE), "") | D13: =IFERROR(D11/HLOOKUP(D3,'BALANCE SHEET'!$C$3:$AH$258, 125, FALSE), "") | E13: =IFERROR(E11/HLOOKUP(E3,'BALANCE SHEET'!$C$3:$AH$258, 125, FALSE), "") | F13: =IFERROR(F11/HLOOKUP(F3,'BALANCE SHEET'!$C$3:$AH$258, 125, FALSE), "") | G13: =IFERROR(G11/HLOOKUP(G3,'BALANCE SHEET'!$C$3:$AH$258, 125, FALSE), "") | H13: =IFERROR(H11/HLOOKUP(H3,'BALANCE SHEET'!$C$3:$AH$258, 125, FALSE), "") | I13: =IFERROR(I11/HLOOKUP(I3,'BALANCE SHEET'!$C$3:$AH$258, 125, FALSE), "") | J13: =IFERROR(J11/HLOOKUP(J3,'BALANCE SHEET'!$C$3:$AH$258, 125, FALSE), "") | ... AL13: =IFERROR(AL11/HLOOKUP(AL3,'BALANCE SHEET'!$C$3:$AH$258, 125, FALSE), "")
A14: Beban bunga | C14: 103.461 | D14: 239.198 | E14: 221.323 | F14: 488.818
A15: Cost of Fund (COF) (%) | C15: =IFERROR(C$14/HLOOKUP(C$3,'BALANCE SHEET'!$C$3:$AH$258, 203, FALSE), "") | D15: =IFERROR(D$14/HLOOKUP(D$3,'BALANCE SHEET'!$C$3:$AH$258, 203, FALSE), "") | E15: =IFERROR(E$14/HLOOKUP(E$3,'BALANCE SHEET'!$C$3:$AH$258, 203, FALSE), "") | F15: =IFERROR(F$14/HLOOKUP(F$3,'BALANCE SHEET'!$C$3:$AH$258, 203, FALSE), "") | G15: =IFERROR(G$14/HLOOKUP(G$3,'BALANCE SHEET'!$C$3:$AH$258, 203, FALSE), "") | H15: =IFERROR(H$14/HLOOKUP(H$3,'BALANCE SHEET'!$C$3:$AH$258, 203, FALSE), "") | I15: =IFERROR(I$14/HLOOKUP(I$3,'BALANCE SHEET'!$C$3:$AH$258, 203, FALSE), "") | J15: =IFERROR(J$14/HLOOKUP(J$3,'BALANCE SHEET'!$C$3:$AH$258, 203, FALSE), "") | ... AL15: =IFERROR(AL$14/HLOOKUP(AL$3,'BALANCE SHEET'!$C$3:$AH$258, 203, FALSE), "")
A16: Pendapatan bunga bersih | C16: =C11-C14 | D16: =D11-D14 | E16: =E11-E14 | F16: =F11-F14 | G16: =G11-G14 | H16: =H11-H14 | I16: =I11-I14 | J16: =J11-J14 | ... AL16: =AL11-AL14
A17: Net Interest Income Growth (%) | C17: =IFERROR(IF(((C16-B16)/B16)=-1, "", (C16-B16)/B16), "") | D17: =IFERROR(IF(((D16-C16)/C16)=-1, "", (D16-C16)/C16), "") | E17: =IFERROR(IF(((E16-D16)/D16)=-1, "", (E16-D16)/D16), "") | F17: =IFERROR(IF(((F16-E16)/E16)=-1, "", (F16-E16)/E16), "") | G17: =IFERROR(IF(((G16-F16)/F16)=-1, "", (G16-F16)/F16), "") | H17: =IFERROR(IF(((H16-G16)/G16)=-1, "", (H16-G16)/G16), "") | I17: =IFERROR(IF(((I16-H16)/H16)=-1, "", (I16-H16)/H16), "") | J17: =IFERROR(IF(((J16-I16)/I16)=-1, "", (J16-I16)/I16), "") | ... AL17: =IFERROR(IF(((AL16-AK16)/AK16)=-1, "", (AL16-AK16)/AK16), "")
A18: Net Interest Margin (NIM) (%) | C18: =IFERROR(C16/HLOOKUP(C3,'BALANCE SHEET'!$C$3:$AH$258, 125, FALSE), "") | D18: =IFERROR(D16/HLOOKUP(D3,'BALANCE SHEET'!$C$3:$AH$258, 125, FALSE), "") | E18: =IFERROR(E16/HLOOKUP(E3,'BALANCE SHEET'!$C$3:$AH$258, 125, FALSE), "") | F18: =IFERROR(F16/HLOOKUP(F3,'BALANCE SHEET'!$C$3:$AH$258, 125, FALSE), "") | G18: =IFERROR(G16/HLOOKUP(G3,'BALANCE SHEET'!$C$3:$AH$258, 125, FALSE), "") | H18: =IFERROR(H16/HLOOKUP(H3,'BALANCE SHEET'!$C$3:$AH$258, 125, FALSE), "") | I18: =IFERROR(I16/HLOOKUP(I3,'BALANCE SHEET'!$C$3:$AH$258, 125, FALSE), "") | J18: =IFERROR(J16/HLOOKUP(J3,'BALANCE SHEET'!$C$3:$AH$258, 125, FALSE), "") | ... AL18: =IFERROR(AL16/HLOOKUP(AL3,'BALANCE SHEET'!$C$3:$AH$258, 125, FALSE), "")
A19: Pendapatan pengelolaan dana oleh bank sebagai mudharib
A20: Hak pihak ketiga atas bagi hasil dana syirkah temporer
A21: Pendapatan asuransi
A22: Pendapatan dari premi asuransi
A23: Premi reasuransi
A24: Premi retrosesi
A25: Penurunan (kenaikan) premi yang belum merupakan pendapatan
A26: Penurunan (kenaikan) pendapatan premi disesikan kepada reasuradur
A27: Pendapatan komisi asuransi
A28: Pendapatan bersih investasi
A29: Penerimaan ujrah
A30: Pendapatan asuransi lainnya
... A43: Beban asuransi lainnya
A44: Net Operating Revenue before Provisions | C44: =C5 - (C14+C23+C24+C26+C32+C35+C36+C37+C39+C40+C41+C42+C43) | D44: =D5-D14-D32 | E44: =E5-E14-E32 | F44: =F5-F14-F32 | G44: =G5-G14-G32 | H44: =H5-H14-H32 | I44: =I5-I14-I32 | J44: =J5-J14-J32 | K44: =K5-K14-K32 | ... AL44: =AL5-AL14-AL32
A45: GPM (%) | C45: =IFERROR(C44/C5, "") | D45: =IFERROR(D44/D5, "") | E45: =IFERROR(E44/E5, "") | F45: =IFERROR(F44/F5, "") | G45: =IFERROR(G44/G5, "") | H45: =IFERROR(H44/H5, "") | I45: =IFERROR(I44/I5, "") | J45: =IFERROR(J44/J5, "") | ... AL45: =IFERROR(AL44/AL5, "")
A46: Pendapatan dari pembiayaan
A47: Pendapatan dari pembiayaan konsumen
A48: Pendapatan dari sewa pembiayaan
A49: Pendapatan dari sewa operasi
A50: Pendapatan dari anjak piutang
A51: Pendapatan sekuritas
A52: Pendapatan kegiatan penjamin emisi dan penjualan efek
A53: Pendapatan pembiayaan transaksi nasabah
A54: Pendapatan jasa biro administrasi efek
A55: Pendapatan kegiatan jasa manajer investasi
A56: Pendapatan kegiatan jasa penasehat keuangan
A57: Keuntungan (kerugian) dari transaksi perdagangan efek yang telah direalisasi
... A60: Pendapatan investasi
A61: Pendapatan provisi dan komisi dari transaksi lainnya selain kredit | C61: 1.432 | D61: 3.287 | E61: 4.289 | F61: 8.745
A62: Pendapatan transaksi perdagangan
A63: Pendapatan dividen
A64: Keuntungan (kerugian) yang telah direalisasi atas instrumen derivatif
A65: Penerimaan kembali aset yang telah dihapusbukukan | C65: 0.259 | D65: 6.887 | E65: 1.947 | F65: 5.759
A66: Keuntungan (kerugian) selisih kurs mata uang asing
A67: Keuntungan (kerugian) pelepasan aset tetap
A68: Keuntungan (kerugian) pelepasan agunan yang diambil alih
A69: Pendapatan operasional lainnya | C69: 18.082 | D69: 5.53 | E69: 22.1 | F69: 48.379
A70: Pemulihan penyisihan kerugian penurunan nilai
A71: Pemulihan penyisihan kerugian penurunan nilai aset keuangan
A72: Pemulihan penyisihan kerugian penurunan nilai aset keuangan - sewa pembiayaan
A73: Pemulihan penyisihan kerugian penurunan nilai aset keuangan - piutang pembiayaan konsumen
A74: Pemulihan penyisihan kerugian penurunan nilai aset non-keuangan
A75: Pemulihan penyisihan kerugian penurunan nilai aset non-keuangan - agunan yang diambil alih
A76: Pemulihan penyisihan estimasi kerugian atas komitmen dan kontinjensi
A77: Pembentukan kerugian penurunan nilai | C77: =C80+C81 | D77: =D80+D81 | E77: =E80+E81 | F77: =F80+F81 | G77: =G80+G81 | H77: =H80+H81 | I77: =I80+I81 | J77: =J80+J81 | ... AL77: =AL80+AL81
A78: CKPN to Net Revenue (%) | C78: =IFERROR(C77/C7, "") | D78: =IFERROR(D77/D7, "") | E78: =IFERROR(E77/E7, "") | F78: =IFERROR(F77/F7, "") | G78: =IFERROR(G77/G7, "") | H78: =IFERROR(H77/H7, "") | I78: =IFERROR(I77/I7, "") | J78: =IFERROR(J77/J7, "") | ... AL78: =IFERROR(AL77/AL7, "")
A79: Credit Cost (%) | C79: =IFERROR(C77/HLOOKUP(C3,'BALANCE SHEET'!$C$3:$AH$258, 42, FALSE), "") | D79: =IFERROR(D77/HLOOKUP(D3,'BALANCE SHEET'!$C$3:$AH$258, 42, FALSE), "") | E79: =IFERROR(E77/HLOOKUP(E3,'BALANCE SHEET'!$C$3:$AH$258, 42, FALSE), "") | F79: =IFERROR(F77/HLOOKUP(F3,'BALANCE SHEET'!$C$3:$AH$258, 42, FALSE), "") | G79: =IFERROR(G77/HLOOKUP(G3,'BALANCE SHEET'!$C$3:$AH$258, 42, FALSE), "") | H79: =IFERROR(H77/HLOOKUP(H3,'BALANCE SHEET'!$C$3:$AH$258, 42, FALSE), "") | I79: =IFERROR(I77/HLOOKUP(I3,'BALANCE SHEET'!$C$3:$AH$258, 42, FALSE), "") | J79: =IFERROR(J77/HLOOKUP(J3,'BALANCE SHEET'!$C$3:$AH$258, 42, FALSE), "") | ... AL79: =IFERROR(AL77/HLOOKUP(AL3,'BALANCE SHEET'!$C$3:$AH$258, 42, FALSE), "")
A80: Pembentukan penyisihan kerugian penurunan nilai aset produktif | C80: 55.69 | D80: 142.992 | E80: 127.618 | F80: 251.897
A81: Pembentukan penyisihan kerugian penurunan nilai aset non-produktif
A82: Pembalikan (beban) estimasi kerugian komitmen dan kontijensi
A83: Beban operasional lainnya
A84: Beban umum dan administrasi | C84: 124.367 | D84: 281.141 | E84: 176.706 | F84: 323.318
A85: Beban penjualan
A86: Beban sewa, pemeliharaan, dan perbaikan | C86: 0.782 | D86: 6.577 | E86: 1.513 | F86: 3.72
A87: Beban provisi dan komisi | C87: 2.674 | D87: 4.903 | E87: 5.735 | F87: 13.83
A88: Beban operasional lainnya | C88: 98.68 | D88: 214.586 | E88: 119.718 | F88: 246.571
A89: Jumlah laba operasional | C89: 0.569 | D89: 30.799 | E89: 100.369 | F89: 234.401
A90: Operating Profit Growth (%) | C90: =IFERROR(IF(((C89-B89)/B89)=-1, "", (C89-B89)/B89), "") | D90: =IFERROR(IF(((D89-C89)/C89)=-1, "", (D89-C89)/C89), "") | E90: =IFERROR(IF(((E89-D89)/D89)=-1, "", (E89-D89)/D89), "") | F90: =IFERROR(IF(((F89-E89)/E89)=-1, "", (F89-E89)/E89), "") | G90: =IFERROR(IF(((G89-F89)/F89)=-1, "", (G89-F89)/F89), "") | H90: =IFERROR(IF(((H89-G89)/G89)=-1, "", (H89-G89)/G89), "") | I90: =IFERROR(IF(((I89-H89)/H89)=-1, "", (I89-H89)/H89), "") | J90: =IFERROR(IF(((J89-I89)/I89)=-1, "", (J89-I89)/I89), "") | ... AL90: =IFERROR(IF(((AL89-AK89)/AK89)=-1, "", (AL89-AK89)/AK89), "")
A91: OPM (%) | C91: =IFERROR(C89/C5, "") | D91: =IFERROR(D89/D5, "") | E91: =IFERROR(E89/E5, "") | F91: =IFERROR(F89/F5, "") | G91: =IFERROR(G89/G5, "") | H91: =IFERROR(H89/H5, "") | I91: =IFERROR(I89/I5, "") | J91: =IFERROR(J89/J5, "") | ... AL91: =IFERROR(AL89/AL5, "")
A92: Pendapatan dan beban bukan operasional
A93: Pendapatan bukan operasional | C93: 0 | D93: 0 | E93: 0 | F93: 0
A94: Beban bukan operasional | C94: 0.318 | D94: 0.318 | E94: 0 | F94: 0
A95: Bagian atas laba (rugi) entitas asosiasi yang dicatat dengan menggunakan metode ekuitas
A96: Bagian atas laba (rugi) entitas ventura bersama yang dicatat menggunakan metode ekuitas
A97: Jumlah laba (rugi) sebelum pajak penghasilan | C97: 0.251 | D97: 30.481 | E97: 100.369 | F97: 234.401
A98: Pendapatan (beban) pajak | C98: 0 | D98: -9.973 | E98: -22.179 | F98: -51.793
A99: Jumlah laba (rugi) dari operasi yang dilanjutkan | C99: 0.251 | D99: 20.508 | E99: 78.19 | F99: 182.608
A100: Laba (rugi) dari operasi yang dihentikan
A101: Jumlah laba (rugi) | C101: 0.251 | D101: 20.508 | E101: 78.19 | F101: 182.608
A102: Pendapatan komprehensif lainnya, sebelum pajak
A103: Pendapatan komprehensif lainnya yang tidak akan direklasifikasi ke laba rugi, sebelum pajak
A104: Pendapatan komprehensif lainnya atas keuntungan (kerugian) hasil revaluasi aset tetap, sebelum pajak
A105: Pendapatan komprehensif lainnya atas pengukuran kembali kewajiban manfaat pasti, sebelum pajak
A106: Penyesuaian lainnya atas pendapatan komprehensif lainnya yang tidak akan direklasifikasi ke laba rugi, sebelum pajak
A107: Jumlah pendapatan komprehensif lainnya yang tidak akan direklasifikasi ke laba rugi, sebelum pajak
A108: Pendapatan komprehensif lainnya yang akan direklasifikasi ke laba rugi, sebelum pajak
A109: Keuntungan (kerugian) selisih kurs penjabaran, sebelum pajak
A110: Penyesuaian reklasifikasi selisih kurs penjabaran, sebelum pajak
A111: Keuntungan (kerugian) yang belum direalisasi atas perubahan nilai wajar aset keuangan melalui penghasilan komprehensif lain, sebelum pajak
A112: Penyesuaian reklasifikasi atas aset keuangan nilai wajar melalui pendapatan komprehensif lainnya, sebelum pajak
A113: Keuntungan (kerugian) lindung nilai arus kas, sebelum pajak
... A128: Penyesuaian lainnya atas pendapatan komprehensif lainnya yang tidak akan direklasifikasi ke laba rugi, setelah pajak
A129: Jumlah pendapatan komprehensif lainnya yang tidak akan direklasifikasi ke laba rugi, setelah pajak | C129: 0 | D129: 0 | E129: 0 | F129: 0
...

Sheet INCOME STATEMENT QoQ
A1: Laporan laba rugi dan penghasilan komprehensif lain
A3: Period | C3: 2025-03-31 | D3: 2025-06-30 | E3: 2026-03-31 | F3: 2026-06-30
A4: Laporan laba rugi dan penghasilan komprehensif lain
A5: Gross Operating Revenue (without recoveries, change in fair value, & one off) | C5: =C11+C19+C20+C28+C29+C30+C22+C25+C27+C33+C34+C38+C47+C48+C49+C50+C61+C52+C53+C54+C55+C56+C57+C60+C63+C62+C64+C69 | D5: =D11+D19+D20+D28+D29+D30+D22+D25+D27+D33+D34+D38+D47+D48+D49+D50+D61+D52+D53+D54+D55+D56+D57+D60+D63+D62+D64+D69 | E5: =E11+E19+E20+E28+E29+E30+E22+E25+E27+E33+E34+E38+E47+E48+E49+E50+E61+E52+E53+E54+E55+E56+E57+E60+E63+E62+E64+E69 | F5: =F11+F19+F20+F28+F29+F30+F22+F25+F27+F33+F34+F38+F47+F48+F49+F50+F61+F52+F53+F54+F55+F56+F57+F60+F63+F62+F64+F69 | G5: =G11+G19+G20+G28+G29+G30+G22+G25+G27+G33+G34+G38+G47+G48+G49+G50+G61+G52+G53+G54+G55+G56+G57+G60+G63+G62+G64+G69 | H5: =H11+H19+H20+H28+H29+H30+H22+H25+H27+H33+H34+H38+H47+H48+H49+H50+H61+H52+H53+H54+H55+H56+H57+H60+H63+H62+H64+H69 | I5: =I11+I19+I20+I28+I29+I30+I22+I25+I27+I33+I34+I38+I47+I48+I49+I50+I61+I52+I53+I54+I55+I56+I57+I60+I63+I62+I64+I69 | J5: =J11+J19+J20+J28+J29+J30+J22+J25+J27+J33+J34+J38+J47+J48+J49+J50+J61+J52+J53+J54+J55+J56+J57+J60+J63+J62+J64+J69 | ... AL5: =AL11+AL19+AL20+AL28+AL29+AL30+AL22+AL25+AL27+AL33+AL34+AL38+AL47+AL48+AL49+AL50+AL61+AL52+AL53+AL54+AL55+AL56+AL57+AL60+AL63+AL62+AL64+AL69
A6: Gross Operating Revenue Growth (%) | C6: =IFERROR(IF(((C5-B5)/B5)=-1, "", (C5-B5)/B5), "") | D6: =IFERROR(IF(((D5-C5)/C5)=-1, "", (D5-C5)/C5), "") | E6: =IFERROR(IF(((E5-D5)/D5)=-1, "", (E5-D5)/D5), "") | F6: =IFERROR(IF(((F5-E5)/E5)=-1, "", (F5-E5)/E5), "") | G6: =IFERROR(IF(((G5-F5)/F5)=-1, "", (G5-F5)/F5), "") | H6: =IFERROR(IF(((H5-G5)/G5)=-1, "", (H5-G5)/G5), "") | I6: =IFERROR(IF(((I5-H5)/H5)=-1, "", (I5-H5)/H5), "") | J6: =IFERROR(IF(((J5-I5)/I5)=-1, "", (J5-I5)/I5), "") | ... AL6: =IFERROR(IF(((AL5-AK5)/AK5)=-1, "", (AL5-AK5)/AK5), "")
A7: Net Operating Revenue (without recoveries, change in fair value, & one off) | C7: =C5 - (C14+C23+C24+C26+C32+C35+C36+C37+C39+C40+C41+C42+C43) | D7: =D5 - (D14+D23+D24+D26+D32+D35+D36+D37+D39+D40+D41+D42+D43) | E7: =E5 - (E14+E23+E24+E26+E32+E35+E36+E37+E39+E40+E41+E42+E43) | F7: =F5 - (F14+F23+F24+F26+F32+F35+F36+F37+F39+F40+F41+F42+F43) | G7: =G5 - (G14+G23+G24+G26+G32+G35+G36+G37+G39+G40+G41+G42+G43) | H7: =H5 - (H14+H23+H24+H26+H32+H35+H36+H37+H39+H40+H41+H42+H43) | I7: =I5 - (I14+I23+I24+I26+I32+I35+I36+I37+I39+I40+I41+I42+I43) | J7: =J5 - (J14+J23+J24+J26+J32+J35+J36+J37+J39+J40+J41+J42+J43) | ... AL7: =AL5 - (AL14+AL23+AL24+AL26+AL32+AL35+AL36+AL37+AL39+AL40+AL41+AL42+AL43)
A8: Net Operating Revenue Growth (%) | C8: =IFERROR(IF(((C7-B7)/B7)=-1, "", (C7-B7)/B7), "") | D8: =IFERROR(IF(((D7-C7)/C7)=-1, "", (D7-C7)/C7), "") | E8: =IFERROR(IF(((E7-D7)/D7)=-1, "", (E7-D7)/D7), "") | F8: =IFERROR(IF(((F7-E7)/E7)=-1, "", (F7-E7)/E7), "") | G8: =IFERROR(IF(((G7-F7)/F7)=-1, "", (G7-F7)/F7), "") | H8: =IFERROR(IF(((H7-G7)/G7)=-1, "", (H7-G7)/G7), "") | I8: =IFERROR(IF(((I7-H7)/H7)=-1, "", (I7-H7)/H7), "") | J8: =IFERROR(IF(((J7-I7)/I7)=-1, "", (J7-I7)/I7), "") | ... AL8: =IFERROR(IF(((AL7-AK7)/AK7)=-1, "", (AL7-AK7)/AK7), "")
A9: Total Asset Turnover Ratio (TATO) (%) | C9: =IFERROR(C7/HLOOKUP(C3,'BALANCE SHEET'!$C$3:$AH$258, 123, FALSE), "") | D9: =IFERROR(D7/HLOOKUP(D3,'BALANCE SHEET'!$C$3:$AH$258, 123, FALSE), "") | E9: =IFERROR(E7/HLOOKUP(E3,'BALANCE SHEET'!$C$3:$AH$258, 123, FALSE), "") | F9: =IFERROR(F7/HLOOKUP(F3,'BALANCE SHEET'!$C$3:$AH$258, 123, FALSE), "") | G9: =IFERROR(G7/HLOOKUP(G3,'BALANCE SHEET'!$C$3:$AH$258, 123, FALSE), "") | H9: =IFERROR(H7/HLOOKUP(H3,'BALANCE SHEET'!$C$3:$AH$258, 123, FALSE), "") | I9: =IFERROR(I7/HLOOKUP(I3,'BALANCE SHEET'!$C$3:$AH$258, 123, FALSE), "") | J9: =IFERROR(J7/HLOOKUP(J3,'BALANCE SHEET'!$C$3:$AH$258, 123, FALSE), "") | ... AL9: =IFERROR(AL7/HLOOKUP(AL3,'BALANCE SHEET'!$C$3:$AH$258, 123, FALSE), "")
A10: Pendapatan dan beban operasional
A11: Pendapatan bunga | C11: 366.45 | D11: 538.042 | E11: 724.646 | F11: 775.026
A12: Gross Interest Income Growth (%) | C12: =IFERROR(IF(((C11-B11)/B11)=-1, "", (C11-B11)/B11), "") | D12: =IFERROR(IF(((D11-C11)/C11)=-1, "", (D11-C11)/C11), "") | E12: =IFERROR(IF(((E11-D11)/D11)=-1, "", (E11-D11)/D11), "") | F12: =IFERROR(IF(((F11-E11)/E11)=-1, "", (F11-E11)/E11), "") | G12: =IFERROR(IF(((G11-F11)/F11)=-1, "", (G11-F11)/F11), "") | H12: =IFERROR(IF(((H11-G11)/G11)=-1, "", (H11-G11)/G11), "") | I12: =IFERROR(IF(((I11-H11)/H11)=-1, "", (I11-H11)/H11), "") | J12: =IFERROR(IF(((J11-I11)/I11)=-1, "", (J11-I11)/I11), "") | ... AL12: =IFERROR(IF(((AL11-AK11)/AK11)=-1, "", (AL11-AK11)/AK11), "")
A13: Gross Interest Margin (GIM) (%) | C13: =IFERROR(C11/HLOOKUP(C3,'BALANCE SHEET'!$C$3:$AH$258, 125, FALSE), "") | D13: =IFERROR(D11/HLOOKUP(D3,'BALANCE SHEET'!$C$3:$AH$258, 125, FALSE), "") | E13: =IFERROR(E11/HLOOKUP(E3,'BALANCE SHEET'!$C$3:$AH$258, 125, FALSE), "") | F13: =IFERROR(F11/HLOOKUP(F3,'BALANCE SHEET'!$C$3:$AH$258, 125, FALSE), "") | G13: =IFERROR(G11/HLOOKUP(G3,'BALANCE SHEET'!$C$3:$AH$258, 125, FALSE), "") | H13: =IFERROR(H11/HLOOKUP(H3,'BALANCE SHEET'!$C$3:$AH$258, 125, FALSE), "") | I13: =IFERROR(I11/HLOOKUP(I3,'BALANCE SHEET'!$C$3:$AH$258, 125, FALSE), "") | J13: =IFERROR(J11/HLOOKUP(J3,'BALANCE SHEET'!$C$3:$AH$258, 125, FALSE), "") | ... AL13: =IFERROR(AL11/HLOOKUP(AL3,'BALANCE SHEET'!$C$3:$AH$258, 125, FALSE), "")
A14: Beban bunga | C14: 103.461 | D14: 135.737 | E14: 221.323 | F14: 267.495
A15: Cost of Fund (COF) (%) | C15: =IFERROR(C$14/HLOOKUP(C$3,'BALANCE SHEET'!$C$3:$AH$258, 203, FALSE), "") | D15: =IFERROR(D$14/HLOOKUP(D$3,'BALANCE SHEET'!$C$3:$AH$258, 203, FALSE), "") | E15: =IFERROR(E$14/HLOOKUP(E$3,'BALANCE SHEET'!$C$3:$AH$258, 203, FALSE), "") | F15: =IFERROR(F$14/HLOOKUP(F$3,'BALANCE SHEET'!$C$3:$AH$258, 203, FALSE), "") | G15: =IFERROR(G$14/HLOOKUP(G$3,'BALANCE SHEET'!$C$3:$AH$258, 203, FALSE), "") | H15: =IFERROR(H$14/HLOOKUP(H$3,'BALANCE SHEET'!$C$3:$AH$258, 203, FALSE), "") | I15: =IFERROR(I$14/HLOOKUP(I$3,'BALANCE SHEET'!$C$3:$AH$258, 203, FALSE), "") | J15: =IFERROR(J$14/HLOOKUP(J$3,'BALANCE SHEET'!$C$3:$AH$258, 203, FALSE), "") | ... AL15: =IFERROR(AL$14/HLOOKUP(AL$3,'BALANCE SHEET'!$C$3:$AH$258, 203, FALSE), "")
A16: Pendapatan bunga bersih | C16: =C11-C14 | D16: =D11-D14 | E16: =E11-E14 | F16: =F11-F14 | G16: =G11-G14 | H16: =H11-H14 | I16: =I11-I14 | J16: =J11-J14 | ... AL16: =AL11-AL14
A17: Net Interest Income Growth (%) | C17: =IFERROR(IF(((C16-B16)/B16)=-1, "", (C16-B16)/B16), "") | D17: =IFERROR(IF(((D16-C16)/C16)=-1, "", (D16-C16)/C16), "") | E17: =IFERROR(IF(((E16-D16)/D16)=-1, "", (E16-D16)/D16), "") | F17: =IFERROR(IF(((F16-E16)/E16)=-1, "", (F16-E16)/E16), "") | G17: =IFERROR(IF(((G16-F16)/F16)=-1, "", (G16-F16)/F16), "") | H17: =IFERROR(IF(((H16-G16)/G16)=-1, "", (H16-G16)/G16), "") | I17: =IFERROR(IF(((I16-H16)/H16)=-1, "", (I16-H16)/H16), "") | J17: =IFERROR(IF(((J16-I16)/I16)=-1, "", (J16-I16)/I16), "") | ... AL17: =IFERROR(IF(((AL16-AK16)/AK16)=-1, "", (AL16-AK16)/AK16), "")
A18: Net Interest Margin (NIM) (%) | C18: =IFERROR(C16/HLOOKUP(C3,'BALANCE SHEET'!$C$3:$AH$258, 125, FALSE), "") | D18: =IFERROR(D16/HLOOKUP(D3,'BALANCE SHEET'!$C$3:$AH$258, 125, FALSE), "") | E18: =IFERROR(E16/HLOOKUP(E3,'BALANCE SHEET'!$C$3:$AH$258, 125, FALSE), "") | F18: =IFERROR(F16/HLOOKUP(F3,'BALANCE SHEET'!$C$3:$AH$258, 125, FALSE), "") | G18: =IFERROR(G16/HLOOKUP(G3,'BALANCE SHEET'!$C$3:$AH$258, 125, FALSE), "") | H18: =IFERROR(H16/HLOOKUP(H3,'BALANCE SHEET'!$C$3:$AH$258, 125, FALSE), "") | I18: =IFERROR(I16/HLOOKUP(I3,'BALANCE SHEET'!$C$3:$AH$258, 125, FALSE), "") | J18: =IFERROR(J16/HLOOKUP(J3,'BALANCE SHEET'!$C$3:$AH$258, 125, FALSE), "") | ... AL18: =IFERROR(AL16/HLOOKUP(AL3,'BALANCE SHEET'!$C$3:$AH$258, 125, FALSE), "")
A19: Pendapatan pengelolaan dana oleh bank sebagai mudharib
A20: Hak pihak ketiga atas bagi hasil dana syirkah temporer
A21: Pendapatan asuransi
A22: Pendapatan dari premi asuransi
A23: Premi reasuransi
A24: Premi retrosesi
A25: Penurunan (kenaikan) premi yang belum merupakan pendapatan
A26: Penurunan (kenaikan) pendapatan premi disesikan kepada reasuradur
A27: Pendapatan komisi asuransi
A28: Pendapatan bersih investasi
A29: Penerimaan ujrah
A30: Pendapatan asuransi lainnya
... A43: Beban asuransi lainnya
A44: Gross Profit | C44: =C5-C14-C32 | D44: =D5-D14-D32 | E44: =E5-E14-E32 | F44: =F5-F14-F32 | G44: =G5-G14-G32 | H44: =H5-H14-H32 | I44: =I5-I14-I32 | J44: =J5-J14-J32 | ... AL44: =AL5-AL14-AL32
A45: GPM (%) | C45: =IFERROR(C44/C5, "") | D45: =IFERROR(D44/D5, "") | E45: =IFERROR(E44/E5, "") | F45: =IFERROR(F44/F5, "") | G45: =IFERROR(G44/G5, "") | H45: =IFERROR(H44/H5, "") | I45: =IFERROR(I44/I5, "") | J45: =IFERROR(J44/J5, "") | ... AL45: =IFERROR(AL44/AL5, "")
A46: Pendapatan dari pembiayaan
A47: Pendapatan dari pembiayaan konsumen
A48: Pendapatan dari sewa pembiayaan
A49: Pendapatan dari sewa operasi
A50: Pendapatan dari anjak piutang
A51: Pendapatan sekuritas
A52: Pendapatan kegiatan penjamin emisi dan penjualan efek
A53: Pendapatan pembiayaan transaksi nasabah
A54: Pendapatan jasa biro administrasi efek
A55: Pendapatan kegiatan jasa manajer investasi
A56: Pendapatan kegiatan jasa penasehat keuangan
A57: Keuntungan (kerugian) dari transaksi perdagangan efek yang telah direalisasi
... A60: Pendapatan investasi
A61: Pendapatan provisi dan komisi dari transaksi lainnya selain kredit | C61: 1.432 | D61: 1.855 | E61: 4.289 | F61: 4.456
A62: Pendapatan transaksi perdagangan
A63: Pendapatan dividen
A64: Keuntungan (kerugian) yang telah direalisasi atas instrumen derivatif
A65: Penerimaan kembali aset yang telah dihapusbukukan | C65: 0.259 | D65: 6.628 | E65: 1.947 | F65: 3.812
A66: Keuntungan (kerugian) selisih kurs mata uang asing
A67: Keuntungan (kerugian) pelepasan aset tetap
A68: Keuntungan (kerugian) pelepasan agunan yang diambil alih
A69: Pendapatan operasional lainnya | C69: 18.082 | D69: -12.552 | E69: 22.1 | F69: 26.279
A70: Pemulihan penyisihan kerugian penurunan nilai
A71: Pemulihan penyisihan kerugian penurunan nilai aset keuangan
A72: Pemulihan penyisihan kerugian penurunan nilai aset keuangan - sewa pembiayaan
A73: Pemulihan penyisihan kerugian penurunan nilai aset keuangan - piutang pembiayaan konsumen
A74: Pemulihan penyisihan kerugian penurunan nilai aset non-keuangan
A75: Pemulihan penyisihan kerugian penurunan nilai aset non-keuangan - agunan yang diambil alih
A76: Pemulihan penyisihan estimasi kerugian atas komitmen dan kontinjensi
A77: Pembentukan kerugian penurunan nilai | C77: =C80+C81 | D77: =D80+D81 | E77: =E80+E81 | F77: =F80+F81 | G77: =G80+G81 | H77: =H80+H81 | I77: =I80+I81 | J77: =J80+J81 | ... AL77: =AL80+AL81
A78: CKPN to Net Revenue (%) | C78: =IFERROR(C77/C7, "") | D78: =IFERROR(D77/D7, "") | E78: =IFERROR(E77/E7, "") | F78: =IFERROR(F77/F7, "") | G78: =IFERROR(G77/G7, "") | H78: =IFERROR(H77/H7, "") | I78: =IFERROR(I77/I7, "") | J78: =IFERROR(J77/J7, "") | ... AL78: =IFERROR(AL77/AL7, "")
A79: Credit Cost (%) | D79: =IFERROR(D77/HLOOKUP(D3,'BALANCE SHEET'!$C$3:$AH$258, 42, FALSE), "") | E79: =IFERROR(E77/HLOOKUP(E3,'BALANCE SHEET'!$C$3:$AH$258, 42, FALSE), "") | F79: =IFERROR(F77/HLOOKUP(F3,'BALANCE SHEET'!$C$3:$AH$258, 42, FALSE), "") | G79: =IFERROR(G77/HLOOKUP(G3,'BALANCE SHEET'!$C$3:$AH$258, 42, FALSE), "") | H79: =IFERROR(H77/HLOOKUP(H3,'BALANCE SHEET'!$C$3:$AH$258, 42, FALSE), "") | I79: =IFERROR(I77/HLOOKUP(I3,'BALANCE SHEET'!$C$3:$AH$258, 42, FALSE), "") | J79: =IFERROR(J77/HLOOKUP(J3,'BALANCE SHEET'!$C$3:$AH$258, 42, FALSE), "") | K79: =IFERROR(K77/HLOOKUP(K3,'BALANCE SHEET'!$C$3:$AH$258, 42, FALSE), "") | ... AL79: =IFERROR(AL77/HLOOKUP(AL3,'BALANCE SHEET'!$C$3:$AH$258, 42, FALSE), "")
A80: Pembentukan penyisihan kerugian penurunan nilai aset produktif | C80: 55.69 | D80: 87.302 | E80: 127.618 | F80: 124.279
A81: Pembentukan penyisihan kerugian penurunan nilai aset non-produktif
A82: Pembalikan (beban) estimasi kerugian komitmen dan kontijensi
A83: Beban operasional lainnya
A84: Beban umum dan administrasi | C84: 124.367 | D84: 156.774 | E84: 176.706 | F84: 146.612
A85: Beban penjualan
A86: Beban sewa, pemeliharaan, dan perbaikan | C86: 0.782 | D86: 5.795 | E86: 1.513 | F86: 2.207
A87: Beban provisi dan komisi | C87: 2.674 | D87: 2.229 | E87: 5.735 | F87: 8.095
A88: Beban operasional lainnya | C88: 98.68 | D88: 115.906 | E88: 119.718 | F88: 126.853
A89: Jumlah laba operasional | C89: 0.569 | D89: 30.23 | E89: 100.369 | F89: 134.032
A90: Operating Profit Growth (%) | C90: =IFERROR(IF(((C89-B89)/B89)=-1, "", (C89-B89)/B89), "") | D90: =IFERROR(IF(((D89-C89)/C89)=-1, "", (D89-C89)/C89), "") | E90: =IFERROR(IF(((E89-D89)/D89)=-1, "", (E89-D89)/D89), "") | F90: =IFERROR(IF(((F89-E89)/E89)=-1, "", (F89-E89)/E89), "") | G90: =IFERROR(IF(((G89-F89)/F89)=-1, "", (G89-F89)/F89), "") | H90: =IFERROR(IF(((H89-G89)/G89)=-1, "", (H89-G89)/G89), "") | I90: =IFERROR(IF(((I89-H89)/H89)=-1, "", (I89-H89)/H89), "") | J90: =IFERROR(IF(((J89-I89)/I89)=-1, "", (J89-I89)/I89), "") | ... AL90: =IFERROR(IF(((AL89-AK89)/AK89)=-1, "", (AL89-AK89)/AK89), "")
A91: OPM (%) | C91: =IFERROR(C89/C5, "") | D91: =IFERROR(D89/D5, "") | E91: =IFERROR(E89/E5, "") | F91: =IFERROR(F89/F5, "") | G91: =IFERROR(G89/G5, "") | H91: =IFERROR(H89/H5, "") | I91: =IFERROR(I89/I5, "") | J91: =IFERROR(J89/J5, "") | ... AL91: =IFERROR(AL89/AL5, "")
A92: Pendapatan dan beban bukan operasional
A93: Pendapatan bukan operasional | C93: 0 | D93: 0 | E93: 0 | F93: 0
A94: Beban bukan operasional | C94: 0.318 | D94: 0 | E94: 0 | F94: 0
A95: Bagian atas laba (rugi) entitas asosiasi yang dicatat dengan menggunakan metode ekuitas
A96: Bagian atas laba (rugi) entitas ventura bersama yang dicatat menggunakan metode ekuitas
A97: Jumlah laba (rugi) sebelum pajak penghasilan | C97: 0.251 | D97: 30.23 | E97: 100.369 | F97: 134.032
A98: Pendapatan (beban) pajak | C98: 0 | D98: -9.973 | E98: -22.179 | F98: -29.614
A99: Jumlah laba (rugi) dari operasi yang dilanjutkan | C99: 0.251 | D99: 20.257 | E99: 78.19 | F99: 104.418
A100: Laba (rugi) dari operasi yang dihentikan
A101: Jumlah laba (rugi) | C101: 0.251 | D101: 20.257 | E101: 78.19 | F101: 104.418
A102: Pendapatan komprehensif lainnya, sebelum pajak
A103: Pendapatan komprehensif lainnya yang tidak akan direklasifikasi ke laba rugi, sebelum pajak
A104: Pendapatan komprehensif lainnya atas keuntungan (kerugian) hasil revaluasi aset tetap, sebelum pajak
A105: Pendapatan komprehensif lainnya atas pengukuran kembali kewajiban manfaat pasti, sebelum pajak
A106: Penyesuaian lainnya atas pendapatan komprehensif lainnya yang tidak akan direklasifikasi ke laba rugi, sebelum pajak
A107: Jumlah pendapatan komprehensif lainnya yang tidak akan direklasifikasi ke laba rugi, sebelum pajak
A108: Pendapatan komprehensif lainnya yang akan direklasifikasi ke laba rugi, sebelum pajak
A109: Keuntungan (kerugian) selisih kurs penjabaran, sebelum pajak
A110: Penyesuaian reklasifikasi selisih kurs penjabaran, sebelum pajak
A111: Keuntungan (kerugian) yang belum direalisasi atas perubahan nilai wajar aset keuangan melalui penghasilan komprehensif lain, sebelum pajak
A112: Penyesuaian reklasifikasi atas aset keuangan nilai wajar melalui pendapatan komprehensif lainnya, sebelum pajak
A113: Keuntungan (kerugian) lindung nilai arus kas, sebelum pajak
... A128: Penyesuaian lainnya atas pendapatan komprehensif lainnya yang tidak akan direklasifikasi ke laba rugi, setelah pajak
A129: Jumlah pendapatan komprehensif lainnya yang tidak akan direklasifikasi ke laba rugi, setelah pajak | C129: 0 | D129: 0 | E129: 0 | F129: 0
...

Sheet CASH FLOW
A1: Laporan arus kas
A3: Period | C3: 2024-12-31 | D3: 2025-03-31 | E3: 2025-06-30 | F3: 2026-03-31 | G3: 2026-06-30
A4: Laporan arus kas
A5: Arus kas dari aktivitas operasi
A6: Arus kas sebelum perubahan dalam aset dan liabilitas operasi
A7: Penerimaan bunga, hasil investasi, provisi, dan komisi | D7: 348.386 | E7: 846.966 | F7: 667.342 | G7: 1412.211
A8: Pembayaran bunga dan bonus, provisi dan komisi | D8: 91.075 | E8: 219.626 | F8: 206.587 | G8: 468.889
A9: Bunga bank dan deposito berjangka
A10: Penerimaan pendapatan pengelolaan dana sebagai mudharib
A11: Pembayaran bagi hasil dana syirkah temporer
A12: Penerimaan premi asuransi
A13: Penerimaan klaim reasuransi
A14: Penerimaan (pembayaran) komisi
A15: Penerimaan klaim retrosesi
A16: Penerimaan dari ujrah
A17: Penerimaan dari (pembayaran kepada) lembaga kliring dan penjaminan
A18: Penerimaan dari (pembayaran kepada) nasabah
A19: Pencairan (penempatan) deposito pada lembaga kliring dan penjaminan
A20: Pendapatan dari transaksi operasional lainnya | D20: 0.035 | E20: 0.057 | F20: 0.004 | G20: 0.005
A21: Penerimaan kembali aset yang telah dihapusbukukan | D21: 0.259 | E21: 6.887 | F21: 1.947 | G21: 5.759
A22: Pembayaran biaya akuisisi ditangguhkan
A23: Pembayaran atas beban keuangan dan beban administrasi bank
A24: Pembayaran gaji dan tunjangan | D24: 70.144 | E24: 214.596 | F24: 68.469 | G24: 271.42
A25: Pembayaran pajak penghasilan badan | D25: 156.364 | F25: 166.757
A26: Pembayaran beban umum dan administrasi | E26: 169.563 | G26: 300.67
A27: Laba (rugi) selisih kurs
A28: Penerimaan pengembalian (pembayaran) pajak penghasilan
A29: Pembayaran beban operasional lainnya | D29: 1.227 | E29: 1.439 | G29: 0.312
A30: Penerimaan pendapatan non-operasional
A31: Pengembalian (penempatan) uang jaminan
A32: Penerimaan (pengeluaran) kas lainnya dari aktivitas operasi
A33: Penurunan (kenaikan) aset operasi
A34: Penurunan (kenaikan) penempatan pada bank lain dan Bank Indonesia
A35: Penurunan (kenaikan) efek yang diperdagangkan
A36: Penurunan (kenaikan) efek yang dibeli dengan janji dijual kembali
A37: Penurunan (kenaikan) investasi pemegang polis pada kontrak unit-linked
A38: Penurunan (kenaikan) wesel ekspor dan tagihan lainnya
A39: Penurunan (kenaikan) tagihan akseptasi
A40: Penurunan (kenaikan) pinjaman yang diberikan | D40: -1182.604 | E40: -1972.538 | F40: -1923.56 | G40: -4030.196
A41: Penurunan (kenaikan) piutang pembiayaan konsumen
A42: Penurunan (kenaikan) investasi sewa
A43: Penurunan (kenaikan) tagihan anjak piutang
A44: Penurunan (kenaikan) piutang dan pembiayaan syariah
A45: Penurunan (kenaikan) piutang murabahah
A46: Penurunan (kenaikan) piutang istishna
A47: Penurunan (kenaikan) piutang ijarah
A48: Penurunan (kenaikan) pinjaman qardh
A49: Penurunan (kenaikan) pembiayaan mudharabah
A50: Penurunan (kenaikan) pembiayaan musyarakah
A51: Penurunan (kenaikan) aset ijarah
A52: Penurunan (kenaikan) piutang lainnya
... A55: Penurunan (kenaikan) aset reasuransi
A56: Penurunan (kenaikan) aset lainnya | D56: -222.667 | E56: -67.173 | F56: 50.818 | G56: -45.625
A57: Kenaikan (penurunan) liabilitas operasi
A58: Kenaikan (penurunan) liabilitas segera | D58: 131.351 | E58: -287.984 | F58: -1.264 | G58: 24.273
A59: Kenaikan (penurunan) giro dan tabungan simpanan nasabah | D59: 2141.456 | E59: 3482.378 | F59: 2616.853 | G59: 4104.725
A60: Kenaikan (penurunan) deposito berjangka nasabah
A61: Kenaikan (penurunan) giro wadiah simpanan nasabah
A62: Kenaikan (penurunan) tabungan wadiah simpanan nasabah
A63: Kenaikan (penurunan) deposito wakalah simpanan nasabah
A64: Kenaikan (penurunan) simpanan dari bank lain
A65: Kenaikan (penurunan) giro mudharabah
A66: Kenaikan (penurunan) tabungan mudharabah
A67: Kenaikan (penurunan) efek yang dijual dengan janji dibeli kembali | D67: -36.587 | E67: 129.972 | F67: 643.476 | G67: 2062.33
A68: Kenaikan (penurunan) liabilitas akseptasi
A69: Kenaikan (penurunan) liabilitas pemegang polis pada kontrak unit-linked
A70: Kenaikan (penurunan) liabilitas derivatif
A71: Kenaikan (penurunan) dana syirkah temporer
A72: Kenaikan (penurunan) liabilitas lainnya | D72: 116.132 | E72: 54.327 | F72: 113.79 | G72: 157.441
A73: Jumlah arus kas bersih yang diperoleh dari (digunakan untuk) aktivitas operasi | D73: 976.951 | E73: 1587.668 | F73: 1727.593 | G73: 2649.632
A74: Arus kas dari aktivitas investasi
A75: Penerimaan dari penyertaan saham dalam klasifikasi biaya perolehan diamortisasi dan nilai wajar melalui pendapatan komprehensif lainnya
A76: Pencairan (penempatan) obligasi dan (atau) sukuk
A77: Penerimaan dividen dari aktivitas investasi
A78: Penerimaan dari penjualan (perolehan) properti investasi
A79: Penerimaan dari penjualan (perolehan) aset tetap | D79: -2.743 | E79: -12.85 | F79: -1.708 | G79: -6.203
A80: Penerimaan dari penjualan (perolehan) aset takberwujud selain goodwill | D80: -8.403 | E80: -156.857 | F80: -49.816 | G80: -108.326
A81: Pencairan (penempatan) aset keuangan nilai wajar melalui pendapatan komprehensif lainnya
A82: Penempatan aset keuangan biaya perolehan diamortisasi
A83: Pencairan aset keuangan biaya perolehan diamortisasi
A84: Penerimaan dari (pembayaran kepada) pinjaman polis
A85: Pembayaran untuk perolehan entitas anak
A86: Penerimaan dari pelepasan entitas anak
A87: Pembayaran untuk perolehan tambahan kepemilikan pada entitas anak
A88: Pencairan (penempatan) efek-efek yang diperdagangkan | D88: -118.073 | E88: -747.141 | F88: -2619.954 | G88: -3231.42
A89: Penerimaan dari pelepasan kepentingan di entitas anak tanpa hilangnya pengendalian dari kegiatan investasi
A90: Pembayaran untuk perolehan kepemilikan pada entitas asosiasi
A91: Penerimaan dari pelepasan kepemilikan pada entitas asosiasi
A92: Penerimaan (pengeluaran) kas lainnya dari aktivitas investasi
A93: Jumlah arus kas bersih yang diperoleh dari (digunakan untuk) aktivitas investasi | D93: -129.219 | E93: -916.848 | F93: -2671.478 | G93: -3345.949
A94: Arus kas dari aktivitas pendanaan
A95: Kenaikan (penurunan) efek yang diterbitkan
A96: Penerbitan sukuk mudharabah
A97: Penempatan sertifikat investasi mudharabah
A98: Biaya emisi sukuk mudharabah
A99: Penerimaan pinjaman yang diterima
A100: Pembayaran pinjaman yang diterima
A101: Penerimaan pinjaman subordinasi
A102: Pembayaran pinjaman subordinasi
A103: Pembayaran bunga pinjaman
...

Sheet CASH FLOW QoQ
A1: Laporan arus kas
A3: Period | C3: 2024-12-31 | D3: 2025-03-31 | E3: 2025-06-30 | F3: 2026-03-31 | G3: 2026-06-30
A4: Laporan arus kas
A5: Arus kas dari aktivitas operasi
A6: Arus kas sebelum perubahan dalam aset dan liabilitas operasi
A7: Penerimaan bunga, hasil investasi, provisi, dan komisi | D7: 348.386 | E7: 498.58 | F7: 667.342 | G7: 744.869
A8: Pembayaran bunga dan bonus, provisi dan komisi | D8: 91.075 | E8: 128.551 | F8: 206.587 | G8: 262.302
A9: Bunga bank dan deposito berjangka
A10: Penerimaan pendapatan pengelolaan dana sebagai mudharib
A11: Pembayaran bagi hasil dana syirkah temporer
A12: Penerimaan premi asuransi
A13: Penerimaan klaim reasuransi
A14: Penerimaan (pembayaran) komisi
A15: Penerimaan klaim retrosesi
A16: Penerimaan dari ujrah
A17: Penerimaan dari (pembayaran kepada) lembaga kliring dan penjaminan
A18: Penerimaan dari (pembayaran kepada) nasabah
A19: Pencairan (penempatan) deposito pada lembaga kliring dan penjaminan
A20: Pendapatan dari transaksi operasional lainnya | D20: 0.035 | E20: 0.022 | F20: 0.004 | G20: 0.001
A21: Penerimaan kembali aset yang telah dihapusbukukan | D21: 0.259 | E21: 6.628 | F21: 1.947 | G21: 3.812
A22: Pembayaran biaya akuisisi ditangguhkan
A23: Pembayaran atas beban keuangan dan beban administrasi bank
A24: Pembayaran gaji dan tunjangan | D24: 70.144 | E24: 144.452 | F24: 68.469 | G24: 202.951
A25: Pembayaran pajak penghasilan badan | D25: 156.364 | F25: 166.757
A26: Pembayaran beban umum dan administrasi
A27: Laba (rugi) selisih kurs
A28: Penerimaan pengembalian (pembayaran) pajak penghasilan
A29: Pembayaran beban operasional lainnya | D29: 1.227 | E29: 0.212
A30: Penerimaan pendapatan non-operasional
A31: Pengembalian (penempatan) uang jaminan
A32: Penerimaan (pengeluaran) kas lainnya dari aktivitas operasi
A33: Penurunan (kenaikan) aset operasi
A34: Penurunan (kenaikan) penempatan pada bank lain dan Bank Indonesia
A35: Penurunan (kenaikan) efek yang diperdagangkan
A36: Penurunan (kenaikan) efek yang dibeli dengan janji dijual kembali
A37: Penurunan (kenaikan) investasi pemegang polis pada kontrak unit-linked
A38: Penurunan (kenaikan) wesel ekspor dan tagihan lainnya
A39: Penurunan (kenaikan) tagihan akseptasi
A40: Penurunan (kenaikan) pinjaman yang diberikan | D40: -1182.604 | E40: -789.934 | F40: -1923.56 | G40: -2106.636
A41: Penurunan (kenaikan) piutang pembiayaan konsumen
A42: Penurunan (kenaikan) investasi sewa
A43: Penurunan (kenaikan) tagihan anjak piutang
A44: Penurunan (kenaikan) piutang dan pembiayaan syariah
A45: Penurunan (kenaikan) piutang murabahah
A46: Penurunan (kenaikan) piutang istishna
A47: Penurunan (kenaikan) piutang ijarah
A48: Penurunan (kenaikan) pinjaman qardh
A49: Penurunan (kenaikan) pembiayaan mudharabah
A50: Penurunan (kenaikan) pembiayaan musyarakah
A51: Penurunan (kenaikan) aset ijarah
A52: Penurunan (kenaikan) piutang lainnya
... A55: Penurunan (kenaikan) aset reasuransi
A56: Penurunan (kenaikan) aset lainnya | D56: -222.667 | E56: 155.494 | F56: 50.818 | G56: -96.443
A57: Kenaikan (penurunan) liabilitas operasi
A58: Kenaikan (penurunan) liabilitas segera | D58: 131.351 | E58: -419.335 | F58: -1.264 | G58: 25.537
A59: Kenaikan (penurunan) giro dan tabungan simpanan nasabah | D59: 2141.456 | E59: 1340.922 | F59: 2616.853 | G59: 1487.872
A60: Kenaikan (penurunan) deposito berjangka nasabah
A61: Kenaikan (penurunan) giro wadiah simpanan nasabah
A62: Kenaikan (penurunan) tabungan wadiah simpanan nasabah
A63: Kenaikan (penurunan) deposito wakalah simpanan nasabah
A64: Kenaikan (penurunan) simpanan dari bank lain
A65: Kenaikan (penurunan) giro mudharabah
A66: Kenaikan (penurunan) tabungan mudharabah
A67: Kenaikan (penurunan) efek yang dijual dengan janji dibeli kembali | D67: -36.587 | E67: 166.559 | F67: 643.476 | G67: 1418.854
A68: Kenaikan (penurunan) liabilitas akseptasi
A69: Kenaikan (penurunan) liabilitas pemegang polis pada kontrak unit-linked
A70: Kenaikan (penurunan) liabilitas derivatif
A71: Kenaikan (penurunan) dana syirkah temporer
A72: Kenaikan (penurunan) liabilitas lainnya | D72: 116.132 | E72: -61.805 | F72: 113.79 | G72: 43.651
A73: Jumlah arus kas bersih yang diperoleh dari (digunakan untuk) aktivitas operasi | D73: 976.951 | E73: 610.717 | F73: 1727.593 | G73: 922.039
A74: Arus kas dari aktivitas investasi
A75: Penerimaan dari penyertaan saham dalam klasifikasi biaya perolehan diamortisasi dan nilai wajar melalui pendapatan komprehensif lainnya
A76: Pencairan (penempatan) obligasi dan (atau) sukuk
A77: Penerimaan dividen dari aktivitas investasi
A78: Penerimaan dari penjualan (perolehan) properti investasi
A79: Penerimaan dari penjualan (perolehan) aset tetap | D79: -2.743 | E79: -10.107 | F79: -1.708 | G79: -4.495
A80: Penerimaan dari penjualan (perolehan) aset takberwujud selain goodwill | D80: -8.403 | E80: -148.454 | F80: -49.816 | G80: -58.51
A81: Pencairan (penempatan) aset keuangan nilai wajar melalui pendapatan komprehensif lainnya
A82: Penempatan aset keuangan biaya perolehan diamortisasi
A83: Pencairan aset keuangan biaya perolehan diamortisasi
A84: Penerimaan dari (pembayaran kepada) pinjaman polis
A85: Pembayaran untuk perolehan entitas anak
A86: Penerimaan dari pelepasan entitas anak
A87: Pembayaran untuk perolehan tambahan kepemilikan pada entitas anak
A88: Pencairan (penempatan) efek-efek yang diperdagangkan | D88: -118.073 | E88: -629.068 | F88: -2619.954 | G88: -611.466
A89: Penerimaan dari pelepasan kepentingan di entitas anak tanpa hilangnya pengendalian dari kegiatan investasi
A90: Pembayaran untuk perolehan kepemilikan pada entitas asosiasi
A91: Penerimaan dari pelepasan kepemilikan pada entitas asosiasi
A92: Penerimaan (pengeluaran) kas lainnya dari aktivitas investasi
A93: Jumlah arus kas bersih yang diperoleh dari (digunakan untuk) aktivitas investasi | D93: -129.219 | E93: -787.629 | F93: -2671.478 | G93: -674.471
A94: Arus kas dari aktivitas pendanaan
A95: Kenaikan (penurunan) efek yang diterbitkan
A96: Penerbitan sukuk mudharabah
A97: Penempatan sertifikat investasi mudharabah
A98: Biaya emisi sukuk mudharabah
A99: Penerimaan pinjaman yang diterima
A100: Pembayaran pinjaman yang diterima
A101: Penerimaan pinjaman subordinasi
A102: Pembayaran pinjaman subordinasi
A103: Pembayaran bunga pinjaman
...

Sheet ACCOUNTING POLICIES
A1: Kebijakan akuntansi signifikan
A2: 1
A3: Period | C3: 2026-03-31 | D3: 2026-06-30
A4: Kebijakan akuntansi signifikan
A5: Dasar penyusunan laporan keuangan konsolidasian | C5: Laporan keuangan disusun atas dasar akrual dengan menggunakan konsep nilai historis, kecuali jika standar akuntansi mensyaratkan pengukuran nilai wajar. Laporan arus kas disusun dengan metode langsung dengan mengelompokkan ke dalam kegiatan operasi, investasi dan pendanaan. Untuk tujuan laporan arus kas, kas dan setara kas meliputi kas, giro pada Bank Indonesia, giro pada bank-bank lain, serta penempatan pada Bank Indonesia dan efek-efek yang dibeli dengan janji dijual kembali (reverse repo) dalam Waktu tiga bulan sejak tanggal perolehan. Laporan keuangan Bank dijabarkan dalam mata uang Rupiah, yang merupakan mata uang fungsional Bank. Kecuali dinyatakan khusus, informasi keuangan disajikan dalam jutaan Rupiah. Penyusunan laporan keuangan mengharuskan manajemen untuk membuat pertimbangan-pertimbangan, estimasi-estimasi, dan asumsi-asumsi yang mempengaruhi penerapan kebijakan akuntansi, dan jumlah aset, liabilitas, pendapatan dan beban yang dilaporkan. Walaupun estimasi ini dibuat berdasarkan pengetahuan terbaik manajemen atas kejadian dan kegiatan saat ini, hasil aktual mungkin berbeda dengan jumlah yang diestimasi semula. Estimasi-estimasi dan asumsi-asumsi yang digunakan ditelaah secara berkesinambungan. Revisi atas estimasi akuntansi diakui secara prospektif.Informasi mengenai hal-hal penting yang terkait dengan ketidakpastian estimasi dan pertimbangan-pertimbangan penting dalam penerapan kebijakan akuntansi memiliki risiko signifikan yang mengakibatkan penyesuaian material atau efek signifikan terhadap jumlah yang diakui dalam laporan keuangan dijelaskan di Catatan 5. | D5: Laporan keuangan disusun atas dasar akrual dengan menggunakan konsep nilai historis, kecuali jika standar akuntansi mensyaratkan pengukuran nilai wajar. Laporan arus kas disusun dengan metode langsung dengan mengelompokkan ke dalam kegiatan operasi, investasi dan pendanaan. Untuk tujuan laporan arus kas, kas dan setara kas meliputi kas, giro pada Bank Indonesia, giro pada bank-bank lain, serta penempatan pada Bank Indonesia dan efek-efek yang dibeli dengan janji dijual kembali (reverse repo) dalam Waktu tiga bulan sejak tanggal perolehan. Laporan keuangan Bank dijabarkan dalam mata uang Rupiah, yang merupakan mata uang fungsional Bank. Kecuali dinyatakan khusus, informasi keuangan disajikan dalam jutaan Rupiah. Penyusunan laporan keuangan mengharuskan manajemen untuk membuat pertimbangan-pertimbangan, estimasi-estimasi, dan asumsi-asumsi yang mempengaruhi penerapan kebijakan akuntansi, dan jumlah aset, liabilitas, pendapatan dan beban yang dilaporkan. Walaupun estimasi ini dibuat berdasarkan pengetahuan terbaik manajemen atas kejadian dan kegiatan saat ini, hasil aktual mungkin berbeda dengan jumlah yang diestimasi semula. Estimasi-estimasi dan asumsi-asumsi yang digunakan ditelaah secara berkesinambungan. Revisi atas estimasi akuntansi diakui secara prospektif.Informasi mengenai hal-hal penting yang terkait dengan ketidakpastian estimasi dan pertimbangan-pertimbangan penting dalam penerapan kebijakan akuntansi memiliki risiko signifikan yang mengakibatkan penyesuaian material atau efek signifikan terhadap jumlah yang diakui dalam laporan keuangan dijelaskan di Catatan 5.
A6: Prinsip-prinsip konsolidasi
A7: Kas dan setara kas | C7: Kas terdiri dari kas di khasanah dan kas kecil. Setelah pengakuan awal, kas diukur pada biaya perolehan diamortisasi. | D7: Kas terdiri dari kas di khasanah dan kas kecil. Setelah pengakuan awal, kas diukur pada biaya perolehan diamortisasi.
A8: Aset tetap | C8: Setelah pengakuan awal, tanah dan bangunan diukur menggunakan model revaluasi. Tanah dan bangunan diukur pada nilai wajarnya pada tanggal revaluasi dan disajikan sebesar nilai wajar dikurangi akumulasi penyusutan dan akumulasi penurunan nilai setelah tanggal revaluasi. Penilaian terhadap tanah dan bangunan dilakukan oleh penilai independent eksternal yang memenuhi kualifikasi. Revaluasi dilakukan dengan keteraturan yang cukup reguler untuk memastikan bahwa nilai tercatat aset yang direvaluasi tidak berbeda secara material dengan nilai wajarnya pada tanggal pelaporan. Aset tetap selain tanah dan bangunan dinyatakan sebesar harga perolehan dikurangi akumulasi penyusutan, kecuali biaya pengurusan legal hak atas tanah ketika tanah diperoleh pertama kali diakui sebagai bagian biaya perolehan tanah dan tidak disusutkan. Inventaris kantor dan leasehold improvements disusutkan berdasarkan metode garis lurus (straight-line method), berdasarkan masamanfaat ekonomis aset tetap yang bersangkutan. Beban pemeliharaan dan perbaikan dibebankan pada laba rugi pada saat terjadinya. Pemugaran dan penambahan dalam jumlah signifikan dikapitalisasi apabila kemungkinan besar Bank akan mendapatkan manfaat ekonomi masa depan dari aset tersebut yang melebihi standar kinerja yang diperkirakan sebelumnya.Estimasi masa manfaat ekonomis, metode penyusutan, dan nilai residu dikaji ulang pada setiap akhir periode pelaporan dan disesuaikan secara prospektif. Biaya perolehan dan akumulasi penyusutan asset tetap yang sudah tidak digunakan lagi atau dijual dikeluarkan dari kelompok aset tetap yang bersangkutan dan laba atau rugi yang terjadi dilaporkan pada laba rugi tahun berjalan. | D8: Setelah pengakuan awal, tanah dan bangunan diukur menggunakan model revaluasi. Tanah dan bangunan diukur pada nilai wajarnya pada tanggal revaluasi dan disajikan sebesar nilai wajar dikurangi akumulasi penyusutan dan akumulasi penurunan nilai setelah tanggal revaluasi. Penilaian terhadap tanah dan bangunan dilakukan oleh penilai independent eksternal yang memenuhi kualifikasi. Revaluasi dilakukan dengan keteraturan yang cukup reguler untuk memastikan bahwa nilai tercatat aset yang direvaluasi tidak berbeda secara material dengan nilai wajarnya pada tanggal pelaporan. Aset tetap selain tanah dan bangunan dinyatakan sebesar harga perolehan dikurangi akumulasi penyusutan, kecuali biaya pengurusan legal hak atas tanah ketika tanah diperoleh pertama kali diakui sebagai bagian biaya perolehan tanah dan tidak disusutkan. Inventaris kantor dan leasehold improvements disusutkan berdasarkan metode garis lurus (straight-line method), berdasarkan masamanfaat ekonomis aset tetap yang bersangkutan. Beban pemeliharaan dan perbaikan dibebankan pada laba rugi pada saat terjadinya. Pemugaran dan penambahan dalam jumlah signifikan dikapitalisasi apabila kemungkinan besar Bank akan mendapatkan manfaat ekonomi masa depan dari aset tersebut yang melebihi standar kinerja yang diperkirakan sebelumnya.Estimasi masa manfaat ekonomis, metode penyusutan, dan nilai residu dikaji ulang pada setiap akhir periode pelaporan dan disesuaikan secara prospektif. Biaya perolehan dan akumulasi penyusutan asset tetap yang sudah tidak digunakan lagi atau dijual dikeluarkan dari kelompok aset tetap yang bersangkutan dan laba atau rugi yang terjadi dilaporkan pada laba rugi tahun berjalan.
A9: Penurunan nilai aset nonkeuangan
A10: Beban tangguhan
A11: Pengakuan pendapatan dan beban | C11: Pendapatan bunga atas aset keuangan baik yang diukur dengan nilai wajar melalui penghasilan komprehensif lain atau biaya perolehan diamortisasi dan beban bunga atas seluruh liabilitas keuangan yang diukur dengan biaya perolehan diamortisasi, diakui pada laba rugi berdasarkan suku bunga efektif. Suku bunga efektif adalah tingkat bunga yang mendiskontokan estimasi pembayaran atau penerimaan kas masa depan sepanjang umur yang diekspektasi atas instrumen keuangan, atau periode yang lebih pendek, atas nilai tercatat bruto dari aset keuangan (ketika aset tidak mengalami penurunan nilai) atau pada biaya perolehan diamortisasi untuk liabilitas keuangan. Nilai tercatat bruto dari aset keuangan adalah biaya perolehan diamortisasi dari sebuah aset keuangan sebelum cadangan kerugian kredit ekspektasian. Dalam menghitung pendapatan dan beban bunga, suku bunga efektif diaplikasikan pada nilai tercatat bruto dari aset (jika aset tersebut tidak dikategorikan gagal bayar) atau biaya perolehan diamortisasi dari liabilitas. | D11: Pendapatan bunga atas aset keuangan baik yang diukur dengan nilai wajar melalui penghasilan komprehensif lain atau biaya perolehan diamortisasi dan beban bunga atas seluruh liabilitas keuangan yang diukur dengan biaya perolehan diamortisasi, diakui pada laba rugi berdasarkan suku bunga efektif. Suku bunga efektif adalah tingkat bunga yang mendiskontokan estimasi pembayaran atau penerimaan kas masa depan sepanjang umur yang diekspektasi atas instrumen keuangan, atau periode yang lebih pendek, atas nilai tercatat bruto dari aset keuangan (ketika aset tidak mengalami penurunan nilai) atau pada biaya perolehan diamortisasi untuk liabilitas keuangan. Nilai tercatat bruto dari aset keuangan adalah biaya perolehan diamortisasi dari sebuah aset keuangan sebelum cadangan kerugian kredit ekspektasian. Dalam menghitung pendapatan dan beban bunga, suku bunga efektif diaplikasikan pada nilai tercatat bruto dari aset (jika aset tersebut tidak dikategorikan gagal bayar) atau biaya perolehan diamortisasi dari liabilitas.
A12: Penjabaran mata uang asing
A13: Transaksi dengan pihak berelasi | C13: Dalam laporan keuangan ini, istilah pihak-pihak berelasi digunakan sesuai dengan PSAK No. 224 mengenai Pihak-Pihak Berelasi. Semua transaksi material yang dilakukan dengan pihak-pihak berelasi diungkapkan dalam catatan atas laporan keuangan. | D13: Dalam laporan keuangan ini, istilah pihak-pihak berelasi digunakan sesuai dengan PSAK No. 224 mengenai Pihak-Pihak Berelasi. Semua transaksi material yang dilakukan dengan pihak-pihak berelasi diungkapkan dalam catatan atas laporan keuangan.
A14: Pajak penghasilan | C14: Beban pajak penghasilan terdiri dari beban pajak kini dan beban pajak tangguhan. Beban pajak penghasilan diakui pada laba rugi, kecuali untuk komponen yang diakui secara langsung di ekuitas atau di penghasilan komprehensif lain. Beban pajak kini adalah jumlah pajak yang dibayarkan, atau terutang atas laba kena pajak atau kerugian pajak selama tahun berjalan dengan menggunakan tarif pajak yang secara substantif berlaku pada tanggal pelaporan. Beban pajak kini diukur dengan menggunakan estimasi terbaik atas jumlah yang diperkirakan akan dibayar atau diterima, dengan mempertimbangkan ketidakpastian terkait dengan kompleksitas peraturan pajak. Pajak tangguhan diakui atas perbedaan temporer antara jumlah tercatat aset dan liabilitas untuk tujuan pelaporan keuangan dan jumlah yang digunakan untuk tujuan perpajakan. Aset pajak tangguhan merupakan saldo bersih atas manfaat pajak tangguhan yang timbul dan dipergunakan sampai dengan tanggal pelaporan. | D14: Beban pajak penghasilan terdiri dari beban pajak kini dan beban pajak tangguhan. Beban pajak penghasilan diakui pada laba rugi, kecuali untuk komponen yang diakui secara langsung di ekuitas atau di penghasilan komprehensif lain. Beban pajak kini adalah jumlah pajak yang dibayarkan, atau terutang atas laba kena pajak atau kerugian pajak selama tahun berjalan dengan menggunakan tarif pajak yang secara substantif berlaku pada tanggal pelaporan. Beban pajak kini diukur dengan menggunakan estimasi terbaik atas jumlah yang diperkirakan akan dibayar atau diterima, dengan mempertimbangkan ketidakpastian terkait dengan kompleksitas peraturan pajak. Pajak tangguhan diakui atas perbedaan temporer antara jumlah tercatat aset dan liabilitas untuk tujuan pelaporan keuangan dan jumlah yang digunakan untuk tujuan perpajakan. Aset pajak tangguhan merupakan saldo bersih atas manfaat pajak tangguhan yang timbul dan dipergunakan sampai dengan tanggal pelaporan.
A15: Pinjaman | C15: Kredit yang diberikan pada awalnya diukur pada nilai wajar ditambah dengan biaya transaksi yang dapat diatribusikan secara langsung dan merupakan biaya tambahan untuk memperoleh aset keuangan tersebut, dan setelah pengakuan awal diukur pada biaya perolehan diamortisasi menggunakan metode suku bunga efektif, dikurangi dengan cadangan kerugian penurunan nilai. Biaya yang dapat diatribusikan secara langsung dalam pengakuan kredit yang diberikan yang merupakan bagian dari suku bunga efektif meliputi biaya provisi. | D15: Kredit yang diberikan pada awalnya diukur pada nilai wajar ditambah dengan biaya transaksi yang dapat diatribusikan secara langsung dan merupakan biaya tambahan untuk memperoleh aset keuangan tersebut, dan setelah pengakuan awal diukur pada biaya perolehan diamortisasi menggunakan metode suku bunga efektif, dikurangi dengan cadangan kerugian penurunan nilai. Biaya yang dapat diatribusikan secara langsung dalam pengakuan kredit yang diberikan yang merupakan bagian dari suku bunga efektif meliputi biaya provisi.
A16: Provisi | C16: Pendapatan dan beban provisi dan komisi atas aset dan liabilitas keuangan yang merupakan bagian tidak terpisahkan dari suku bunga efektif, dimasukkan dalam perhitungan suku bunga efektif. Pendapatan dan beban ini diamortisasi sepanjang ekspektasi umur aset atau liabilitas keuangan, atau selama periode risiko. Provisi dan komisi lainnya diakui sebagai pendapatan dan beban pada saat terjadinya transaksi, dan jika terkait dengan jasa dalam kurun waktu tertentu, maka akan diamortisasi sepanjang waktu tersebut. Pendapatan provisi dan komisi yang tidak berkaitan dengan kegiatan pemberian kredit diakui sebagai pendapatan pada saat terjadinya transaksi dan diklasifikasikan sebagai pendapatan operasional lainnya. | D16: Pendapatan dan beban provisi dan komisi atas aset dan liabilitas keuangan yang merupakan bagian tidak terpisahkan dari suku bunga efektif, dimasukkan dalam perhitungan suku bunga efektif. Pendapatan dan beban ini diamortisasi sepanjang ekspektasi umur aset atau liabilitas keuangan, atau selama periode risiko. Provisi dan komisi lainnya diakui sebagai pendapatan dan beban pada saat terjadinya transaksi, dan jika terkait dengan jasa dalam kurun waktu tertentu, maka akan diamortisasi sepanjang waktu tersebut. Pendapatan provisi dan komisi yang tidak berkaitan dengan kegiatan pemberian kredit diakui sebagai pendapatan pada saat terjadinya transaksi dan diklasifikasikan sebagai pendapatan operasional lainnya.
A17: Imbalan kerja karyawan | C17: Terdiri dari imbalan kerja jangka pendek dan imbalan pasca kerja. Imbalan kerja jangka pendek diakui pada saat terutang kepada karyawan. Imbalan pascakerja diakui sebagai biaya dan dihitung sebesar nilai kini dari estimasi jumlah liabilitas imbalan pascakerja di masa depan yang timbul dari jasa yang telah diberikan oleh karyawan tersebut pada masa kini dan masa lalu. Imbalan pascakerja secara aktuaris dihitung menggunakan metode Projected Unit Credit. | D17: Terdiri dari imbalan kerja jangka pendek dan imbalan pasca kerja. Imbalan kerja jangka pendek diakui pada saat terutang kepada karyawan. Imbalan pascakerja diakui sebagai biaya dan dihitung sebesar nilai kini dari estimasi jumlah liabilitas imbalan pascakerja di masa depan yang timbul dari jasa yang telah diberikan oleh karyawan tersebut pada masa kini dan masa lalu. Imbalan pascakerja secara aktuaris dihitung menggunakan metode Projected Unit Credit.
A18: Laba per saham | C18: Laba bersih per saham dasar dihitung dengan membagi laba bersih dengan rata-rata tertimbang jumlah saham biasa yang beredar pada periode/tahun berjalan. Laba bersih per saham dilusian dihitung dengan membagi jumlah rata-rata tertimbang saham biasa yang beredar dengan dampak dari semua efek berpotensi saham biasa yang dilutif yang dimiliki Bank. | D18: Laba bersih per saham dasar dihitung dengan membagi laba bersih dengan rata-rata tertimbang jumlah saham biasa yang beredar pada periode/tahun berjalan. Laba bersih per saham dilusian dihitung dengan membagi jumlah rata-rata tertimbang saham biasa yang beredar dengan dampak dari semua efek berpotensi saham biasa yang dilutif yang dimiliki Bank.
A19: Dividen
A20: Pelaporan segmen | C20: Bank menerapkan PSAK No. 108 Operasi yang mengatur pengungkapan yang akan memungkinkan pengguna laporan keuangan untuk mengevaluasi sifat dan dampak keuangan dari aktivitas bisnis yang mana entitas terlibat dan lingkungan ekonomi di mana Bank beroperasi. Pendapatan, beban, hasil, aset dan liabilitas segmen termasuk item-item yang dapat diatribusikan secara langsung kepada suatu segmen serta hal-hal yang dapat dialokasikan dengan dasar yang memadai untuk segmen tersebut. | D20: Bank menerapkan PSAK No. 108 Operasi yang mengatur pengungkapan yang akan memungkinkan pengguna laporan keuangan untuk mengevaluasi sifat dan dampak keuangan dari aktivitas bisnis yang mana entitas terlibat dan lingkungan ekonomi di mana Bank beroperasi. Pendapatan, beban, hasil, aset dan liabilitas segmen termasuk item-item yang dapat diatribusikan secara langsung kepada suatu segmen serta hal-hal yang dapat dialokasikan dengan dasar yang memadai untuk segmen tersebut.
A21: Instrumen keuangan derivatif
A22: Penerapan standar akutansi baru
A23: Kombinasi bisnis
A24: Penentuan nilai wajar | C24: Nilai wajar adalah harga yang akan diterima untuk menjual suatu aset atau harga yang akan dibayar untuk mengalihkan suatu liabilitas dalam transaksi teratur (orderly transaction) antara pelaku pasar (market participants) pada tanggal pengukuran di pasar utama atau, jika tidak terdapat pasar utama, di pasar yang paling menguntungkan dimana Bank memiliki akses pada tanggal tersebut. Nilai wajar liabilitas mencerminkan risiko wanprestasinya. Bukti terbaik atas nilai wajar instrumen keuangan pada saat pengakuan awal adalah harga transaksi, yaitu nilai wajar dari pembayaran yang diberikan atau diterima. | D24: Nilai wajar adalah harga yang akan diterima untuk menjual suatu aset atau harga yang akan dibayar untuk mengalihkan suatu liabilitas dalam transaksi teratur (orderly transaction) antara pelaku pasar (market participants) pada tanggal pengukuran di pasar utama atau, jika tidak terdapat pasar utama, di pasar yang paling menguntungkan dimana Bank memiliki akses pada tanggal tersebut. Nilai wajar liabilitas mencerminkan risiko wanprestasinya. Bukti terbaik atas nilai wajar instrumen keuangan pada saat pengakuan awal adalah harga transaksi, yaitu nilai wajar dari pembayaran yang diberikan atau diterima.
A25: Transaksi dan saldo dalam mata uang asing
A26: Giro pada Bank Indonesia dan bank lain | C26: Setelah pengakuan awal, giro pada Bank Indonesia dan bank lain diukur pada biaya perolehan diamortisasi dengan menggunakan metode suku bunga efektif. Giro, pada bank lain dinyatakan sebesar saldo giro dikurangi cadangan kerugian penurunan nilai, jika ada. | D26: Setelah pengakuan awal, giro pada Bank Indonesia dan bank lain diukur pada biaya perolehan diamortisasi dengan menggunakan metode suku bunga efektif. Giro, pada bank lain dinyatakan sebesar saldo giro dikurangi cadangan kerugian penurunan nilai, jika ada.
A27: Penempatan pada Bank Indonesia dan bank lain | C27: Penempatan pada Bank Indonesia merupakan penanaman dana dalam bentuk Fasilitas Simpanan Bank Indonesia (), call money, deposito berjangka dan lain-lain. Penempatan pada Bank Indonesia disajikan sebesar biaya perolehan diamortisasi dengan menggunakan suku bunga efektif dikurangi dengan cadangan kerugian penurunan nilai, jika ada. | D27: Penempatan pada Bank Indonesia merupakan penanaman dana dalam bentuk Fasilitas Simpanan Bank Indonesia (), call money, deposito berjangka dan lain-lain. Penempatan pada Bank Indonesia disajikan sebesar biaya perolehan diamortisasi dengan menggunakan suku bunga efektif dikurangi dengan cadangan kerugian penurunan nilai, jika ada.
A28: Efek-efek | C28: Seluruh efek-efek yang dimiliki Bank terdiri dari obligasi korporasi dan obligasi pemerintah yang diperdagangkan di pasar modal. Efek-efek (selain Surat Berharga Syariah Negara dan surat berharga lainnya berdasarkan prinsip syariah) yang diklasifikasikan sebagai diukur pada biaya perolehan diamortisasi pada saat pengakuan awal diukur pada nilai wajar ditambah biaya transaksi langsung yang bersifat inkremental, dan setelahnya diukur pada biaya perolehan diamortisasi dengan menggunakan metode suku bunga efektif. | D28: Seluruh efek-efek yang dimiliki Bank terdiri dari obligasi korporasi dan obligasi pemerintah yang diperdagangkan di pasar modal. Efek-efek (selain Surat Berharga Syariah Negara dan surat berharga lainnya berdasarkan prinsip syariah) yang diklasifikasikan sebagai diukur pada biaya perolehan diamortisasi pada saat pengakuan awal diukur pada nilai wajar ditambah biaya transaksi langsung yang bersifat inkremental, dan setelahnya diukur pada biaya perolehan diamortisasi dengan menggunakan metode suku bunga efektif.
A29: Investasi jangka pendek
A30: Aset hak guna | C30: Aset hak-guna meliputi transaksi sewa yang dilakukan Bank dimana Bank menyewa gedung untuk gedung kantor cabang dan pusat dengan jangka waktu masing-masing selama 3 dan 5 tahun. Kontrak tersebut mencakup opsi untuk memperbarui sewa untuk periode tambahan dengan durasi yang sama setelah akhir masa kontrak. | D30: Aset hak-guna meliputi transaksi sewa yang dilakukan Bank dimana Bank menyewa gedung untuk gedung kantor cabang dan pusat dengan jangka waktu masing-masing selama 3 dan 5 tahun. Kontrak tersebut mencakup opsi untuk memperbarui sewa untuk periode tambahan dengan durasi yang sama setelah akhir masa kontrak.
A31: Properti investasi
A32: Goodwill
A33: Investasi pada entitas asosiasi
A34: Aset takberwujud | C34: Piranti lunak memiliki masa manfaat yang terbatas dan diakui sebesar harga perolehan, selanjutnya dicatat sebesar harga perolehan dikurangi akumulasi amortisasi dan kerugian penurunan nilai. Biaya yang dikeluarkan untuk memperoleh lisensi piranti lunak dan mempersiapkan piranti lunak tersebut siap untuk digunakan dikapitalisasi. Amortisasi diakui dalam laba rugi dengan menggunakan metode garis lurus sepanjang masa manfaat piranti lunak tersebut, sejak tanggal piranti tersebut siap untuk dipakai. Estimasi masa manfaat dari piranti lunak adalah 8 tahun.Aset tak berwujud dihentikan pengakuannya atau dilepas ketika tidak lagi terdapat manfaat masa depan yang diharapkan dari penggunaan atau pelepasannya. | D34: Piranti lunak memiliki masa manfaat yang terbatas dan diakui sebesar harga perolehan, selanjutnya dicatat sebesar harga perolehan dikurangi akumulasi amortisasi dan kerugian penurunan nilai. Biaya yang dikeluarkan untuk memperoleh lisensi piranti lunak dan mempersiapkan piranti lunak tersebut siap untuk digunakan dikapitalisasi. Amortisasi diakui dalam laba rugi dengan menggunakan metode garis lurus sepanjang masa manfaat piranti lunak tersebut, sejak tanggal piranti tersebut siap untuk dipakai. Estimasi masa manfaat dari piranti lunak adalah 8 tahun.Aset tak berwujud dihentikan pengakuannya atau dilepas ketika tidak lagi terdapat manfaat masa depan yang diharapkan dari penggunaan atau pelepasannya.
A35: Beban dibayar dimuka
A36: Piutang dan utang asuransi
A37: Piutang pembiayaan konsumen
A38: Liabilitas atas kontrak
A39: Simpanan nasabah dan simpanan dari bank lain
A40: Obligasi subordinasi
A41: Efek-efek yang dibeli dengan janji dibeli kembali | C41: Efek-efek yang dibeli dengan janji dijual kembali (reverse repo) disajikan sebagai tagihan sebesar harga jual kembali yang disepakati dikurangi dengan selisih antara harga beli dan harga jual kembali yang disepakati (pendapatan bunga yang ditangguhkan) dan penyisihan kerugian penurunan nilai. Selisih antara harga beli dan harga jual kembali yang disepakati tersebut diamortisasi dengan menggunakan suku bunga efektif sebagai pendapatan bunga selama jangka waktu sejak efek-efek itu dibeli hingga saat dijual kembali. Efek-efek yang dibeli dengan janji dijual kembali (reverse repo) diklasifikasikan sebagai asset keuangan yang diukur dengan biaya perolehan yang diamortisasi. | D41: Efek-efek yang dibeli dengan janji dijual kembali (reverse repo) disajikan sebagai tagihan sebesar harga jual kembali yang disepakati dikurangi dengan selisih antara harga beli dan harga jual kembali yang disepakati (pendapatan bunga yang ditangguhkan) dan penyisihan kerugian penurunan nilai. Selisih antara harga beli dan harga jual kembali yang disepakati tersebut diamortisasi dengan menggunakan suku bunga efektif sebagai pendapatan bunga selama jangka waktu sejak efek-efek itu dibeli hingga saat dijual kembali. Efek-efek yang dibeli dengan janji dijual kembali (reverse repo) diklasifikasikan sebagai asset keuangan yang diukur dengan biaya perolehan yang diamortisasi.
A42: Saham treasuri
A43: Modal saham
A44: Pengaturan pembayaran berbasis saham
A45: Biaya emisi efek ekuitas
A46: Instrumen keuangan
A47: Aset tidak lancar yang diklasifikasikan sebagai dimiliki untuk dijual
A48: Peristiwa setelah tanggal periode pelaporan
A49: Penerapan standar akuntansi baru
A50: Standar akuntansi yang telah disahkan namun belum berlaku efektif
A51: Utang pembiayaan konsumen

Sheet CREDIT BY CURRENCY
A1: Pinjaman berdasarkan mata uang dan pihak
A2: 1
A3: Period | C3: 2024-12-31 | D3: 2025-03-31 | E3: 2025-06-30 | F3: 2026-03-31 | G3: 2026-06-30
A4: Pinjaman konvensional
A5: Pinjaman konvensional - Subtotal | D5: 9618.259 | E5: 9618.259 | F5: 11426.757 | G5: 13436.168
A6: Pinjaman konvensional - Pihak berelasi - Rupiah | D6: 76.395 | E6: 76.395 | F6: 119.119 | G6: 91.28
A7: Pinjaman konvensional - Pihak berelasi - Mata uang asing
A8: Pinjaman konvensional - Pihak berelasi - Subtotal | D8: 76.395 | E8: 76.395 | F8: 119.119 | G8: 91.28
A9: Pinjaman konvensional - Pihak ketiga - Rupiah | D9: 9541.864 | E9: 9541.864 | F9: 11307.638 | G9: 13344.888
A10: Pinjaman konvensional - Pihak ketiga - Mata uang asing
A11: Pinjaman konvensional - Pihak ketiga - Subtotal | D11: 9541.864 | E11: 9541.864 | F11: 11307.638 | G11: 13344.888
A12: Pinjaman syariah
A13: Pinjaman syariah - Subtotal
A14: Pinjaman syariah - Pihak berelasi - Rupiah
A15: Pinjaman syariah - Pihak berelasi - Mata uang asing
A16: Pinjaman syariah - Pihak berelasi - Subtotal
A17: Pinjaman syariah - Pihak ketiga - Rupiah
A18: Pinjaman syariah - Pihak ketiga - Mata uang asing
A19: Pinjaman syariah - Pihak ketiga - Subtotal
A20: Subtotal
A21: Jumlah pinjaman, kotor | D21: 9618.259 | E21: 9618.259 | F21: 11426.757 | G21: 13436.168
A22: Cadangan kerugian penurunan nilai pada pinjaman yang diberikan | C22: 371.703 | D22: 418.681 | E22: 418.681 | F22: 431.705 | G22: 454.346
A23: Jumlah pinjaman, bersih | D23: 9199.578 | E23: 9199.578 | F23: 10995.052 | G23: 12981.822

Sheet CREDIT BY TYPE
A1: Rincian piutang usaha berdasarkan rincian pihak
A2: 1
A3: Period | C3: 2025-03-31 | D3: 2025-06-30 | E3: 2026-03-31 | F3: 2026-06-30
A4: Rupiah
A5: Modal kerja - Rupiah - Total | C5: 3514.363 | D5: 3514.363 | E5: 5220.289 | F5: 7247.033
A6: Modal kerja - Rupiah - Lancar | C6: 3283.392 | D6: 3283.392 | E6: 4979.283 | F6: 7026.744
A7: Modal kerja - Rupiah - Dalam perhatian khusus | C7: 111.557 | D7: 111.557 | E7: 141.759 | F7: 151.471
A8: Modal kerja - Rupiah - Kurang lancar | C8: 31.343 | D8: 31.343 | E8: 28.639 | F8: 25.143
A9: Modal kerja - Rupiah - Diragukan | C9: 36.757 | D9: 36.757 | E9: 27.047 | F9: 12.756
A10: Modal kerja - Rupiah - Macet | C10: 51.314 | D10: 51.314 | E10: 43.561 | F10: 30.919
A11: Investasi - Rupiah - Total | C11: 102.056 | D11: 102.056 | E11: 93.906 | F11: 89.37
A12: Investasi - Rupiah - Lancar | C12: 91.299 | D12: 91.299 | E12: 83.889 | F12: 80.133
A13: Investasi - Rupiah - Dalam perhatian khusus | C13: 6.343 | D13: 6.343 | E13: 0.072 | F13: 0.05
A14: Investasi - Rupiah - Kurang lancar | F14: 0
A15: Investasi - Rupiah - Diragukan | E15: 6.15 | F15: 0
A16: Investasi - Rupiah - Macet | C16: 4.414 | D16: 4.414 | E16: 3.795 | F16: 9.187
A17: Sindikasi - Rupiah - Total | F17: 0
A18: Sindikasi - Rupiah - Lancar
A19: Sindikasi - Rupiah - Dalam perhatian khusus
A20: Sindikasi - Rupiah - Kurang lancar
A21: Sindikasi - Rupiah - Diragukan
A22: Sindikasi - Rupiah - Macet
A23: Program pemerintah - Rupiah - Total | F23: 0
A24: Program pemerintah - Rupiah - Lancar
A25: Program pemerintah - Rupiah - Dalam perhatian khusus
A26: Program pemerintah - Rupiah - Kurang lancar
A27: Program pemerintah - Rupiah - Diragukan
A28: Program pemerintah - Rupiah - Macet
A29: Karyawan - Rupiah - Total | F29: 0
A30: Karyawan - Rupiah - Lancar
A31: Karyawan - Rupiah - Dalam perhatian khusus
A32: Karyawan - Rupiah - Kurang lancar
A33: Karyawan - Rupiah - Diragukan
A34: Karyawan - Rupiah - Macet
A35: Ekspor - Rupiah - Total | F35: 0
A36: Ekspor - Rupiah - Lancar
A37: Ekspor - Rupiah - Dalam perhatian khusus
A38: Ekspor - Rupiah - Kurang lancar
A39: Ekspor - Rupiah - Diragukan
A40: Ekspor - Rupiah - Macet
A41: Subjumlah pinjaman lainnya - Rupiah - Total | F41: 0
A42: Subjumlah pinjaman lainnya - Rupiah - Lancar
A43: Subjumlah pinjaman lainnya - Rupiah - Dalam perhatian khusus
A44: Subjumlah pinjaman lainnya - Rupiah - Kurang lancar
A45: Subjumlah pinjaman lainnya - Rupiah - Diragukan
A46: Subjumlah pinjaman lainnya - Rupiah - Macet
A47: Konsumen - Rupiah - Total | C47: 6001.84 | D47: 6001.84 | E47: 6112.562 | F47: 6099.765
A48: Konsumen - Rupiah - Lancar | C48: 5254.072 | D48: 5254.072 | E48: 5150.175 | F48: 5144.56
A49: Konsumen - Rupiah - Dalam perhatian khusus | C49: 621.706 | D49: 621.706 | E49: 831.8 | F49: 812.719
A50: Konsumen - Rupiah - Kurang lancar | C50: 55.15 | D50: 55.15 | E50: 65.218 | F50: 74.013
A51: Konsumen - Rupiah - Diragukan | C51: 44.452 | D51: 44.452 | E51: 40.324 | F51: 47.361
A52: Konsumen - Rupiah - Macet | C52: 26.46 | D52: 26.46 | E52: 25.045 | F52: 21.112
A53: Subtotal - Rupiah | C53: 9618.259 | D53: 9618.259 | E53: 11426.757 | F53: 13436.168
A54: Subtotal - Rupiah - Lancar | C54: 8628.763 | D54: 8628.763 | E54: 10213.347 | F54: 12251.437
A55: Subtotal - Rupiah - Dalam perhatian khusus | C55: 739.606 | D55: 739.606 | E55: 973.631 | F55: 964.24
A56: Subtotal - Rupiah - Kurang lancar | C56: 86.493 | D56: 86.493 | E56: 93.857 | F56: 99.156
A57: Subtotal - Rupiah - Diragukan | C57: 81.209 | D57: 81.209 | E57: 73.521 | F57: 60.117
A58: Subtotal - Rupiah - Macet | C58: 82.188 | D58: 82.188 | E58: 72.401 | F58: 61.218
A59: Mata uang asing
A60: Modal kerja - Mata uang asing - Total
A61: Modal kerja - Mata uang asing - Lancar
A62: Modal kerja - Mata uang asing - Dalam perhatian khusus
A63: Modal kerja - Mata uang asing - Kurang lancar
A64: Modal kerja - Mata uang asing - Diragukan
A65: Modal kerja - Mata uang asing - Macet
A66: Investasi - Mata uang asing - Total
A67: Investasi - Mata uang asing - Lancar
A68: Investasi - Mata uang asing - Dalam perhatian khusus
A69: Investasi - Mata uang asing - Kurang lancar
A70: Investasi - Mata uang asing - Diragukan
... A115: Jumlah pinjaman - Kotor - Total
A116: Jumlah pinjaman - Kotor - Lancar | C116: 8628.763 | D116: 8628.763 | E116: 10213.347 | F116: 12251.437
A117: Jumlah pinjaman - Kotor - Dalam perhatian khusus | C117: 739.606 | D117: 739.606 | E117: 973.631 | F117: 964.24
A118: Jumlah pinjaman - Kotor - Kurang lancar | C118: 86.493 | D118: 86.493 | E118: 93.857 | F118: 99.156
A119: Jumlah pinjaman - Kotor - Diragukan | C119: 81.209 | D119: 81.209 | E119: 73.521 | F119: 60.117
A120: Jumlah pinjaman - Kotor - Macet | C120: 82.188 | D120: 82.188 | E120: 72.401 | F120: 61.218
A121: Cadangan kerugian penurunan nilai pada pinjaman yang diberikan - Total
A122: Cadangan kerugian penurunan nilai pada pinjaman yang diberikan - Lancar | C122: 189.468 | D122: 189.468 | E122: 229.354 | F122: 265.207
A123: Cadangan kerugian penurunan nilai pada pinjaman yang diberikan - Dalam perhatian khusus | C123: 45.072 | D123: 45.072 | E123: 46.285 | F123: 56.553
A124: Cadangan kerugian penurunan nilai pada pinjaman yang diberikan - Kurang lancar | C124: 39.536 | D124: 39.536 | E124: 29.993 | F124: 28.652
A125: Cadangan kerugian penurunan nilai pada pinjaman yang diberikan - Diragukan | C125: 73.105 | D125: 73.105 | E125: 66.685 | F125: 57.092
A126: Cadangan kerugian penurunan nilai pada pinjaman yang diberikan - Macet | C126: 71.5 | D126: 71.5 | E126: 59.388 | F126: 46.842
A127: Jumlah pinjaman - Bersih - Total
A128: Jumlah pinjaman - Bersih - Lancar | C128: 8439.295 | D128: 8439.295 | E128: 9983.993 | F128: 11986.23
A129: Jumlah pinjaman - Bersih - Dalam perhatian khusus | C129: 694.534 | D129: 694.534 | E129: 927.346 | F129: 907.687
A130: Jumlah pinjaman - Bersih - Kurang lancar | C130: 46.957 | D130: 46.957 | E130: 63.864 | F130: 70.504
A131: Jumlah pinjaman - Bersih - Diragukan | C131: 8.104 | D131: 8.104 | E131: 6.836 | F131: 3.025
A132: Jumlah pinjaman - Bersih - Macet | C132: 10.688 | D132: 10.688 | E132: 13.013 | F132: 14.376

Sheet CREDIT BY SECTOR
A1: Rincian piutang usaha berdasarkan rincian pihak
A2: 1
A3: Period | C3: 2025-03-31 | D3: 2025-06-30 | E3: 2026-03-31 | F3: 2026-06-30
A4: Rupiah
A5: Perindustrian - Rupiah - Total | C5: 2.034 | D5: 2.034 | E5: 1.615 | F5: 0.257
A6: Perindustrian - Rupiah - Lancar | C6: 0.773 | D6: 0.773 | E6: 0.714 | F6: 0.099
A7: Perindustrian - Rupiah - Dalam perhatian khusus | C7: 0.164 | D7: 0.164 | E7: 0.16 | F7: 0.158
A8: Perindustrian - Rupiah - Kurang lancar | F8: 0
A9: Perindustrian - Rupiah - Diragukan | F9: 0
A10: Perindustrian - Rupiah - Macet | C10: 1.097 | D10: 1.097 | E10: 0.741 | F10: 0
A11: Perdagangan, restoran dan hotel - Rupiah - Total | C11: 764.162 | D11: 764.162 | E11: 853.31 | F11: 1040.425
A12: Perdagangan, restoran dan hotel - Rupiah - Lancar | C12: 545.457 | D12: 545.457 | E12: 624.491 | F12: 825.548
A13: Perdagangan, restoran dan hotel - Rupiah - Dalam perhatian khusus | C13: 117.643 | D13: 117.643 | E13: 141.598 | F13: 151.313
A14: Perdagangan, restoran dan hotel - Rupiah - Kurang lancar | C14: 31.343 | D14: 31.343 | E14: 28.639 | F14: 25.143
A15: Perdagangan, restoran dan hotel - Rupiah - Diragukan | C15: 36.757 | D15: 36.757 | E15: 33.197 | F15: 12.756
A16: Perdagangan, restoran dan hotel - Rupiah - Macet | C16: 32.962 | D16: 32.962 | E16: 25.385 | F16: 25.665
A17: Pertanian - Rupiah - Total | F17: 0
A18: Pertanian - Rupiah - Lancar | F18: 0
A19: Pertanian - Rupiah - Dalam perhatian khusus | F19: 0
A20: Pertanian - Rupiah - Kurang lancar | F20: 0
A21: Pertanian - Rupiah - Diragukan | F21: 0
A22: Pertanian - Rupiah - Macet | F22: 0
A23: Jasa dunia usaha - Rupiah - Total | C23: 2311.94 | D23: 2311.94 | E23: 3927.985 | F23: 5778.358
A24: Jasa dunia usaha - Rupiah - Lancar | C24: 2302.863 | D24: 2302.863 | E24: 3919.327 | F24: 5770.108
A25: Jasa dunia usaha - Rupiah - Dalam perhatian khusus | F25: 0
A26: Jasa dunia usaha - Rupiah - Kurang lancar | F26: 0
A27: Jasa dunia usaha - Rupiah - Diragukan | F27: 0
A28: Jasa dunia usaha - Rupiah - Macet | C28: 9.077 | D28: 9.077 | E28: 8.658 | F28: 8.25
A29: Konstruksi - Rupiah - Total | C29: 4.521 | D29: 4.521 | E29: 4.5 | F29: 1.05
A30: Konstruksi - Rupiah - Lancar | F30: 0
A31: Konstruksi - Rupiah - Dalam perhatian khusus | C31: 0.093 | D31: 0.093 | E31: 0.072 | F31: 0.05
A32: Konstruksi - Rupiah - Kurang lancar | F32: 0
A33: Konstruksi - Rupiah - Diragukan | F33: 0
A34: Konstruksi - Rupiah - Macet | C34: 4.428 | D34: 4.428 | E34: 4.428 | F34: 1
A35: Pengangkutan, pergudangan, dan komunikasi - Rupiah - Total | C35: 525.598 | D35: 525.598 | E35: 518.641 | F35: 511.122
A36: Pengangkutan, pergudangan, dan komunikasi - Rupiah - Lancar | C36: 525.598 | D36: 525.598 | E36: 518.641 | F36: 511.122
A37: Pengangkutan, pergudangan, dan komunikasi - Rupiah - Dalam perhatian khusus | F37: 0
A38: Pengangkutan, pergudangan, dan komunikasi - Rupiah - Kurang lancar | F38: 0
A39: Pengangkutan, pergudangan, dan komunikasi - Rupiah - Diragukan | F39: 0
A40: Pengangkutan, pergudangan, dan komunikasi - Rupiah - Macet | F40: 0
A41: Listrik, gas dan air - Rupiah - Total | C41: 0.464 | D41: 0.464 | E41: 0.464 | F41: 0.464
A42: Listrik, gas dan air - Rupiah - Lancar | F42: 0
A43: Listrik, gas dan air - Rupiah - Dalam perhatian khusus | F43: 0
A44: Listrik, gas dan air - Rupiah - Kurang lancar | F44: 0
A45: Listrik, gas dan air - Rupiah - Diragukan | F45: 0
A46: Listrik, gas dan air - Rupiah - Macet | C46: 0.464 | D46: 0.464 | E46: 0.464 | F46: 0.464
A47: Jasa sosial - Rupiah - Total | F47: 0
A48: Jasa sosial - Rupiah - Lancar | F48: 0
A49: Jasa sosial - Rupiah - Dalam perhatian khusus | F49: 0
A50: Jasa sosial - Rupiah - Kurang lancar | F50: 0
A51: Jasa sosial - Rupiah - Diragukan | F51: 0
A52: Jasa sosial - Rupiah - Macet | F52: 0
A53: Pertambangan - Rupiah - Total | C53: 5.235 | D53: 5.235 | E53: 5.215 | F53: 2.461
A54: Pertambangan - Rupiah - Lancar | F54: 0
A55: Pertambangan - Rupiah - Dalam perhatian khusus | F55: 0
A56: Pertambangan - Rupiah - Kurang lancar | F56: 0
A57: Pertambangan - Rupiah - Diragukan | F57: 0
A58: Pertambangan - Rupiah - Macet | C58: 5.235 | D58: 5.235 | E58: 5.215 | F58: 2.461
A59: Properti - Rupiah - Total | C59: 0.2 | D59: 0.2 | E59: 0.2 | F59: 0
A60: Properti - Rupiah - Lancar | F60: 0
A61: Properti - Rupiah - Dalam perhatian khusus | F61: 0
A62: Properti - Rupiah - Kurang lancar | F62: 0
A63: Properti - Rupiah - Diragukan | F63: 0
A64: Properti - Rupiah - Macet | C64: 0.2 | D64: 0.2 | E64: 0.2 | F64: 0
A65: Lain-lain - Rupiah - Total
A66: Lain-lain - Rupiah - Lancar | C66: 5254.072 | D66: 5254.072 | E66: 5150.174 | F66: 5144.56
A67: Lain-lain - Rupiah - Dalam perhatian khusus | C67: 621.706 | D67: 621.706 | E67: 831.801 | F67: 812.719
A68: Lain-lain - Rupiah - Kurang lancar | C68: 55.15 | D68: 55.15 | E68: 65.218 | F68: 74.013
A69: Lain-lain - Rupiah - Diragukan | C69: 44.452 | D69: 44.452 | E69: 40.324 | F69: 47.361
A70: Lain-lain - Rupiah - Macet | C70: 28.725 | D70: 28.725 | E70: 27.31 | F70: 23.378
A71: Subtotal - Rupiah | C71: 9618.259 | D71: 9618.259 | E71: 11426.757 | F71: 13436.168
A72: Subtotal - Rupiah - Lancar | C72: 8628.763 | D72: 8628.763 | E72: 10213.347 | F72: 12251.437
A73: Subtotal - Rupiah - Dalam perhatian khusus | C73: 739.606 | D73: 739.606 | E73: 973.631 | F73: 964.24
A74: Subtotal - Rupiah - Kurang lancar | C74: 86.493 | D74: 86.493 | E74: 93.857 | F74: 99.156
A75: Subtotal - Rupiah - Diragukan | C75: 81.209 | D75: 81.209 | E75: 73.521 | F75: 60.117
A76: Subtotal - Rupiah - Macet | C76: 82.188 | D76: 82.188 | E76: 72.401 | F76: 61.218
A77: Mata uang asing
A78: Perindustrian - Mata uang asing - Total
A79: Perindustrian - Mata uang asing - Lancar
A80: Perindustrian - Mata uang asing - Dalam perhatian khusus
A81: Perindustrian - Mata uang asing - Kurang lancar
A82: Perindustrian - Mata uang asing - Diragukan
A83: Perindustrian - Mata uang asing - Macet
A84: Perdagangan, restoran dan hotel - Mata uang asing - Total
A85: Perdagangan, restoran dan hotel - Mata uang asing - Lancar
A86: Perdagangan, restoran dan hotel - Mata uang asing - Dalam perhatian khusus
A87: Perdagangan, restoran dan hotel - Mata uang asing - Kurang lancar
A88: Perdagangan, restoran dan hotel - Mata uang asing - Diragukan
... A150: Subtotal
A151: Jumlah pinjaman - Kotor - Total | C151: 9618.259 | D151: 9618.259 | E151: 11426.757 | F151: 13436.168
A152: Jumlah pinjaman - Kotor - Lancar | C152: 8628.763 | D152: 8628.763 | E152: 10213.347 | F152: 12251.437
A153: Jumlah pinjaman - Kotor - Dalam perhatian khusus | C153: 739.606 | D153: 739.606 | E153: 973.631 | F153: 964.24
A154: Jumlah pinjaman - Kotor - Kurang lancar | C154: 86.493 | D154: 86.493 | E154: 93.857 | F154: 99.156
A155: Jumlah pinjaman - Kotor - Diragukan | C155: 81.209 | D155: 81.209 | E155: 73.521 | F155: 60.117
A156: Jumlah pinjaman - Kotor - Macet | C156: 82.188 | D156: 82.188 | E156: 72.401 | F156: 61.218
A157: Cadangan kerugian penurunan nilai pada pinjaman yang diberikan - Total
A158: Cadangan kerugian penurunan nilai pada pinjaman yang diberikan - Lancar | C158: 189.468 | D158: 189.468 | E158: 229.354 | F158: 265.207
A159: Cadangan kerugian penurunan nilai pada pinjaman yang diberikan - Dalam perhatian khusus | C159: 45.072 | D159: 45.072 | E159: 46.285 | F159: 56.553
A160: Cadangan kerugian penurunan nilai pada pinjaman yang diberikan - Kurang lancar | C160: 39.536 | D160: 39.536 | E160: 29.993 | F160: 28.652
A161: Cadangan kerugian penurunan nilai pada pinjaman yang diberikan - Diragukan | C161: 73.105 | D161: 73.105 | E161: 66.685 | F161: 57.092
...

Sheet CREDIT OTHER INFORMATION
A1: Informasi Penting Lainnya
A3: Period | C3: 2024-12-31 | D3: 2025-03-31 | E3: 2025-06-30 | F3: 2026-03-31 | G3: 2026-06-30
A4: Informasi penting lainnya
A5: Tingkat suku bunga rata-rata (yield) dan kisaran bagi hasil per tahun
A6: Tingkat suku bunga rata-rata per tahun
A7: Tingkat suku bunga rata-rata per tahun rupiah | D7: 30.03 | E7: 30.03 | F7: 30.36 | G7: 46.59
A8: Tingkat suku bunga rata-rata per tahun mata uang asing
A9: Kisaran bagi hasil per tahun
A10: Kisaran bagi hasil per tahun piutang murabahan dan istishna
A11: Kisaran bagi hasil per tahun pembiayaan musyarakah
A12: Kisaran bagi hasil per tahun pembiayaan syariah lainnya
A13: Cadangan kerugian penurunan nilai
A14: Cadangan kerugian penurunan nilai, awal periode | D14: =C20 | E14: =D20 | F14: =E20 | G14: =F20 | H14: =G20 | I14: =H20 | J14: =I20 | K14: =J20 | ... AP14: =AO20
A15: Pembentukan selama tahun berjalan | D15: 337.713 | E15: 337.713 | F15: 130.874 | G15: 253.15
A16: Penghapusbukuan | D16: 290.735 | E16: 290.735 | F16: 117.85 | G16: 217.485
A17: Pemulihan pinjaman yang telah dihapusbukukan
A18: Cadangan lain-lain
A19: Dampak selisih akibat perbedaan kurs terhadap cadangan kerugian penurunan nilai pinjaman diberikan
A20: Cadangan kerugian penurunan nilai, akhir periode | C20: 371.703 | D20: 418.681 | E20: 418.681 | F20: 431.705 | G20: 454.346
A21: Rasio pinjaman
A22: Non-performing financing - gross | D22: 2.6 | E22: 2.6e-06 | F22: 2.1 | G22: 1.64e-06
A23: Non-performing financing - net | D23: 0.68 | E23: 6.8e-07 | F23: 0.73 | G23: 6.5e-07

Sheet GIRO BREAKDOWN
A1: Rincian piutang usaha berdasarkan rincian pihak
A2: 1
A3: Period | C3: 2025-03-31 | D3: 2025-06-30 | E3: 2026-03-31 | F3: 2026-06-30
A4: Rupiah
A5: Giro - Total | C5: 294.183 | D5: 294.183 | E5: 514.462 | F5: 465.774
A6: Giro - Pihak Berelasi - Total | C6: 0.122 | D6: 0.122 | E6: 40.342 | F6: 26.853
A7: Giro - Pihak Berelasi - Rupiah | C7: 0.122 | D7: 0.122 | E7: 40.342 | F7: 26.853
A8: Giro - Pihak Berelasi - Mata uang asing
A9: Giro - Pihak Ketiga - Total | C9: 294.061 | D9: 294.061 | E9: 474.12 | F9: 438.921
A10: Giro - Pihak Ketiga - Rupiah | C10: 294.061 | D10: 294.061 | E10: 474.12 | F10: 438.921
A11: Giro - Pihak Ketiga - Mata uang asing
A12: Giro wadiah - Total
A13: Giro wadiah - Pihak Berelasi - Total
A14: Giro wadiah - Pihak Berelasi - Rupiah
A15: Giro wadiah - Pihak Berelasi - Mata uang asing
A16: Giro wadiah - Pihak Ketiga - Total
A17: Giro wadiah - Pihak Ketiga - Rupiah
A18: Giro wadiah - Pihak Ketiga - Mata uang asing

Sheet SAVINGS BREAKDOWN
A1: Rincian piutang usaha berdasarkan rincian pihak
A2: 1
A3: Period | C3: 2025-03-31 | D3: 2025-06-30 | E3: 2026-03-31 | F3: 2026-06-30
A4: Rupiah
A5: Tabungan - Total | C5: 2234.514 | D5: 2234.514 | E5: 2524.169 | F5: 3011.669
A6: Tabungan - Pihak Berelasi - Total | C6: 12.319 | D6: 12.319 | E6: 12.825 | F6: 6.724
A7: Tabungan - Pihak Berelasi - Rupiah | C7: 12.319 | D7: 12.319 | E7: 12.825 | F7: 6.724
A8: Tabungan - Pihak Berelasi - Mata uang asing
A9: Tabungan - Pihak Ketiga - Total | C9: 2222.195 | D9: 2222.195 | E9: 2511.344 | F9: 3004.945
A10: Tabungan - Pihak Ketiga - Rupiah | C10: 2222.195 | D10: 2222.195 | E10: 2511.344 | F10: 3004.945
A11: Tabungan - Pihak Ketiga - Mata uang asing
A12: Tabungan wadiah - Total
A13: Tabungan wadiah - Pihak Berelasi - Total
A14: Tabungan wadiah - Pihak Berelasi - Rupiah
A15: Tabungan wadiah - Pihak Berelasi - Mata uang asing
A16: Tabungan wadiah - Pihak Ketiga - Total
A17: Tabungan wadiah - Pihak Ketiga - Rupiah
A18: Tabungan wadiah - Pihak Ketiga - Mata uang asing

Sheet TIME DEPOSITS BREAKDOWN
A1: Deposito berjangka dan deposito wakalah
A2: 1
A3: Period | C3: 2025-03-31 | D3: 2025-06-30 | E3: 2026-03-31 | F3: 2026-06-30
A4: Rupiah
A5: Deposito berjangka - Total | C5: 9298.432 | D5: 9298.432 | E5: 11405.35 | F5: 12454.411
A6: Deposito berjangka - Pihak Berelasi - Total | C6: 32.65 | D6: 32.65 | E6: 37.13 | F6: 41.615
A7: Deposito berjangka - Pihak Berelasi - Rupiah | C7: 32.65 | D7: 32.65 | E7: 37.13 | F7: 41.615
A8: Deposito berjangka - Pihak Berelasi - Mata uang asing
A9: Deposito berjangka - Pihak Ketiga - Total | C9: 9265.782 | D9: 9265.782 | E9: 11368.22 | F9: 12412.796
A10: Deposito berjangka - Pihak Ketiga - Rupiah | C10: 9265.782 | D10: 9265.782 | E10: 11368.22 | F10: 12412.796
A11: Deposito berjangka - Pihak Ketiga - Mata uang asing
A12: Deposito wakalah - Total
A13: Deposito wakalah - Pihak Berelasi - Total
A14: Deposito wakalah - Pihak Berelasi - Rupiah
A15: Deposito wakalah - Pihak Berelasi - Mata uang asing
A16: Deposito wakalah - Pihak Ketiga - Total
A17: Deposito wakalah - Pihak Ketiga - Rupiah
A18: Deposito wakalah - Pihak Ketiga - Mata uang asing

Sheet DEPOSIT INTEREST RATE
A1: Tingkat bunga rata-rata per tahun dana pihak ketiga
A3: Period | C3: 2025-03-31 | D3: 2025-06-30 | E3: 2026-03-31 | F3: 2026-06-30
A4: Tingkat bunga giro | C4: 0.58 | D4: 0,58 | E4: 0.33 | F4: 0,30
A5: Tingkat bunga giro - Rupiah | C5: 0.58 | D5: 0,58 | E5: 0.33 | F5: 0,30
A6: Tingkat bunga giro - Mata uang asing
A7: Imbal hasil giro wadiah
A8: Imbal hasil giro wadiah - Rupiah
A9: Imbal hasil giro wadiah - Mata uang asing
A10: Tingkat bunga tabungan | C10: 5.35 | D10: 5,35 | E10: 5.39 | F10: 5,19
A11: Tingkat bunga tabungan - Rupiah | C11: 5.35 | D11: 5,35 | E11: 5.39 | F11: 5,19
A12: Tingkat bunga tabungan - Mata uang asing
A13: Imbal hasil tabungan wadiah
A14: Imbal hasil tabungan wadiah - Rupiah
A15: Imbal hasil tabungan wadiah - Mata uang asing
A16: Tingkat bunga deposito berjangka | C16: 7.34 | D16: 7,34 | E16: 7.41 | F16: 7,42
A17: Tingkat bunga deposito berjangka - Rupiah | C17: 7.34 | D17: 7,34 | E17: 7.41 | F17: 7,42
A18: Tingkat bunga deposito berjangka - Mata uang asing
A19: Imbal hasil deposito wakalah
A20: Imbal hasil deposito wakalah - Rupiah
A21: Imbal hasil deposito wakalah - Mata uang asing

Sheet INTEREST REVENUE BREAKDOWN
A1: Pendapatan bunga dan syariah
A2: 1
A3: Period | C3: 2025-03-31 | D3: 2025-06-30 | E3: 2026-03-31 | F3: 2026-06-30
A4: Pendapatan bunga dan syariah
A5: Pendapatan bunga
A6: Kredit yang diberikan | C6: 287.036 | D6: 738.14 | E6: 584.421 | F6: 1209.295
A7: Obligasi pemerintah | C7: 62.702 | D7: 70.266 | E7: 106.09 | F7: 139.17
A8: Pendapatan pembiayaan konsumen
A9: Efek-efek | C9: 12.997 | D9: 28.591 | E9: 17.416 | F9: 37.752
A10: Penempatan pada Bank Indonesia dan bank lain | C10: 3.715 | D10: 67.495 | E10: 16.719 | F10: 113.455
A11: Lain-lain
A12: Subjumlah pendapatan bunga | C12: 366.45 | D12: 904.492 | E12: 724.646 | F12: 1499.672
A13: Pendapatan syariah dan pendapatan pengelolaan dana oleh bank sebagai mudharib
A14: Pendapatan keuntungan murabahah dan pendapatan bersih istishna
A15: Pendapatan bagi hasil musyarakah
A16: Pendapatan bagi hasil mudharabah
A17: Pendapatan ujrah dari pinjaman qardh
A18: Pendapatan bersih ijarah
A19: Lain-lain
A20: Subjumlah pendapatan syariah dan pendapatan pengelolaan dana oleh bank sebagai mudharib
A21: Pendapatan bunga | C21: 366.45 | D21: 904.492 | E21: 724.646 | F21: 1499.672

Sheet INTEREST REVENUE BREAKDOWN QoQ
A1: Pendapatan bunga dan syariah
A2: 1
A3: Period | C3: 2025-03-31 | D3: 2025-06-30 | E3: 2026-03-31 | F3: 2026-06-30
A4: Pendapatan bunga dan syariah
A5: Pendapatan bunga
A6: Kredit yang diberikan | C6: 287.036 | D6: 451.104 | E6: 584.421 | F6: 624.874
A7: Obligasi pemerintah | C7: 62.702 | D7: 7.564 | E7: 106.09 | F7: 33.08
A8: Pendapatan pembiayaan konsumen
A9: Efek-efek | C9: 12.997 | D9: 15.594 | E9: 17.416 | F9: 20.336
A10: Penempatan pada Bank Indonesia dan bank lain | C10: 3.715 | D10: 63.78 | E10: 16.719 | F10: 96.736
A11: Lain-lain
A12: Subjumlah pendapatan bunga | C12: 366.45 | D12: 538.042 | E12: 724.646 | F12: 775.026
A13: Pendapatan syariah dan pendapatan pengelolaan dana oleh bank sebagai mudharib
A14: Pendapatan keuntungan murabahah dan pendapatan bersih istishna
A15: Pendapatan bagi hasil musyarakah
A16: Pendapatan bagi hasil mudharabah
A17: Pendapatan ujrah dari pinjaman qardh
A18: Pendapatan bersih ijarah
A19: Lain-lain
A20: Subjumlah pendapatan syariah dan pendapatan pengelolaan dana oleh bank sebagai mudharib
A21: Pendapatan bunga | C21: 366.45 | D21: 538.042 | E21: 724.646 | F21: 775.026

Sheet INTEREST EXPENSE BREAKDOWN
A1: Beban bunga dan syariah
A2: 1
A3: Period | C3: 2025-03-31 | D3: 2025-06-30 | E3: 2026-03-31 | F3: 2026-06-30
A4: Beban bunga dan syariah
A5: Beban bunga
A6: Deposito berjangka | C6: 81.257 | D6: 191.775 | E6: 184.443 | F6: 404.643
A7: Tabungan | C7: 16.243 | D7: 35.874 | E7: 31.631 | F7: 68.794
A8: Pinjaman yang diterima | D8: 0.969 | F8: 2.522
A9: Premi penjaminan dana pihak ketiga
A10: Giro | C10: 0.044 | D10: 0.078 | E10: 0.1 | F10: 0.409
A11: Efek-efek yang diterbitkan
A12: Pinjaman dan efek-efek subordinasi
A13: Lain-lain
A14: Subjumlah beban bunga | C14: 103.461 | D14: 239.198 | E14: 221.323 | F14: 488.818
A15: Beban syariah dan hak pihak ketiga atas bagi hasil dana syirkah temporer
A16: Beban deposito mudharabah
A17: Beban tabungan mudharabah
A18: Beban giro mudharabah
A19: Beban pinjamam mudharabah
A20: Beban investasi terikat
A21: Musytarakah - mudharabah musytarakah
A22: Sertifikat investasi mudharabah antarbank
A23: Sukuk
A24: Piutang murabahah
A25: Pinjaman qardh
A26: Lain-lain
A27: Subjumlah beban syariah dan hak pihak ketiga atas bagi hasil dana syirkah temporer
A28: Jumlah beban bunga dan syariah | C28: 103.461 | D28: 239.198 | E28: 221.323 | F28: 488.818

Sheet INTEREST EXPENSE BREAKDOWN QoQ
A1: Beban bunga dan syariah
A2: 1
A3: Period | C3: 2025-03-31 | D3: 2025-06-30 | E3: 2026-03-31 | F3: 2026-06-30
A4: Beban bunga dan syariah
A5: Beban bunga
A6: Deposito berjangka | C6: 81.257 | D6: 110.518 | E6: 184.443 | F6: 220.2
A7: Tabungan | C7: 16.243 | D7: 19.631 | E7: 31.631 | F7: 37.163
A8: Pinjaman yang diterima
A9: Premi penjaminan dana pihak ketiga
A10: Giro | C10: 0.044 | D10: 0.034 | E10: 0.1 | F10: 0.309
A11: Efek-efek yang diterbitkan
A12: Pinjaman dan efek-efek subordinasi
A13: Lain-lain
A14: Subjumlah beban bunga | C14: 103.461 | D14: 135.737 | E14: 221.323 | F14: 267.495
A15: Beban syariah dan hak pihak ketiga atas bagi hasil dana syirkah temporer
A16: Beban deposito mudharabah
A17: Beban tabungan mudharabah
A18: Beban giro mudharabah
A19: Beban pinjamam mudharabah
A20: Beban investasi terikat
A21: Musytarakah - mudharabah musytarakah
A22: Sertifikat investasi mudharabah antarbank
A23: Sukuk
A24: Piutang murabahah
A25: Pinjaman qardh
A26: Lain-lain
A27: Subjumlah beban syariah dan hak pihak ketiga atas bagi hasil dana syirkah temporer
A28: Jumlah beban bunga dan syariah | C28: 103.461 | D28: 135.737 | E28: 221.323 | F28: 267.495

Sheet hidden
A1: Entitas tunggal / Single entity | B1: Ya / Yes | C1: Ya / Yes | D1: Tidak Diaudit / Unaudit | E1: Saham / Stock | F1: Local Company - Indonesia Jurisdiction | G1: Utama / Main | H1: Wajar Tanpa Modifikasian / Unqualified | I1: PSAK | J1: 1 | K1: A111. Oil & Gas Production & Refinery | L1: A11. Oil & Gas | M1: A1. Oil, Gas & Coal | N1: A. Energy | O1: Kuartal I / First Quarter | P1: Ya / Yes | Q1: Satuan Penuh / Full Amount | R1: Asuransi / Insurance | S1: Rupiah / IDR | T1: Indonesian Government
A2: Entitas grup / Group entity | B2: Tidak / No | C2: Tidak / No | D2: Ditelaah secara Terbatas / Limited Review | E2: Obligasi / Bond | F2: Joint Venture - Indonesia Jurisdiction | G2: Pengembangan / Development | H2: Wajar Dengan Pengecualian / Qualified | I2: ETAP | J2: 2 | K2: A112. Oil & Gas Storage & Distribution | L2: A12. Coal | M2: A2. Alternative Energy | N2: B. Basic Materials | O2: Kuartal II / Second Quarter | P2: Tidak / No | Q2: Ribuan / In Thousand | R2: Infrastruktur / Infrastructure | S2: Dollar Amerika / USD | T2: Individual WNI
D3: Diaudit / Audited | E3: Saham dan Obligasi / Stock and Bond | F3: Joint Venture - Non-Indonesia Jurisdiction | G3: Akselerasi / Acceleration | H3: Tidak Wajar / Adverse | J3: 3 | K3: A121. Coal Production | L3: A13. Oil, Gas & Coal Supports | M3: B1. Basic Materials | N3: C. Industrials | O3: Kuartal III / Third Quarter | Q3: Jutaan / In Million | R3: Keuangan dan Syariah / Financial and Sharia | T3: Individual Foreign, Residential
E4: Sertifikat Penitipan Efek Indonesia / Indonesian Depository Receipt | F4: Foreign Company | G4: Ekonomi Baru / New Economy | H4: Tidak Memberikan Pendapat / Disclaimer | J4: 4 | K4: A122. Coal Distribution | L4: A21. Alternative Energy Equipment | M4: C1. Industrial Goods | N4: D. Consumer Non-Cyclicals | O4: Tahunan / Annual | Q4: Miliaran / In Billion | R4: Kontrak Investasi Kolektif / Collective | T4: Individual Foreign, Non-Residential
E5: Efek Beragun Aset / Asset-Backed Securities | G5: Pemantauan Khusus / Watchlist | J5: 5 | K5: A131. Oil & Gas Drilling Service | L5: A22. Alternative Fuels | M5: C2. Industrial Services | N5: E. Consumer Cyclicals | R5: Pembiayaan / Financing | T5: National Corporation
E6: Kontrak Investasi Kolektif / Collective Investment Contract | G6: Lain-lain / Other | K6: A132. Oil, Gas & Coal Equipment & Services | L6: B11. Chemicals | M6: C3. Multi-sector Holdings | N6: F. Healthcare | R6: Properti / Property | T6: Foreign Corporation
K7: A211. Alternative Energy Equipment | L7: B12. Construction Materials | M7: D1. Food & Staples Retailing | N7: G. Financials | R7: Sekuritas / Securities | T7: National and Foreign Corporation
K8: A221. Alternative Fuels | L8: B13. Containers & Packaging | M8: D2. Food & Beverage | N8: H. Properties & Real Estate | R8: Umum / General | T8: No Controlling Shareholder
K9: B111. Basic Chemicals | L9: B14. Metals & Minerals | M9: D3. Tobacco | N9: I. Technology
K10: B112. Agricultural Chemicals | L10: B15. Forestry & Paper | M10: D4. Nondurable Household Products | N10: J. Infrastructures
K11: B113. Specialty Chemicals | L11: C11. Aerospace & Defense | M11: E1. Automobiles & Components | N11: K. Transportation & Logistic
K12: B121. Construction Materials | L12: C12. Building Products & Fixtures | M12: E2. Household Goods | N12: Z. Listed Investment Product
K13: B131. Containers & Packaging | L13: C13. Electrical | M13: E3. Leisure Goods
K14: B141. Aluminum | L14: C14. Machinery | M14: E4. Apparel & Luxury Goods
K15: B142. Cooper | L15: C21. Diversified Industrial Trading | M15: E5. Consumer Services
K16: B143. Gold | L16: C22. Commercial Services | M16: E6. Media & Entertainment
K17: B144. Iron & Steel | L17: C23. Professional Services | M17: E7. Retailing
K18: B145. Precious Metals & Minerals | L18: C31. Multi-sector Holdings | M18: F1. Healthcare Equipment & Providers
K19: B146. Diversified Metals & Minerals | L19: D11. Food & Staples Retailing | M19: F2. Pharmaceuticals & Health Care Research
K20: B147. Mining Equipment & Services | L20: D21. Beverages | M20: G1. Banks
K21: B151. Timber | L21: D22. Processed Foods | M21: G2. Financing Service
K22: B152. Paper | L22: D23. Agricultural Products | M22: G3. Investment Service
K23: B153. Diversified Forest | L23: D31. Tobacco | M23: G4. Insurance
K24: C111. Aerospace & Defense | L24: D41. Household Products | M24: G5. Holding & Investment Companies
... K35: C224. Business Support Services | L35: E62. Entertainment & Movie Production | M35: Z2. Bonds
K36: C231. Human Resource & Employment Services | L36: E71. Consumer Distributors
K37: C232. Research & Consulting Services | L37: E72. Internet & Homeshop Retail
K38: C311. Multi-sector Holdings | L38: E73. Department Stores
K39: D111. Drug Retail & Distributors | L39: E74. Specialty Retail
K40: D112. Food Retail & Distributors | L40: F11. Healthcare Equipment & Supplies
K41: D113. Supermarkets & Convenience Store | L41: F12. Healthcare Providers
K42: D211. Liquors | L42: F21. Pharmaceuticals
K43: D212. Soft Drinks | L43: F22. Healthcare Research
K44: D221. Dairy Products | L44: G11. Banks
K45: D222. Processed Foods | L45: G21. Consumer Financing
K46: D231. Fish, Meat, & Poultry | L46: G22. Business Financing
K47: D232. Plantations & Crops | L47: G31. Investment Services
... K69: E522. Consumer Support Services | L69: Z21. Bonds
K70: E611. Advertising
K71: E612. Broadcasting
K72: E613. Cable & Satellite
K73: E614. Consumer Publishing
K74: E621. Entertainment & Movie Production
K75: E711. Consumer Distributors
K76: E721. Internet & Homeshop Retail
K77: E731. Department Stores
K78: E741. Apparel & Textile Retail
K79: E742. Electronics Retail
K80: E743. Home Improvement Retail
K81: E744. Specialty Stores
... K129: Z211. Government Bonds

Sheet Token
A1: 1234567890ABCD
